Workbook

Sheet Lookup
B1: Utilization in CY 2024 (Yes or No)
B2: Yes
B3: No
B6: This table has the error messages for WS 2 and 2a:
B7: UTIL is "Yes", LAA is >= Medicare Fee | C7: Valid
B8: UTIL is "No", LAA>Fee | C8: Column has been reported as "No Utilization", however an Allowed Amount has been provided. Please check Utilization.
B9: UTIL is "Yes", LAA is < Medicare Fee | C9: Please complete Worksheet 2a for this CPT Code - May be out of compliance
B10: UTIL is "No", LAA<Fee | C10: Column has been reported as "No Utilization", however an Allowed Amount has been provided. Please check Utilization.
B11: Message when UTIL is blank and LAA non-blank | C11: Please report if there was utilization in CY 2024.
B12: UTIL is "Yes", but no LAA provided | C12: Please provide Lowest Allowed Amount.
B13: Column C has no dollar amount | C13: No Medicare Fee Available
B14: For future year (2024) - Contracted Fee is >= Medicare Fee | C14: Valid - Contracted Fee is >= Medicare Fee
B15: For future year (2024) - Contracted Fee is < Medicare Fee | C15: May be out of compliance
B16: WS 2a - col D blank, but Col E>0 | C16: Please enter an Allowed amount
B18: Error Messages in Demographic Worksheet
B19: ERROR, Membership reported for Delaware Residents must be less than Total (Delaware Residents is a subset of the Total market)
B21: This table has the Market Segment possible selections
B22: Individual Market
B23: Small Group Market
B24: Large Group Market
B25: Student Health Plan Market
B29: Please confirm the the market segment specified is consistent with Worksheets 2, 2a, 3, 3a, and 4.
B31: Error Messages in Worksheet 3a and 4:
B32: ERROR, attributed data must be a subset (lower) than total data
B33: ERROR, Professional primary care must be less than Total professional
B34: ERROR, CY 2023 (CY 2023 / CY2022) Trend doesn't match Worksheet 3a
... B37: ERROR, CY 2026 (CY 2026 / CY2025) Trend doesn't match Worksheet 3a
B40: Trend Consistency Check Tolerance | C40: 0.001
B42: This table has the error meessages for above threshold in the Overview WS, wrt WS 3
A43: Year | B43: Check Compliance of CY % of Medical is below thresholds
A44: 2021 | B44: No Check | C44: ="CY "&A44&" % of Medical below threshold" -> CY 2021 % of Medical below threshold | D44: ="CY "&A44&" is compliant" -> CY 2021 is compliant
A45: 2022 | B45: No Check | C45: ="CY "&A45&" % of Medical below threshold" -> CY 2022 % of Medical below threshold | D45: ="CY "&A45&" is compliant" -> CY 2022 is compliant
A46: 2023 | B46: 0.085 | C46: ="CY "&A46&" % of Medical below threshold" -> CY 2023 % of Medical below threshold | D46: ="CY "&A46&" is compliant" -> CY 2023 is compliant
A47: 2024 | B47: 0.1 | C47: ="CY "&A47&" % of Medical below threshold" -> CY 2024 % of Medical below threshold | D47: ="CY "&A47&" is compliant" -> CY 2024 is compliant
A48: 2025 | B48: 0.115 | C48: ="CY "&A48&" % of Medical below threshold" -> CY 2025 % of Medical below threshold | D48: ="CY "&A48&" is compliant" -> CY 2025 is compliant
A49: 2026 | B49: 0.115 | C49: ="CY "&A49&" % of Medical below threshold" -> CY 2026 % of Medical below threshold | D49: ="CY "&A49&" is compliant" -> CY 2026 is compliant
B51: This table has the thresholds for price growth cap and also the associated error messages
A52: Year | B52: IP Hos Price Trend Check | C52: OP Hos Price Trend Check | D52: Other Medical Price Trend Check | E52: Error messages | F52: No error messages
A53: 2021 | B53: No cap | C53: No cap | D53: No cap | E53: ="CY "&A53&" Price growth is above threshold" -> CY 2021 Price growth is above threshold | F53: ="CY "&A53&" is compliant" -> CY 2021 is compliant
A54: 2022 | B54: No cap | C54: No cap | D54: No cap | E54: ="CY "&A54&" Price growth is above threshold" -> CY 2022 Price growth is above threshold | F54: ="CY "&A54&" is compliant" -> CY 2022 is compliant
A55: 2023 | B55: 0.055 | C55: 0.055 | D55: 0.055 | E55: ="CY "&A55&" Price growth is above threshold" -> CY 2023 Price growth is above threshold | F55: ="CY "&A55&" is compliant" -> CY 2023 is compliant
A56: 2024 | B56: 0.0576 | C56: 0.0576 | D56: 0.0576 | E56: ="CY "&A56&" Price growth is above threshold" -> CY 2024 Price growth is above threshold | F56: ="CY "&A56&" is compliant" -> CY 2024 is compliant
A57: 2025 | B57: 0.0635 | C57: 0.0635 | D57: 0.0635 | E57: ="CY "&A57&" Price growth is above threshold" -> CY 2025 Price growth is above threshold | F57: ="CY "&A57&" is compliant" -> CY 2025 is compliant
A58: 2026 | B58: 0.055 | C58: 0.055 | D58: 0.055 | E58: ="CY "&A58&" Price growth is above threshold" -> CY 2026 Price growth is above threshold | F58: ="CY "&A58&" is compliant" -> CY 2026 is compliant
B60: Selections in WS 3b. For "Year"
B61: CY 2024
B62: Q1 2025
B65: Selections in WS 3b. For "Participating"
B66: Participating
B67: Not Participating
B70: Selections in WS 3b. For "Participating Program(s)" | C70: Error message in WS 3b. for "Participating Program(s)" other than "None", when Non-participating PCP.
B71: Carrier
B72: NCQA PCMH
B73: Primary Care First
B74: None | C74: ERROR, Data provided in this section is for Non-Participating PCPs. However, you have selected a Participating Program of something besides None. Please provide an explanation in Column O.
B75: Other
B77: Selections in WS 3b. For "Year"
B78: Audit
B79: Attestation
B80: Attestation and Audit
B81: Other
B83: Selections in WS 5. For "Inpatient" and "Outpatient"
B84: All Fixed Payments
B85: Some Fixed Payments
B86: No Fixed Payments

Sheet 1. Overview
A1: Delaware Affordability Standards Data Request Template
A2: Overview
A3: Updated: 3/14/2025
A19: Health Insurance Carrier Name:
A20: Carrier Lead Contact:
A21: Market Segment: | C21: =IF(ISBLANK($B$21),"",IF(AND(B21='3a. PC % Spend All Members'!C1,B21='3. PC %Spend DE Attributed Memb'!C1,B21='4. NonProfessional Price Growth'!C1,B21='2. Medicare Parity FFS'!B1,B21='2a. Medicare Parity FFS UP'!B1),"",Lookup!$B$29))
A25: This dashboard shows summary information and potential areas where data may have been provided in error.
A27: Worksheet 2 and 2a: Issues
A28: Issue | B28: 2024 Facility Price | C28: 2024 Non-Facility Price
A29: Lowest Allowed Amount Less Than Medicare Fee | B29: =COUNTIF('2. Medicare Parity FFS'!$F$4:$F$311,Lookup!$C$9) -> 0 | C29: =COUNTIF('2. Medicare Parity FFS'!$J$4:$J$311,Lookup!$C$9) -> 0
A30: Total Potential Underpayment | B30: ='2a. Medicare Parity FFS UP'!F2 -> 0 | C30: ='2a. Medicare Parity FFS UP'!K2 -> 0
A34: Worksheet 3: Primary Care % of Medical
A35: Year | B35: Primary Care % of Medical (from Worksheet 3) | C35: Check Compliance: % of Medical must be above threshold | D35: Worksheet 3 Check
A36: 2022 | B36: ='3. PC %Spend DE Attributed Memb'!$F$36 -> 0 | C36: =Lookup!B45 -> No Check | D36: =IF(ISNUMBER(C36),IF(B36<C36,Lookup!C45,Lookup!D45),C36) -> No Check
A37: 2023 | B37: ='3. PC %Spend DE Attributed Memb'!$K$36 -> 0 | C37: =Lookup!B46 -> 0.085 | D37: =IF(ISNUMBER(C37),IF(B37<C37,Lookup!C46,Lookup!D46),C37) -> CY 2023 % of Medical below threshold
A38: 2024 | B38: ='3. PC %Spend DE Attributed Memb'!$S$36 -> 0 | C38: =Lookup!B47 -> 0.1 | D38: =IF(ISNUMBER(C38),IF(B38<C38,Lookup!C47,Lookup!D47),C38) -> CY 2024 % of Medical below threshold
A39: 2025 | B39: ='3. PC %Spend DE Attributed Memb'!$D$73 -> 0 | C39: =Lookup!B48 -> 0.115 | D39: =IF(ISNUMBER(C39),IF(B39<C39,Lookup!C48,Lookup!D48),C39) -> CY 2025 % of Medical below threshold
A40: 2026 | B40: ='3. PC %Spend DE Attributed Memb'!$I$73 -> 0 | C40: =Lookup!B49 -> 0.115 | D40: =IF(ISNUMBER(C40),IF(B40<C40,Lookup!C49,Lookup!D49),C40) -> CY 2026 % of Medical below threshold
A44: Worksheet 3a: # of Errors
A45: 2022 | B45: =COUNTIF('3a. PC % Spend All Members'!$H$7:$H$34,Lookup!$B$32) -> 0
A46: 2023 | B46: =COUNTIF('3a. PC % Spend All Members'!$P$7:$P$34,Lookup!$B$32) -> 0
A47: 2024 | B47: =COUNTIF('3a. PC % Spend All Members'!$Z$7:$Z$34,Lookup!$B$32) -> 0
A48: 2025 | B48: =COUNTIF('3a. PC % Spend All Members'!$H$44:$H$71,Lookup!$B$32) -> 0
A49: 2026 | B49: =COUNTIF('3a. PC % Spend All Members'!$P$44:$P$71,Lookup!$B$32) -> 0
A53: Worksheet 4: # of Errors
A54: CY 2023 (CY 2023 / CY2022) | B54: =COUNTIF('4. NonProfessional Price Growth'!$M$7:$M$30,Lookup!B34) -> 0
A55: CY 2024 (CY 2024 / CY2023) | B55: =COUNTIF('4. NonProfessional Price Growth'!$S$7:$S$30,Lookup!B35) -> 0
A56: CY 2025 (CY 2025 / CY2024) | B56: =COUNTIF('4. NonProfessional Price Growth'!$G$37:$G$60,Lookup!B36) -> 0
A57: CY 2026 (CY 2026 / CY2025) | B57: =COUNTIF('4. NonProfessional Price Growth'!$M$37:$M$60,Lookup!B37) -> 0
A60: History of Hospital IP, OP, Other price trend
A61: Year | B61: IP Hos Price Trend (from Worksheet 4) | C61: OP Hos Price Trend (from Worksheet 4) | D61: Other Medical Price Trend (from Worksheet 4) | E61: IP price growth threshold | F61: OP price growth threshold | G61: Other Medical price growth threshold | H61: IP Price Growth Check | I61: OP Price Growth Check | J61: Other Medical Price Growth Check
A62: 2022 | B62: ='4. NonProfessional Price Growth'!C7 -> 0 | C62: ='4. NonProfessional Price Growth'!C8 -> 0 | D62: ='4. NonProfessional Price Growth'!C10 -> 0 | E62: =Lookup!B53 -> No cap | F62: =Lookup!C53 -> No cap | G62: =Lookup!D53 -> No cap | H62: =IF(ISNUMBER(G62),IF(E62<B62,Lookup!E53,Lookup!F53),G62) -> No cap | I62: =IF(ISNUMBER(H62),IF(F62<C62,Lookup!E53,Lookup!F53),H62) -> No cap | J62: =IF(ISNUMBER(I62),IF(F62<D62,Lookup!E53,Lookup!F53),I62) -> No cap
A63: 2023 | B63: ='4. NonProfessional Price Growth'!I7 -> 0 | C63: ='4. NonProfessional Price Growth'!I8 -> 0 | D63: ='4. NonProfessional Price Growth'!I10 -> 0 | E63: =Lookup!B55 -> 0.055 | F63: =Lookup!C55 -> 0.055 | G63: =Lookup!D55 -> 0.055 | H63: =IF(ISNUMBER(G63),IF(E63<B63,Lookup!E55,Lookup!F55),G63) -> CY 2023 is compliant | I63: =IF(ISNUMBER(H63),IF(F63<C63,Lookup!E55,Lookup!F55),H63) -> CY 2023 is compliant | J63: =IF(ISNUMBER(I63),IF(F63<D63,Lookup!E55,Lookup!F55),I63) -> CY 2023 is compliant
A64: 2024 | B64: ='4. NonProfessional Price Growth'!O7 -> 0 | C64: ='4. NonProfessional Price Growth'!O8 -> 0 | D64: ='4. NonProfessional Price Growth'!O10 -> 0 | E64: =Lookup!B56 -> 0.0576 | F64: =Lookup!C56 -> 0.0576 | G64: =Lookup!D56 -> 0.0576 | H64: =IF(ISNUMBER(G64),IF(E64<B64,Lookup!E56,Lookup!F56),G64) -> CY 2024 is compliant | I64: =IF(ISNUMBER(H64),IF(F64<C64,Lookup!E55,Lookup!F55),H64) -> CY 2024 is compliant | J64: =IF(ISNUMBER(I64),IF(F64<D64,Lookup!E55,Lookup!F55),I64) -> CY 2024 is compliant
A65: 2025 | B65: ='4. NonProfessional Price Growth'!C37 -> 0 | C65: ='4. NonProfessional Price Growth'!C38 -> 0 | D65: ='4. NonProfessional Price Growth'!C40 -> 0 | E65: =Lookup!B57 -> 0.0635 | F65: =Lookup!C57 -> 0.0635 | G65: =Lookup!D57 -> 0.0635 | H65: =IF(ISNUMBER(G65),IF(E65<B65,Lookup!E57,Lookup!F57),G65) -> CY 2025 is compliant | I65: =IF(ISNUMBER(H65),IF(F65<C65,Lookup!E56,Lookup!F56),H65) -> CY 2025 is compliant | J65: =IF(ISNUMBER(I65),IF(F65<D65,Lookup!E56,Lookup!F56),I65) -> CY 2025 is compliant
A66: 2026 | B66: ='4. NonProfessional Price Growth'!I37 -> 0 | C66: ='4. NonProfessional Price Growth'!I38 -> 0 | D66: ='4. NonProfessional Price Growth'!I40 -> 0 | E66: =Lookup!B58 -> 0.055 | F66: =Lookup!C58 -> 0.055 | G66: =Lookup!D58 -> 0.055 | H66: =IF(ISNUMBER(G66),IF(E66<B66,Lookup!E58,Lookup!F58),G66) -> CY 2026 is compliant | I66: =IF(ISNUMBER(H66),IF(F66<C66,Lookup!E57,Lookup!F57),H66) -> CY 2026 is compliant | J66: =IF(ISNUMBER(I66),IF(F66<D66,Lookup!E57,Lookup!F57),I66) -> CY 2026 is compliant

Sheet 2. Medicare Parity FFS
A1: Please Indicate Market Segment: | C1: 2024 | L1: 2025
C2: Facility Price | G2: Non-Facility Price | L2: Facility Price | O2: Non-Facility Price
A3: CPT Code | B3: Description | C3: Medicare Fee for Delaware (Non-Facility) | D3: Utilization during CY 2024 (Yes or No) | E3: Lowest Allowed Amount | F3: Check (If Lower than Medicare) | G3: Medicare Fee for Delaware (Non-Facility) | H3: Utilization during CY 2024 (Yes or No) | I3: Lowest Allowed Amount | J3: Check (If Lower than Medicare) | L3: Medicare Fee for Delaware (Non-Facility) | M3: Lowest Contracted Fee | N3: Check (If Lower than Medicare) | O3: Medicare Fee for Delaware (Non-Facility) | P3: Lowest Contracted Fee | Q3: Check (If Lower than Medicare)
A4: 10040 | B4: Acne surgery | C4: 115.95 | F4: =IF(ISNUMBER(C4),IF(OR(AND(ISBLANK(D4),ISBLANK(E4)),AND(D4="No",ISBLANK(E4))),"",IF(AND(ISBLANK(D4),ISNUMBER(E4)),Lookup!$C$11,IF(AND(D4="Yes",ISBLANK(E4)),Lookup!$C$12,IF(AND(D4="Yes",E4>=C4),Lookup!$C$7,IF(AND(D4="No",E4>=C4),Lookup!$C$8,IF(AND(D4="Yes",E4<C4),Lookup!$C$9,IF(AND(D4="No",E4<C4),Lookup!$C$10,"UnknownCase"))))))),Lookup!$C$13) | G4: 115.95 | J4: =IF(ISNUMBER(G4),IF(OR(AND(ISBLANK(H4),ISBLANK(I4)),AND(H4="No",ISBLANK(I4))),"",IF(AND(ISBLANK(H4),ISNUMBER(I4)),Lookup!$C$11,IF(AND(H4="Yes",ISBLANK(I4)),Lookup!$C$12,IF(AND(H4="Yes",I4>=G4),Lookup!$C$7,IF(AND(H4="No",I4>=G4),Lookup!$C$8,IF(AND(H4="Yes",I4<G4),Lookup!$C$9,IF(AND(H4="No",I4<G4),Lookup!$C$10,"UnknownCase"))))))),Lookup!$C$13) | L4: 112.03 | N4: =IF(ISNUMBER(L4),IF(ISBLANK(M4),"",IF(M4>=L4,Lookup!$C$14,Lookup!$C$15)),Lookup!$C$13) | O4: 112.03 | Q4: =IF(ISNUMBER(O4),IF(ISBLANK(P4),"",IF(P4>=O4,Lookup!$C$14,Lookup!$C$15)),Lookup!$C$13)
A5: 10060 | B5: Drainage Of Skin Abscess Simple | C5: 126.98 | F5: =IF(ISNUMBER(C5),IF(OR(AND(ISBLANK(D5),ISBLANK(E5)),AND(D5="No",ISBLANK(E5))),"",IF(AND(ISBLANK(D5),ISNUMBER(E5)),Lookup!$C$11,IF(AND(D5="Yes",ISBLANK(E5)),Lookup!$C$12,IF(AND(D5="Yes",E5>=C5),Lookup!$C$7,IF(AND(D5="No",E5>=C5),Lookup!$C$8,IF(AND(D5="Yes",E5<C5),Lookup!$C$9,IF(AND(D5="No",E5<C5),Lookup!$C$10,"UnknownCase"))))))),Lookup!$C$13) | G5: 126.98 | J5: =IF(ISNUMBER(G5),IF(OR(AND(ISBLANK(H5),ISBLANK(I5)),AND(H5="No",ISBLANK(I5))),"",IF(AND(ISBLANK(H5),ISNUMBER(I5)),Lookup!$C$11,IF(AND(H5="Yes",ISBLANK(I5)),Lookup!$C$12,IF(AND(H5="Yes",I5>=G5),Lookup!$C$7,IF(AND(H5="No",I5>=G5),Lookup!$C$8,IF(AND(H5="Yes",I5<G5),Lookup!$C$9,IF(AND(H5="No",I5<G5),Lookup!$C$10,"UnknownCase"))))))),Lookup!$C$13) | L5: 123.71 | N5: =IF(ISNUMBER(L5),IF(ISBLANK(M5),"",IF(M5>=L5,Lookup!$C$14,Lookup!$C$15)),Lookup!$C$13) | O5: 123.71 | Q5: =IF(ISNUMBER(O5),IF(ISBLANK(P5),"",IF(P5>=O5,Lookup!$C$14,Lookup!$C$15)),Lookup!$C$13)
A6: 10061 | B6: Drainage Of Skin Abscess Complicated | C6: 214.58 | F6: =IF(ISNUMBER(C6),IF(OR(AND(ISBLANK(D6),ISBLANK(E6)),AND(D6="No",ISBLANK(E6))),"",IF(AND(ISBLANK(D6),ISNUMBER(E6)),Lookup!$C$11,IF(AND(D6="Yes",ISBLANK(E6)),Lookup!$C$12,IF(AND(D6="Yes",E6>=C6),Lookup!$C$7,IF(AND(D6="No",E6>=C6),Lookup!$C$8,IF(AND(D6="Yes",E6<C6),Lookup!$C$9,IF(AND(D6="No",E6<C6),Lookup!$C$10,"UnknownCase"))))))),Lookup!$C$13) | G6: 214.58 | J6: =IF(ISNUMBER(G6),IF(OR(AND(ISBLANK(H6),ISBLANK(I6)),AND(H6="No",ISBLANK(I6))),"",IF(AND(ISBLANK(H6),ISNUMBER(I6)),Lookup!$C$11,IF(AND(H6="Yes",ISBLANK(I6)),Lookup!$C$12,IF(AND(H6="Yes",I6>=G6),Lookup!$C$7,IF(AND(H6="No",I6>=G6),Lookup!$C$8,IF(AND(H6="Yes",I6<G6),Lookup!$C$9,IF(AND(H6="No",I6<G6),Lookup!$C$10,"UnknownCase"))))))),Lookup!$C$13) | L6: 207.57 | N6: =IF(ISNUMBER(L6),IF(ISBLANK(M6),"",IF(M6>=L6,Lookup!$C$14,Lookup!$C$15)),Lookup!$C$13) | O6: 207.57 | Q6: =IF(ISNUMBER(O6),IF(ISBLANK(P6),"",IF(P6>=O6,Lookup!$C$14,Lookup!$C$15)),Lookup!$C$13)
A7: 10080 | B7: Drainage Of Pilonidal Cyst Simple | C7: 249.38 | F7: =IF(ISNUMBER(C7),IF(OR(AND(ISBLANK(D7),ISBLANK(E7)),AND(D7="No",ISBLANK(E7))),"",IF(AND(ISBLANK(D7),ISNUMBER(E7)),Lookup!$C$11,IF(AND(D7="Yes",ISBLANK(E7)),Lookup!$C$12,IF(AND(D7="Yes",E7>=C7),Lookup!$C$7,IF(AND(D7="No",E7>=C7),Lookup!$C$8,IF(AND(D7="Yes",E7<C7),Lookup!$C$9,IF(AND(D7="No",E7<C7),Lookup!$C$10,"UnknownCase"))))))),Lookup!$C$13) | G7: 249.38 | J7: =IF(ISNUMBER(G7),IF(OR(AND(ISBLANK(H7),ISBLANK(I7)),AND(H7="No",ISBLANK(I7))),"",IF(AND(ISBLANK(H7),ISNUMBER(I7)),Lookup!$C$11,IF(AND(H7="Yes",ISBLANK(I7)),Lookup!$C$12,IF(AND(H7="Yes",I7>=G7),Lookup!$C$7,IF(AND(H7="No",I7>=G7),Lookup!$C$8,IF(AND(H7="Yes",I7<G7),Lookup!$C$9,IF(AND(H7="No",I7<G7),Lookup!$C$10,"UnknownCase"))))))),Lookup!$C$13) | L7: 236.88 | N7: =IF(ISNUMBER(L7),IF(ISBLANK(M7),"",IF(M7>=L7,Lookup!$C$14,Lookup!$C$15)),Lookup!$C$13) | O7: 236.88 | Q7: =IF(ISNUMBER(O7),IF(ISBLANK(P7),"",IF(P7>=O7,Lookup!$C$14,Lookup!$C$15)),Lookup!$C$13)
A8: 10081 | B8: Drainage of pilonidal cyst, complicated | C8: 342.51 | F8: =IF(ISNUMBER(C8),IF(OR(AND(ISBLANK(D8),ISBLANK(E8)),AND(D8="No",ISBLANK(E8))),"",IF(AND(ISBLANK(D8),ISNUMBER(E8)),Lookup!$C$11,IF(AND(D8="Yes",ISBLANK(E8)),Lookup!$C$12,IF(AND(D8="Yes",E8>=C8),Lookup!$C$7,IF(AND(D8="No",E8>=C8),Lookup!$C$8,IF(AND(D8="Yes",E8<C8),Lookup!$C$9,IF(AND(D8="No",E8<C8),Lookup!$C$10,"UnknownCase"))))))),Lookup!$C$13) | G8: 342.51 | J8: =IF(ISNUMBER(G8),IF(OR(AND(ISBLANK(H8),ISBLANK(I8)),AND(H8="No",ISBLANK(I8))),"",IF(AND(ISBLANK(H8),ISNUMBER(I8)),Lookup!$C$11,IF(AND(H8="Yes",ISBLANK(I8)),Lookup!$C$12,IF(AND(H8="Yes",I8>=G8),Lookup!$C$7,IF(AND(H8="No",I8>=G8),Lookup!$C$8,IF(AND(H8="Yes",I8<G8),Lookup!$C$9,IF(AND(H8="No",I8<G8),Lookup!$C$10,"UnknownCase"))))))),Lookup!$C$13) | L8: 326.69 | N8: =IF(ISNUMBER(L8),IF(ISBLANK(M8),"",IF(M8>=L8,Lookup!$C$14,Lookup!$C$15)),Lookup!$C$13) | O8: 326.69 | Q8: =IF(ISNUMBER(O8),IF(ISBLANK(P8),"",IF(P8>=O8,Lookup!$C$14,Lookup!$C$15)),Lookup!$C$13)
A9: 10120 | B9: Remove Foreign Body Simple | C9: 152.04 | F9: =IF(ISNUMBER(C9),IF(OR(AND(ISBLANK(D9),ISBLANK(E9)),AND(D9="No",ISBLANK(E9))),"",IF(AND(ISBLANK(D9),ISNUMBER(E9)),Lookup!$C$11,IF(AND(D9="Yes",ISBLANK(E9)),Lookup!$C$12,IF(AND(D9="Yes",E9>=C9),Lookup!$C$7,IF(AND(D9="No",E9>=C9),Lookup!$C$8,IF(AND(D9="Yes",E9<C9),Lookup!$C$9,IF(AND(D9="No",E9<C9),Lookup!$C$10,"UnknownCase"))))))),Lookup!$C$13) | G9: 152.04 | J9: =IF(ISNUMBER(G9),IF(OR(AND(ISBLANK(H9),ISBLANK(I9)),AND(H9="No",ISBLANK(I9))),"",IF(AND(ISBLANK(H9),ISNUMBER(I9)),Lookup!$C$11,IF(AND(H9="Yes",ISBLANK(I9)),Lookup!$C$12,IF(AND(H9="Yes",I9>=G9),Lookup!$C$7,IF(AND(H9="No",I9>=G9),Lookup!$C$8,IF(AND(H9="Yes",I9<G9),Lookup!$C$9,IF(AND(H9="No",I9<G9),Lookup!$C$10,"UnknownCase"))))))),Lookup!$C$13) | L9: 146.46 | N9: =IF(ISNUMBER(L9),IF(ISBLANK(M9),"",IF(M9>=L9,Lookup!$C$14,Lookup!$C$15)),Lookup!$C$13) | O9: 146.46 | Q9: =IF(ISNUMBER(O9),IF(ISBLANK(P9),"",IF(P9>=O9,Lookup!$C$14,Lookup!$C$15)),Lookup!$C$13)
A10: 10121 | B10: Remove Foreign Body Complicated | C10: 264.16 | F10: =IF(ISNUMBER(C10),IF(OR(AND(ISBLANK(D10),ISBLANK(E10)),AND(D10="No",ISBLANK(E10))),"",IF(AND(ISBLANK(D10),ISNUMBER(E10)),Lookup!$C$11,IF(AND(D10="Yes",ISBLANK(E10)),Lookup!$C$12,IF(AND(D10="Yes",E10>=C10),Lookup!$C$7,IF(AND(D10="No",E10>=C10),Lookup!$C$8,IF(AND(D10="Yes",E10<C10),Lookup!$C$9,IF(AND(D10="No",E10<C10),Lookup!$C$10,"UnknownCase"))))))),Lookup!$C$13) | G10: 264.16 | J10: =IF(ISNUMBER(G10),IF(OR(AND(ISBLANK(H10),ISBLANK(I10)),AND(H10="No",ISBLANK(I10))),"",IF(AND(ISBLANK(H10),ISNUMBER(I10)),Lookup!$C$11,IF(AND(H10="Yes",ISBLANK(I10)),Lookup!$C$12,IF(AND(H10="Yes",I10>=G10),Lookup!$C$7,IF(AND(H10="No",I10>=G10),Lookup!$C$8,IF(AND(H10="Yes",I10<G10),Lookup!$C$9,IF(AND(H10="No",I10<G10),Lookup!$C$10,"UnknownCase"))))))),Lookup!$C$13) | L10: 256.06 | N10: =IF(ISNUMBER(L10),IF(ISBLANK(M10),"",IF(M10>=L10,Lookup!$C$14,Lookup!$C$15)),Lookup!$C$13) | O10: 256.06 | Q10: =IF(ISNUMBER(O10),IF(ISBLANK(P10),"",IF(P10>=O10,Lookup!$C$14,Lookup!$C$15)),Lookup!$C$13)
A11: 10140 | B11: Drainage of hematoma/fluid | C11: 169.66 | F11: =IF(ISNUMBER(C11),IF(OR(AND(ISBLANK(D11),ISBLANK(E11)),AND(D11="No",ISBLANK(E11))),"",IF(AND(ISBLANK(D11),ISNUMBER(E11)),Lookup!$C$11,IF(AND(D11="Yes",ISBLANK(E11)),Lookup!$C$12,IF(AND(D11="Yes",E11>=C11),Lookup!$C$7,IF(AND(D11="No",E11>=C11),Lookup!$C$8,IF(AND(D11="Yes",E11<C11),Lookup!$C$9,IF(AND(D11="No",E11<C11),Lookup!$C$10,"UnknownCase"))))))),Lookup!$C$13) | G11: 169.66 | J11: =IF(ISNUMBER(G11),IF(OR(AND(ISBLANK(H11),ISBLANK(I11)),AND(H11="No",ISBLANK(I11))),"",IF(AND(ISBLANK(H11),ISNUMBER(I11)),Lookup!$C$11,IF(AND(H11="Yes",ISBLANK(I11)),Lookup!$C$12,IF(AND(H11="Yes",I11>=G11),Lookup!$C$7,IF(AND(H11="No",I11>=G11),Lookup!$C$8,IF(AND(H11="Yes",I11<G11),Lookup!$C$9,IF(AND(H11="No",I11<G11),Lookup!$C$10,"UnknownCase"))))))),Lookup!$C$13) | L11: 163.9 | N11: =IF(ISNUMBER(L11),IF(ISBLANK(M11),"",IF(M11>=L11,Lookup!$C$14,Lookup!$C$15)),Lookup!$C$13) | O11: 163.9 | Q11: =IF(ISNUMBER(O11),IF(ISBLANK(P11),"",IF(P11>=O11,Lookup!$C$14,Lookup!$C$15)),Lookup!$C$13)
A12: 10160 | B12: Puncture Drainage Of Lesion | C12: 129.59 | F12: =IF(ISNUMBER(C12),IF(OR(AND(ISBLANK(D12),ISBLANK(E12)),AND(D12="No",ISBLANK(E12))),"",IF(AND(ISBLANK(D12),ISNUMBER(E12)),Lookup!$C$11,IF(AND(D12="Yes",ISBLANK(E12)),Lookup!$C$12,IF(AND(D12="Yes",E12>=C12),Lookup!$C$7,IF(AND(D12="No",E12>=C12),Lookup!$C$8,IF(AND(D12="Yes",E12<C12),Lookup!$C$9,IF(AND(D12="No",E12<C12),Lookup!$C$10,"UnknownCase"))))))),Lookup!$C$13) | G12: 129.59 | J12: =IF(ISNUMBER(G12),IF(OR(AND(ISBLANK(H12),ISBLANK(I12)),AND(H12="No",ISBLANK(I12))),"",IF(AND(ISBLANK(H12),ISNUMBER(I12)),Lookup!$C$11,IF(AND(H12="Yes",ISBLANK(I12)),Lookup!$C$12,IF(AND(H12="Yes",I12>=G12),Lookup!$C$7,IF(AND(H12="No",I12>=G12),Lookup!$C$8,IF(AND(H12="Yes",I12<G12),Lookup!$C$9,IF(AND(H12="No",I12<G12),Lookup!$C$10,"UnknownCase"))))))),Lookup!$C$13) | L12: 125.93 | N12: =IF(ISNUMBER(L12),IF(ISBLANK(M12),"",IF(M12>=L12,Lookup!$C$14,Lookup!$C$15)),Lookup!$C$13) | O12: 125.93 | Q12: =IF(ISNUMBER(O12),IF(ISBLANK(P12),"",IF(P12>=O12,Lookup!$C$14,Lookup!$C$15)),Lookup!$C$13)
A13: 10180 | B13: Complex drainage wound | C13: 262.1 | F13: =IF(ISNUMBER(C13),IF(OR(AND(ISBLANK(D13),ISBLANK(E13)),AND(D13="No",ISBLANK(E13))),"",IF(AND(ISBLANK(D13),ISNUMBER(E13)),Lookup!$C$11,IF(AND(D13="Yes",ISBLANK(E13)),Lookup!$C$12,IF(AND(D13="Yes",E13>=C13),Lookup!$C$7,IF(AND(D13="No",E13>=C13),Lookup!$C$8,IF(AND(D13="Yes",E13<C13),Lookup!$C$9,IF(AND(D13="No",E13<C13),Lookup!$C$10,"UnknownCase"))))))),Lookup!$C$13) | G13: 262.1 | J13: =IF(ISNUMBER(G13),IF(OR(AND(ISBLANK(H13),ISBLANK(I13)),AND(H13="No",ISBLANK(I13))),"",IF(AND(ISBLANK(H13),ISNUMBER(I13)),Lookup!$C$11,IF(AND(H13="Yes",ISBLANK(I13)),Lookup!$C$12,IF(AND(H13="Yes",I13>=G13),Lookup!$C$7,IF(AND(H13="No",I13>=G13),Lookup!$C$8,IF(AND(H13="Yes",I13<G13),Lookup!$C$9,IF(AND(H13="No",I13<G13),Lookup!$C$10,"UnknownCase"))))))),Lookup!$C$13) | L13: 254.36 | N13: =IF(ISNUMBER(L13),IF(ISBLANK(M13),"",IF(M13>=L13,Lookup!$C$14,Lookup!$C$15)),Lookup!$C$13) | O13: 254.36 | Q13: =IF(ISNUMBER(O13),IF(ISBLANK(P13),"",IF(P13>=O13,Lookup!$C$14,Lookup!$C$15)),Lookup!$C$13)
A14: 11000 | B14: Debride Infected Skin | C14: 59.05 | F14: =IF(ISNUMBER(C14),IF(OR(AND(ISBLANK(D14),ISBLANK(E14)),AND(D14="No",ISBLANK(E14))),"",IF(AND(ISBLANK(D14),ISNUMBER(E14)),Lookup!$C$11,IF(AND(D14="Yes",ISBLANK(E14)),Lookup!$C$12,IF(AND(D14="Yes",E14>=C14),Lookup!$C$7,IF(AND(D14="No",E14>=C14),Lookup!$C$8,IF(AND(D14="Yes",E14<C14),Lookup!$C$9,IF(AND(D14="No",E14<C14),Lookup!$C$10,"UnknownCase"))))))),Lookup!$C$13) | G14: 59.05 | J14: =IF(ISNUMBER(G14),IF(OR(AND(ISBLANK(H14),ISBLANK(I14)),AND(H14="No",ISBLANK(I14))),"",IF(AND(ISBLANK(H14),ISNUMBER(I14)),Lookup!$C$11,IF(AND(H14="Yes",ISBLANK(I14)),Lookup!$C$12,IF(AND(H14="Yes",I14>=G14),Lookup!$C$7,IF(AND(H14="No",I14>=G14),Lookup!$C$8,IF(AND(H14="Yes",I14<G14),Lookup!$C$9,IF(AND(H14="No",I14<G14),Lookup!$C$10,"UnknownCase"))))))),Lookup!$C$13) | L14: 56.75 | N14: =IF(ISNUMBER(L14),IF(ISBLANK(M14),"",IF(M14>=L14,Lookup!$C$14,Lookup!$C$15)),Lookup!$C$13) | O14: 56.75 | Q14: =IF(ISNUMBER(O14),IF(ISBLANK(P14),"",IF(P14>=O14,Lookup!$C$14,Lookup!$C$15)),Lookup!$C$13)
A15: 11055 | B15: Trim Skin Lesion Single | C15: 70.82 | F15: =IF(ISNUMBER(C15),IF(OR(AND(ISBLANK(D15),ISBLANK(E15)),AND(D15="No",ISBLANK(E15))),"",IF(AND(ISBLANK(D15),ISNUMBER(E15)),Lookup!$C$11,IF(AND(D15="Yes",ISBLANK(E15)),Lookup!$C$12,IF(AND(D15="Yes",E15>=C15),Lookup!$C$7,IF(AND(D15="No",E15>=C15),Lookup!$C$8,IF(AND(D15="Yes",E15<C15),Lookup!$C$9,IF(AND(D15="No",E15<C15),Lookup!$C$10,"UnknownCase"))))))),Lookup!$C$13) | G15: 70.82 | J15: =IF(ISNUMBER(G15),IF(OR(AND(ISBLANK(H15),ISBLANK(I15)),AND(H15="No",ISBLANK(I15))),"",IF(AND(ISBLANK(H15),ISNUMBER(I15)),Lookup!$C$11,IF(AND(H15="Yes",ISBLANK(I15)),Lookup!$C$12,IF(AND(H15="Yes",I15>=G15),Lookup!$C$7,IF(AND(H15="No",I15>=G15),Lookup!$C$8,IF(AND(H15="Yes",I15<G15),Lookup!$C$9,IF(AND(H15="No",I15<G15),Lookup!$C$10,"UnknownCase"))))))),Lookup!$C$13) | L15: 67.53 | N15: =IF(ISNUMBER(L15),IF(ISBLANK(M15),"",IF(M15>=L15,Lookup!$C$14,Lookup!$C$15)),Lookup!$C$13) | O15: 67.53 | Q15: =IF(ISNUMBER(O15),IF(ISBLANK(P15),"",IF(P15>=O15,Lookup!$C$14,Lookup!$C$15)),Lookup!$C$13)
... A77: 12016 | B77: Rpr fe/e/en/l/m 12.6-20.0 cm | C77: 218.02 | F77: =IF(ISNUMBER(C77),IF(OR(AND(ISBLANK(D77),ISBLANK(E77)),AND(D77="No",ISBLANK(E77))),"",IF(AND(ISBLANK(D77),ISNUMBER(E77)),Lookup!$C$11,IF(AND(D77="Yes",ISBLANK(E77)),Lookup!$C$12,IF(AND(D77="Yes",E77>=C77),Lookup!$C$7,IF(AND(D77="No",E77>=C77),Lookup!$C$8,IF(AND(D77="Yes",E77<C77),Lookup!$C$9,IF(AND(D77="No",E77<C77),Lookup!$C$10,"UnknownCase"))))))),Lookup!$C$13) | G77: 218.02 | J77: =IF(ISNUMBER(G77),IF(OR(AND(ISBLANK(H77),ISBLANK(I77)),AND(H77="No",ISBLANK(I77))),"",IF(AND(ISBLANK(H77),ISNUMBER(I77)),Lookup!$C$11,IF(AND(H77="Yes",ISBLANK(I77)),Lookup!$C$12,IF(AND(H77="Yes",I77>=G77),Lookup!$C$7,IF(AND(H77="No",I77>=G77),Lookup!$C$8,IF(AND(H77="Yes",I77<G77),Lookup!$C$9,IF(AND(H77="No",I77<G77),Lookup!$C$10,"UnknownCase"))))))),Lookup!$C$13) | L77: 213.45 | N77: =IF(ISNUMBER(L77),IF(ISBLANK(M77),"",IF(M77>=L77,Lookup!$C$14,Lookup!$C$15)),Lookup!$C$13) | O77: 213.45 | Q77: =IF(ISNUMBER(O77),IF(ISBLANK(P77),"",IF(P77>=O77,Lookup!$C$14,Lookup!$C$15)),Lookup!$C$13)
A78: 12017 | B78: Rpr fe/e/en/l/m 20.1-30.0 cm | C78: No Medicare Fee Available | F78: =IF(ISNUMBER(C78),IF(OR(AND(ISBLANK(D78),ISBLANK(E78)),AND(D78="No",ISBLANK(E78))),"",IF(AND(ISBLANK(D78),ISNUMBER(E78)),Lookup!$C$11,IF(AND(D78="Yes",ISBLANK(E78)),Lookup!$C$12,IF(AND(D78="Yes",E78>=C78),Lookup!$C$7,IF(AND(D78="No",E78>=C78),Lookup!$C$8,IF(AND(D78="Yes",E78<C78),Lookup!$C$9,IF(AND(D78="No",E78<C78),Lookup!$C$10,"UnknownCase"))))))),Lookup!$C$13) -> No Medicare Fee Available | G78: No Medicare Fee Available | J78: =IF(ISNUMBER(G78),IF(OR(AND(ISBLANK(H78),ISBLANK(I78)),AND(H78="No",ISBLANK(I78))),"",IF(AND(ISBLANK(H78),ISNUMBER(I78)),Lookup!$C$11,IF(AND(H78="Yes",ISBLANK(I78)),Lookup!$C$12,IF(AND(H78="Yes",I78>=G78),Lookup!$C$7,IF(AND(H78="No",I78>=G78),Lookup!$C$8,IF(AND(H78="Yes",I78<G78),Lookup!$C$9,IF(AND(H78="No",I78<G78),Lookup!$C$10,"UnknownCase"))))))),Lookup!$C$13) -> No Medicare Fee Available | L78: 148.42 | N78: =IF(ISNUMBER(L78),IF(ISBLANK(M78),"",IF(M78>=L78,Lookup!$C$14,Lookup!$C$15)),Lookup!$C$13) | O78: 148.42 | Q78: =IF(ISNUMBER(O78),IF(ISBLANK(P78),"",IF(P78>=O78,Lookup!$C$14,Lookup!$C$15)),Lookup!$C$13)
A79: 12018 | B79: Rpr f/e/e/n/l/m >30.0 cm | C79: No Medicare Fee Available | F79: =IF(ISNUMBER(C79),IF(OR(AND(ISBLANK(D79),ISBLANK(E79)),AND(D79="No",ISBLANK(E79))),"",IF(AND(ISBLANK(D79),ISNUMBER(E79)),Lookup!$C$11,IF(AND(D79="Yes",ISBLANK(E79)),Lookup!$C$12,IF(AND(D79="Yes",E79>=C79),Lookup!$C$7,IF(AND(D79="No",E79>=C79),Lookup!$C$8,IF(AND(D79="Yes",E79<C79),Lookup!$C$9,IF(AND(D79="No",E79<C79),Lookup!$C$10,"UnknownCase"))))))),Lookup!$C$13) -> No Medicare Fee Available | G79: No Medicare Fee Available | J79: =IF(ISNUMBER(G79),IF(OR(AND(ISBLANK(H79),ISBLANK(I79)),AND(H79="No",ISBLANK(I79))),"",IF(AND(ISBLANK(H79),ISNUMBER(I79)),Lookup!$C$11,IF(AND(H79="Yes",ISBLANK(I79)),Lookup!$C$12,IF(AND(H79="Yes",I79>=G79),Lookup!$C$7,IF(AND(H79="No",I79>=G79),Lookup!$C$8,IF(AND(H79="Yes",I79<G79),Lookup!$C$9,IF(AND(H79="No",I79<G79),Lookup!$C$10,"UnknownCase"))))))),Lookup!$C$13) -> No Medicare Fee Available | L79: 168.09 | N79: =IF(ISNUMBER(L79),IF(ISBLANK(M79),"",IF(M79>=L79,Lookup!$C$14,Lookup!$C$15)),Lookup!$C$13) | O79: 168.09 | Q79: =IF(ISNUMBER(O79),IF(ISBLANK(P79),"",IF(P79>=O79,Lookup!$C$14,Lookup!$C$15)),Lookup!$C$13)
A80: 12020 | B80: Closure of split wound | C80: 299.09 | F80: =IF(ISNUMBER(C80),IF(OR(AND(ISBLANK(D80),ISBLANK(E80)),AND(D80="No",ISBLANK(E80))),"",IF(AND(ISBLANK(D80),ISNUMBER(E80)),Lookup!$C$11,IF(AND(D80="Yes",ISBLANK(E80)),Lookup!$C$12,IF(AND(D80="Yes",E80>=C80),Lookup!$C$7,IF(AND(D80="No",E80>=C80),Lookup!$C$8,IF(AND(D80="Yes",E80<C80),Lookup!$C$9,IF(AND(D80="No",E80<C80),Lookup!$C$10,"UnknownCase"))))))),Lookup!$C$13) | G80: 299.09 | J80: =IF(ISNUMBER(G80),IF(OR(AND(ISBLANK(H80),ISBLANK(I80)),AND(H80="No",ISBLANK(I80))),"",IF(AND(ISBLANK(H80),ISNUMBER(I80)),Lookup!$C$11,IF(AND(H80="Yes",ISBLANK(I80)),Lookup!$C$12,IF(AND(H80="Yes",I80>=G80),Lookup!$C$7,IF(AND(H80="No",I80>=G80),Lookup!$C$8,IF(AND(H80="Yes",I80<G80),Lookup!$C$9,IF(AND(H80="No",I80<G80),Lookup!$C$10,"UnknownCase"))))))),Lookup!$C$13) | L80: 289.02 | N80: =IF(ISNUMBER(L80),IF(ISBLANK(M80),"",IF(M80>=L80,Lookup!$C$14,Lookup!$C$15)),Lookup!$C$13) | O80: 289.02 | Q80: =IF(ISNUMBER(O80),IF(ISBLANK(P80),"",IF(P80>=O80,Lookup!$C$14,Lookup!$C$15)),Lookup!$C$13)
A81: 12021 | B81: Closure of split wound | C81: 177.29 | F81: =IF(ISNUMBER(C81),IF(OR(AND(ISBLANK(D81),ISBLANK(E81)),AND(D81="No",ISBLANK(E81))),"",IF(AND(ISBLANK(D81),ISNUMBER(E81)),Lookup!$C$11,IF(AND(D81="Yes",ISBLANK(E81)),Lookup!$C$12,IF(AND(D81="Yes",E81>=C81),Lookup!$C$7,IF(AND(D81="No",E81>=C81),Lookup!$C$8,IF(AND(D81="Yes",E81<C81),Lookup!$C$9,IF(AND(D81="No",E81<C81),Lookup!$C$10,"UnknownCase"))))))),Lookup!$C$13) | G81: 177.29 | J81: =IF(ISNUMBER(G81),IF(OR(AND(ISBLANK(H81),ISBLANK(I81)),AND(H81="No",ISBLANK(I81))),"",IF(AND(ISBLANK(H81),ISNUMBER(I81)),Lookup!$C$11,IF(AND(H81="Yes",ISBLANK(I81)),Lookup!$C$12,IF(AND(H81="Yes",I81>=G81),Lookup!$C$7,IF(AND(H81="No",I81>=G81),Lookup!$C$8,IF(AND(H81="Yes",I81<G81),Lookup!$C$9,IF(AND(H81="No",I81<G81),Lookup!$C$10,"UnknownCase"))))))),Lookup!$C$13) | L81: 170.69 | N81: =IF(ISNUMBER(L81),IF(ISBLANK(M81),"",IF(M81>=L81,Lookup!$C$14,Lookup!$C$15)),Lookup!$C$13) | O81: 170.69 | Q81: =IF(ISNUMBER(O81),IF(ISBLANK(P81),"",IF(P81>=O81,Lookup!$C$14,Lookup!$C$15)),Lookup!$C$13)
A82: 12031 | B82: Intmd rpr s/a/t/ext 2.5 cm/< | C82: 261.97 | F82: =IF(ISNUMBER(C82),IF(OR(AND(ISBLANK(D82),ISBLANK(E82)),AND(D82="No",ISBLANK(E82))),"",IF(AND(ISBLANK(D82),ISNUMBER(E82)),Lookup!$C$11,IF(AND(D82="Yes",ISBLANK(E82)),Lookup!$C$12,IF(AND(D82="Yes",E82>=C82),Lookup!$C$7,IF(AND(D82="No",E82>=C82),Lookup!$C$8,IF(AND(D82="Yes",E82<C82),Lookup!$C$9,IF(AND(D82="No",E82<C82),Lookup!$C$10,"UnknownCase"))))))),Lookup!$C$13) | G82: 261.97 | J82: =IF(ISNUMBER(G82),IF(OR(AND(ISBLANK(H82),ISBLANK(I82)),AND(H82="No",ISBLANK(I82))),"",IF(AND(ISBLANK(H82),ISNUMBER(I82)),Lookup!$C$11,IF(AND(H82="Yes",ISBLANK(I82)),Lookup!$C$12,IF(AND(H82="Yes",I82>=G82),Lookup!$C$7,IF(AND(H82="No",I82>=G82),Lookup!$C$8,IF(AND(H82="Yes",I82<G82),Lookup!$C$9,IF(AND(H82="No",I82<G82),Lookup!$C$10,"UnknownCase"))))))),Lookup!$C$13) | L82: 251.69 | N82: =IF(ISNUMBER(L82),IF(ISBLANK(M82),"",IF(M82>=L82,Lookup!$C$14,Lookup!$C$15)),Lookup!$C$13) | O82: 251.69 | Q82: =IF(ISNUMBER(O82),IF(ISBLANK(P82),"",IF(P82>=O82,Lookup!$C$14,Lookup!$C$15)),Lookup!$C$13)
A83: 12032 | B83: Intmd rpr s/a/t/ext 2.6-7.5 | C83: 302.82 | F83: =IF(ISNUMBER(C83),IF(OR(AND(ISBLANK(D83),ISBLANK(E83)),AND(D83="No",ISBLANK(E83))),"",IF(AND(ISBLANK(D83),ISNUMBER(E83)),Lookup!$C$11,IF(AND(D83="Yes",ISBLANK(E83)),Lookup!$C$12,IF(AND(D83="Yes",E83>=C83),Lookup!$C$7,IF(AND(D83="No",E83>=C83),Lookup!$C$8,IF(AND(D83="Yes",E83<C83),Lookup!$C$9,IF(AND(D83="No",E83<C83),Lookup!$C$10,"UnknownCase"))))))),Lookup!$C$13) | G83: 302.82 | J83: =IF(ISNUMBER(G83),IF(OR(AND(ISBLANK(H83),ISBLANK(I83)),AND(H83="No",ISBLANK(I83))),"",IF(AND(ISBLANK(H83),ISNUMBER(I83)),Lookup!$C$11,IF(AND(H83="Yes",ISBLANK(I83)),Lookup!$C$12,IF(AND(H83="Yes",I83>=G83),Lookup!$C$7,IF(AND(H83="No",I83>=G83),Lookup!$C$8,IF(AND(H83="Yes",I83<G83),Lookup!$C$9,IF(AND(H83="No",I83<G83),Lookup!$C$10,"UnknownCase"))))))),Lookup!$C$13) | L83: 292.66 | N83: =IF(ISNUMBER(L83),IF(ISBLANK(M83),"",IF(M83>=L83,Lookup!$C$14,Lookup!$C$15)),Lookup!$C$13) | O83: 292.66 | Q83: =IF(ISNUMBER(O83),IF(ISBLANK(P83),"",IF(P83>=O83,Lookup!$C$14,Lookup!$C$15)),Lookup!$C$13)
A84: 12034 | B84: Intmd rpr s/tr/ext 7.6-12.5 | C84: 333.63 | F84: =IF(ISNUMBER(C84),IF(OR(AND(ISBLANK(D84),ISBLANK(E84)),AND(D84="No",ISBLANK(E84))),"",IF(AND(ISBLANK(D84),ISNUMBER(E84)),Lookup!$C$11,IF(AND(D84="Yes",ISBLANK(E84)),Lookup!$C$12,IF(AND(D84="Yes",E84>=C84),Lookup!$C$7,IF(AND(D84="No",E84>=C84),Lookup!$C$8,IF(AND(D84="Yes",E84<C84),Lookup!$C$9,IF(AND(D84="No",E84<C84),Lookup!$C$10,"UnknownCase"))))))),Lookup!$C$13) | G84: 333.63 | J84: =IF(ISNUMBER(G84),IF(OR(AND(ISBLANK(H84),ISBLANK(I84)),AND(H84="No",ISBLANK(I84))),"",IF(AND(ISBLANK(H84),ISNUMBER(I84)),Lookup!$C$11,IF(AND(H84="Yes",ISBLANK(I84)),Lookup!$C$12,IF(AND(H84="Yes",I84>=G84),Lookup!$C$7,IF(AND(H84="No",I84>=G84),Lookup!$C$8,IF(AND(H84="Yes",I84<G84),Lookup!$C$9,IF(AND(H84="No",I84<G84),Lookup!$C$10,"UnknownCase"))))))),Lookup!$C$13) | L84: 321.65 | N84: =IF(ISNUMBER(L84),IF(ISBLANK(M84),"",IF(M84>=L84,Lookup!$C$14,Lookup!$C$15)),Lookup!$C$13) | O84: 321.65 | Q84: =IF(ISNUMBER(O84),IF(ISBLANK(P84),"",IF(P84>=O84,Lookup!$C$14,Lookup!$C$15)),Lookup!$C$13)
A85: 12035 | B85: Intmd rpr s/a/t/ext 12.6-20 | C85: 387.76 | F85: =IF(ISNUMBER(C85),IF(OR(AND(ISBLANK(D85),ISBLANK(E85)),AND(D85="No",ISBLANK(E85))),"",IF(AND(ISBLANK(D85),ISNUMBER(E85)),Lookup!$C$11,IF(AND(D85="Yes",ISBLANK(E85)),Lookup!$C$12,IF(AND(D85="Yes",E85>=C85),Lookup!$C$7,IF(AND(D85="No",E85>=C85),Lookup!$C$8,IF(AND(D85="Yes",E85<C85),Lookup!$C$9,IF(AND(D85="No",E85<C85),Lookup!$C$10,"UnknownCase"))))))),Lookup!$C$13) | G85: 387.76 | J85: =IF(ISNUMBER(G85),IF(OR(AND(ISBLANK(H85),ISBLANK(I85)),AND(H85="No",ISBLANK(I85))),"",IF(AND(ISBLANK(H85),ISNUMBER(I85)),Lookup!$C$11,IF(AND(H85="Yes",ISBLANK(I85)),Lookup!$C$12,IF(AND(H85="Yes",I85>=G85),Lookup!$C$7,IF(AND(H85="No",I85>=G85),Lookup!$C$8,IF(AND(H85="Yes",I85<G85),Lookup!$C$9,IF(AND(H85="No",I85<G85),Lookup!$C$10,"UnknownCase"))))))),Lookup!$C$13) | L85: 375.83 | N85: =IF(ISNUMBER(L85),IF(ISBLANK(M85),"",IF(M85>=L85,Lookup!$C$14,Lookup!$C$15)),Lookup!$C$13) | O85: 375.83 | Q85: =IF(ISNUMBER(O85),IF(ISBLANK(P85),"",IF(P85>=O85,Lookup!$C$14,Lookup!$C$15)),Lookup!$C$13)
A86: 12036 | B86: Intmd rpr s/a/t/ext 20.1-30 | C86: 432.06 | F86: =IF(ISNUMBER(C86),IF(OR(AND(ISBLANK(D86),ISBLANK(E86)),AND(D86="No",ISBLANK(E86))),"",IF(AND(ISBLANK(D86),ISNUMBER(E86)),Lookup!$C$11,IF(AND(D86="Yes",ISBLANK(E86)),Lookup!$C$12,IF(AND(D86="Yes",E86>=C86),Lookup!$C$7,IF(AND(D86="No",E86>=C86),Lookup!$C$8,IF(AND(D86="Yes",E86<C86),Lookup!$C$9,IF(AND(D86="No",E86<C86),Lookup!$C$10,"UnknownCase"))))))),Lookup!$C$13) | G86: 432.06 | J86: =IF(ISNUMBER(G86),IF(OR(AND(ISBLANK(H86),ISBLANK(I86)),AND(H86="No",ISBLANK(I86))),"",IF(AND(ISBLANK(H86),ISNUMBER(I86)),Lookup!$C$11,IF(AND(H86="Yes",ISBLANK(I86)),Lookup!$C$12,IF(AND(H86="Yes",I86>=G86),Lookup!$C$7,IF(AND(H86="No",I86>=G86),Lookup!$C$8,IF(AND(H86="Yes",I86<G86),Lookup!$C$9,IF(AND(H86="No",I86<G86),Lookup!$C$10,"UnknownCase"))))))),Lookup!$C$13) | L86: 420.52 | N86: =IF(ISNUMBER(L86),IF(ISBLANK(M86),"",IF(M86>=L86,Lookup!$C$14,Lookup!$C$15)),Lookup!$C$13) | O86: 420.52 | Q86: =IF(ISNUMBER(O86),IF(ISBLANK(P86),"",IF(P86>=O86,Lookup!$C$14,Lookup!$C$15)),Lookup!$C$13)
A87: 12037 | B87: Intmd rpr s/tr/ext >30.0 cm | C87: 485.4 | F87: =IF(ISNUMBER(C87),IF(OR(AND(ISBLANK(D87),ISBLANK(E87)),AND(D87="No",ISBLANK(E87))),"",IF(AND(ISBLANK(D87),ISNUMBER(E87)),Lookup!$C$11,IF(AND(D87="Yes",ISBLANK(E87)),Lookup!$C$12,IF(AND(D87="Yes",E87>=C87),Lookup!$C$7,IF(AND(D87="No",E87>=C87),Lookup!$C$8,IF(AND(D87="Yes",E87<C87),Lookup!$C$9,IF(AND(D87="No",E87<C87),Lookup!$C$10,"UnknownCase"))))))),Lookup!$C$13) | G87: 485.4 | J87: =IF(ISNUMBER(G87),IF(OR(AND(ISBLANK(H87),ISBLANK(I87)),AND(H87="No",ISBLANK(I87))),"",IF(AND(ISBLANK(H87),ISNUMBER(I87)),Lookup!$C$11,IF(AND(H87="Yes",ISBLANK(I87)),Lookup!$C$12,IF(AND(H87="Yes",I87>=G87),Lookup!$C$7,IF(AND(H87="No",I87>=G87),Lookup!$C$8,IF(AND(H87="Yes",I87<G87),Lookup!$C$9,IF(AND(H87="No",I87<G87),Lookup!$C$10,"UnknownCase"))))))),Lookup!$C$13) | L87: 471.71 | N87: =IF(ISNUMBER(L87),IF(ISBLANK(M87),"",IF(M87>=L87,Lookup!$C$14,Lookup!$C$15)),Lookup!$C$13) | O87: 471.71 | Q87: =IF(ISNUMBER(O87),IF(ISBLANK(P87),"",IF(P87>=O87,Lookup!$C$14,Lookup!$C$15)),Lookup!$C$13)
A88: 12041 | B88: Intmd rpr n-hf/genit 2.5cm/< | C88: 262.67 | F88: =IF(ISNUMBER(C88),IF(OR(AND(ISBLANK(D88),ISBLANK(E88)),AND(D88="No",ISBLANK(E88))),"",IF(AND(ISBLANK(D88),ISNUMBER(E88)),Lookup!$C$11,IF(AND(D88="Yes",ISBLANK(E88)),Lookup!$C$12,IF(AND(D88="Yes",E88>=C88),Lookup!$C$7,IF(AND(D88="No",E88>=C88),Lookup!$C$8,IF(AND(D88="Yes",E88<C88),Lookup!$C$9,IF(AND(D88="No",E88<C88),Lookup!$C$10,"UnknownCase"))))))),Lookup!$C$13) | G88: 262.67 | J88: =IF(ISNUMBER(G88),IF(OR(AND(ISBLANK(H88),ISBLANK(I88)),AND(H88="No",ISBLANK(I88))),"",IF(AND(ISBLANK(H88),ISNUMBER(I88)),Lookup!$C$11,IF(AND(H88="Yes",ISBLANK(I88)),Lookup!$C$12,IF(AND(H88="Yes",I88>=G88),Lookup!$C$7,IF(AND(H88="No",I88>=G88),Lookup!$C$8,IF(AND(H88="Yes",I88<G88),Lookup!$C$9,IF(AND(H88="No",I88<G88),Lookup!$C$10,"UnknownCase"))))))),Lookup!$C$13) | L88: 252.99 | N88: =IF(ISNUMBER(L88),IF(ISBLANK(M88),"",IF(M88>=L88,Lookup!$C$14,Lookup!$C$15)),Lookup!$C$13) | O88: 252.99 | Q88: =IF(ISNUMBER(O88),IF(ISBLANK(P88),"",IF(P88>=O88,Lookup!$C$14,Lookup!$C$15)),Lookup!$C$13)
A89: 12044 | B89: Intmd rpr n-hf/genit7.6-12.5 | C89: 381.24 | F89: =IF(ISNUMBER(C89),IF(OR(AND(ISBLANK(D89),ISBLANK(E89)),AND(D89="No",ISBLANK(E89))),"",IF(AND(ISBLANK(D89),ISNUMBER(E89)),Lookup!$C$11,IF(AND(D89="Yes",ISBLANK(E89)),Lookup!$C$12,IF(AND(D89="Yes",E89>=C89),Lookup!$C$7,IF(AND(D89="No",E89>=C89),Lookup!$C$8,IF(AND(D89="Yes",E89<C89),Lookup!$C$9,IF(AND(D89="No",E89<C89),Lookup!$C$10,"UnknownCase"))))))),Lookup!$C$13) | G89: 381.24 | J89: =IF(ISNUMBER(G89),IF(OR(AND(ISBLANK(H89),ISBLANK(I89)),AND(H89="No",ISBLANK(I89))),"",IF(AND(ISBLANK(H89),ISNUMBER(I89)),Lookup!$C$11,IF(AND(H89="Yes",ISBLANK(I89)),Lookup!$C$12,IF(AND(H89="Yes",I89>=G89),Lookup!$C$7,IF(AND(H89="No",I89>=G89),Lookup!$C$8,IF(AND(H89="Yes",I89<G89),Lookup!$C$9,IF(AND(H89="No",I89<G89),Lookup!$C$10,"UnknownCase"))))))),Lookup!$C$13) | L89: 368.49 | N89: =IF(ISNUMBER(L89),IF(ISBLANK(M89),"",IF(M89>=L89,Lookup!$C$14,Lookup!$C$15)),Lookup!$C$13) | O89: 368.49 | Q89: =IF(ISNUMBER(O89),IF(ISBLANK(P89),"",IF(P89>=O89,Lookup!$C$14,Lookup!$C$15)),Lookup!$C$13)
A90: 12045 | B90: Intmd rpr n-hf/genit12.6-20 | C90: 411.92 | F90: =IF(ISNUMBER(C90),IF(OR(AND(ISBLANK(D90),ISBLANK(E90)),AND(D90="No",ISBLANK(E90))),"",IF(AND(ISBLANK(D90),ISNUMBER(E90)),Lookup!$C$11,IF(AND(D90="Yes",ISBLANK(E90)),Lookup!$C$12,IF(AND(D90="Yes",E90>=C90),Lookup!$C$7,IF(AND(D90="No",E90>=C90),Lookup!$C$8,IF(AND(D90="Yes",E90<C90),Lookup!$C$9,IF(AND(D90="No",E90<C90),Lookup!$C$10,"UnknownCase"))))))),Lookup!$C$13) | G90: 411.92 | J90: =IF(ISNUMBER(G90),IF(OR(AND(ISBLANK(H90),ISBLANK(I90)),AND(H90="No",ISBLANK(I90))),"",IF(AND(ISBLANK(H90),ISNUMBER(I90)),Lookup!$C$11,IF(AND(H90="Yes",ISBLANK(I90)),Lookup!$C$12,IF(AND(H90="Yes",I90>=G90),Lookup!$C$7,IF(AND(H90="No",I90>=G90),Lookup!$C$8,IF(AND(H90="Yes",I90<G90),Lookup!$C$9,IF(AND(H90="No",I90<G90),Lookup!$C$10,"UnknownCase"))))))),Lookup!$C$13) | L90: 398.39 | N90: =IF(ISNUMBER(L90),IF(ISBLANK(M90),"",IF(M90>=L90,Lookup!$C$14,Lookup!$C$15)),Lookup!$C$13) | O90: 398.39 | Q90: =IF(ISNUMBER(O90),IF(ISBLANK(P90),"",IF(P90>=O90,Lookup!$C$14,Lookup!$C$15)),Lookup!$C$13)
A91: 12046 | B91: Intmd rpr n-hf/genit20.1-30 | C91: 498.46 | F91: =IF(ISNUMBER(C91),IF(OR(AND(ISBLANK(D91),ISBLANK(E91)),AND(D91="No",ISBLANK(E91))),"",IF(AND(ISBLANK(D91),ISNUMBER(E91)),Lookup!$C$11,IF(AND(D91="Yes",ISBLANK(E91)),Lookup!$C$12,IF(AND(D91="Yes",E91>=C91),Lookup!$C$7,IF(AND(D91="No",E91>=C91),Lookup!$C$8,IF(AND(D91="Yes",E91<C91),Lookup!$C$9,IF(AND(D91="No",E91<C91),Lookup!$C$10,"UnknownCase"))))))),Lookup!$C$13) | G91: 498.46 | J91: =IF(ISNUMBER(G91),IF(OR(AND(ISBLANK(H91),ISBLANK(I91)),AND(H91="No",ISBLANK(I91))),"",IF(AND(ISBLANK(H91),ISNUMBER(I91)),Lookup!$C$11,IF(AND(H91="Yes",ISBLANK(I91)),Lookup!$C$12,IF(AND(H91="Yes",I91>=G91),Lookup!$C$7,IF(AND(H91="No",I91>=G91),Lookup!$C$8,IF(AND(H91="Yes",I91<G91),Lookup!$C$9,IF(AND(H91="No",I91<G91),Lookup!$C$10,"UnknownCase"))))))),Lookup!$C$13) | L91: 483.11 | N91: =IF(ISNUMBER(L91),IF(ISBLANK(M91),"",IF(M91>=L91,Lookup!$C$14,Lookup!$C$15)),Lookup!$C$13) | O91: 483.11 | Q91: =IF(ISNUMBER(O91),IF(ISBLANK(P91),"",IF(P91>=O91,Lookup!$C$14,Lookup!$C$15)),Lookup!$C$13)
... A99: 12057 | B99: Intmd rpr face/mm >30.0 cm | C99: 603.77 | F99: =IF(ISNUMBER(C99),IF(OR(AND(ISBLANK(D99),ISBLANK(E99)),AND(D99="No",ISBLANK(E99))),"",IF(AND(ISBLANK(D99),ISNUMBER(E99)),Lookup!$C$11,IF(AND(D99="Yes",ISBLANK(E99)),Lookup!$C$12,IF(AND(D99="Yes",E99>=C99),Lookup!$C$7,IF(AND(D99="No",E99>=C99),Lookup!$C$8,IF(AND(D99="Yes",E99<C99),Lookup!$C$9,IF(AND(D99="No",E99<C99),Lookup!$C$10,"UnknownCase"))))))),Lookup!$C$13) | G99: 603.77 | J99: =IF(ISNUMBER(G99),IF(OR(AND(ISBLANK(H99),ISBLANK(I99)),AND(H99="No",ISBLANK(I99))),"",IF(AND(ISBLANK(H99),ISNUMBER(I99)),Lookup!$C$11,IF(AND(H99="Yes",ISBLANK(I99)),Lookup!$C$12,IF(AND(H99="Yes",I99>=G99),Lookup!$C$7,IF(AND(H99="No",I99>=G99),Lookup!$C$8,IF(AND(H99="Yes",I99<G99),Lookup!$C$9,IF(AND(H99="No",I99<G99),Lookup!$C$10,"UnknownCase"))))))),Lookup!$C$13) | L99: 583.51 | N99: =IF(ISNUMBER(L99),IF(ISBLANK(M99),"",IF(M99>=L99,Lookup!$C$14,Lookup!$C$15)),Lookup!$C$13) | O99: 583.51 | Q99: =IF(ISNUMBER(O99),IF(ISBLANK(P99),"",IF(P99>=O99,Lookup!$C$14,Lookup!$C$15)),Lookup!$C$13)
A100: 13160 | B100: Late closure of wound | C100: No Medicare Fee Available | F100: =IF(ISNUMBER(C100),IF(OR(AND(ISBLANK(D100),ISBLANK(E100)),AND(D100="No",ISBLANK(E100))),"",IF(AND(ISBLANK(D100),ISNUMBER(E100)),Lookup!$C$11,IF(AND(D100="Yes",ISBLANK(E100)),Lookup!$C$12,IF(AND(D100="Yes",E100>=C100),Lookup!$C$7,IF(AND(D100="No",E100>=C100),Lookup!$C$8,IF(AND(D100="Yes",E100<C100),Lookup!$C$9,IF(AND(D100="No",E100<C100),Lookup!$C$10,"UnknownCase"))))))),Lookup!$C$13) -> No Medicare Fee Available | G100: No Medicare Fee Available | J100: =IF(ISNUMBER(G100),IF(OR(AND(ISBLANK(H100),ISBLANK(I100)),AND(H100="No",ISBLANK(I100))),"",IF(AND(ISBLANK(H100),ISNUMBER(I100)),Lookup!$C$11,IF(AND(H100="Yes",ISBLANK(I100)),Lookup!$C$12,IF(AND(H100="Yes",I100>=G100),Lookup!$C$7,IF(AND(H100="No",I100>=G100),Lookup!$C$8,IF(AND(H100="Yes",I100<G100),Lookup!$C$9,IF(AND(H100="No",I100<G100),Lookup!$C$10,"UnknownCase"))))))),Lookup!$C$13) -> No Medicare Fee Available | L100: 777.71 | N100: =IF(ISNUMBER(L100),IF(ISBLANK(M100),"",IF(M100>=L100,Lookup!$C$14,Lookup!$C$15)),Lookup!$C$13) | O100: 777.71 | Q100: =IF(ISNUMBER(O100),IF(ISBLANK(P100),"",IF(P100>=O100,Lookup!$C$14,Lookup!$C$15)),Lookup!$C$13)
A101: 16020 | B101: Dress/debrid p-thick burn s | C101: 85.75 | F101: =IF(ISNUMBER(C101),IF(OR(AND(ISBLANK(D101),ISBLANK(E101)),AND(D101="No",ISBLANK(E101))),"",IF(AND(ISBLANK(D101),ISNUMBER(E101)),Lookup!$C$11,IF(AND(D101="Yes",ISBLANK(E101)),Lookup!$C$12,IF(AND(D101="Yes",E101>=C101),Lookup!$C$7,IF(AND(D101="No",E101>=C101),Lookup!$C$8,IF(AND(D101="Yes",E101<C101),Lookup!$C$9,IF(AND(D101="No",E101<C101),Lookup!$C$10,"UnknownCase"))))))),Lookup!$C$13) | G101: 85.75 | J101: =IF(ISNUMBER(G101),IF(OR(AND(ISBLANK(H101),ISBLANK(I101)),AND(H101="No",ISBLANK(I101))),"",IF(AND(ISBLANK(H101),ISNUMBER(I101)),Lookup!$C$11,IF(AND(H101="Yes",ISBLANK(I101)),Lookup!$C$12,IF(AND(H101="Yes",I101>=G101),Lookup!$C$7,IF(AND(H101="No",I101>=G101),Lookup!$C$8,IF(AND(H101="Yes",I101<G101),Lookup!$C$9,IF(AND(H101="No",I101<G101),Lookup!$C$10,"UnknownCase"))))))),Lookup!$C$13) | L101: 83 | N101: =IF(ISNUMBER(L101),IF(ISBLANK(M101),"",IF(M101>=L101,Lookup!$C$14,Lookup!$C$15)),Lookup!$C$13) | O101: 83 | Q101: =IF(ISNUMBER(O101),IF(ISBLANK(P101),"",IF(P101>=O101,Lookup!$C$14,Lookup!$C$15)),Lookup!$C$13)
A102: 17106 | B102: Destruction of skin lesions | C102: 344.89 | F102: =IF(ISNUMBER(C102),IF(OR(AND(ISBLANK(D102),ISBLANK(E102)),AND(D102="No",ISBLANK(E102))),"",IF(AND(ISBLANK(D102),ISNUMBER(E102)),Lookup!$C$11,IF(AND(D102="Yes",ISBLANK(E102)),Lookup!$C$12,IF(AND(D102="Yes",E102>=C102),Lookup!$C$7,IF(AND(D102="No",E102>=C102),Lookup!$C$8,IF(AND(D102="Yes",E102<C102),Lookup!$C$9,IF(AND(D102="No",E102<C102),Lookup!$C$10,"UnknownCase"))))))),Lookup!$C$13) | G102: 344.89 | J102: =IF(ISNUMBER(G102),IF(OR(AND(ISBLANK(H102),ISBLANK(I102)),AND(H102="No",ISBLANK(I102))),"",IF(AND(ISBLANK(H102),ISNUMBER(I102)),Lookup!$C$11,IF(AND(H102="Yes",ISBLANK(I102)),Lookup!$C$12,IF(AND(H102="Yes",I102>=G102),Lookup!$C$7,IF(AND(H102="No",I102>=G102),Lookup!$C$8,IF(AND(H102="Yes",I102<G102),Lookup!$C$9,IF(AND(H102="No",I102<G102),Lookup!$C$10,"UnknownCase"))))))),Lookup!$C$13) | L102: 336.41 | N102: =IF(ISNUMBER(L102),IF(ISBLANK(M102),"",IF(M102>=L102,Lookup!$C$14,Lookup!$C$15)),Lookup!$C$13) | O102: 336.41 | Q102: =IF(ISNUMBER(O102),IF(ISBLANK(P102),"",IF(P102>=O102,Lookup!$C$14,Lookup!$C$15)),Lookup!$C$13)
A103: 17107 | B103: Destruction of skin lesions | C103: 447.41 | F103: =IF(ISNUMBER(C103),IF(OR(AND(ISBLANK(D103),ISBLANK(E103)),AND(D103="No",ISBLANK(E103))),"",IF(AND(ISBLANK(D103),ISNUMBER(E103)),Lookup!$C$11,IF(AND(D103="Yes",ISBLANK(E103)),Lookup!$C$12,IF(AND(D103="Yes",E103>=C103),Lookup!$C$7,IF(AND(D103="No",E103>=C103),Lookup!$C$8,IF(AND(D103="Yes",E103<C103),Lookup!$C$9,IF(AND(D103="No",E103<C103),Lookup!$C$10,"UnknownCase"))))))),Lookup!$C$13) | G103: 447.41 | J103: =IF(ISNUMBER(G103),IF(OR(AND(ISBLANK(H103),ISBLANK(I103)),AND(H103="No",ISBLANK(I103))),"",IF(AND(ISBLANK(H103),ISNUMBER(I103)),Lookup!$C$11,IF(AND(H103="Yes",ISBLANK(I103)),Lookup!$C$12,IF(AND(H103="Yes",I103>=G103),Lookup!$C$7,IF(AND(H103="No",I103>=G103),Lookup!$C$8,IF(AND(H103="Yes",I103<G103),Lookup!$C$9,IF(AND(H103="No",I103<G103),Lookup!$C$10,"UnknownCase"))))))),Lookup!$C$13) | L103: 437.33 | N103: =IF(ISNUMBER(L103),IF(ISBLANK(M103),"",IF(M103>=L103,Lookup!$C$14,Lookup!$C$15)),Lookup!$C$13) | O103: 437.33 | Q103: =IF(ISNUMBER(O103),IF(ISBLANK(P103),"",IF(P103>=O103,Lookup!$C$14,Lookup!$C$15)),Lookup!$C$13)
A104: 17108 | B104: Destruction of skin lesions | C104: 635.78 | F104: =IF(ISNUMBER(C104),IF(OR(AND(ISBLANK(D104),ISBLANK(E104)),AND(D104="No",ISBLANK(E104))),"",IF(AND(ISBLANK(D104),ISNUMBER(E104)),Lookup!$C$11,IF(AND(D104="Yes",ISBLANK(E104)),Lookup!$C$12,IF(AND(D104="Yes",E104>=C104),Lookup!$C$7,IF(AND(D104="No",E104>=C104),Lookup!$C$8,IF(AND(D104="Yes",E104<C104),Lookup!$C$9,IF(AND(D104="No",E104<C104),Lookup!$C$10,"UnknownCase"))))))),Lookup!$C$13) | G104: 635.78 | J104: =IF(ISNUMBER(G104),IF(OR(AND(ISBLANK(H104),ISBLANK(I104)),AND(H104="No",ISBLANK(I104))),"",IF(AND(ISBLANK(H104),ISNUMBER(I104)),Lookup!$C$11,IF(AND(H104="Yes",ISBLANK(I104)),Lookup!$C$12,IF(AND(H104="Yes",I104>=G104),Lookup!$C$7,IF(AND(H104="No",I104>=G104),Lookup!$C$8,IF(AND(H104="Yes",I104<G104),Lookup!$C$9,IF(AND(H104="No",I104<G104),Lookup!$C$10,"UnknownCase"))))))),Lookup!$C$13) | L104: 620.42 | N104: =IF(ISNUMBER(L104),IF(ISBLANK(M104),"",IF(M104>=L104,Lookup!$C$14,Lookup!$C$15)),Lookup!$C$13) | O104: 620.42 | Q104: =IF(ISNUMBER(O104),IF(ISBLANK(P104),"",IF(P104>=O104,Lookup!$C$14,Lookup!$C$15)),Lookup!$C$13)
A105: 19000 | B105: Drainage Of Breast Lesion | C105: 99.71 | F105: =IF(ISNUMBER(C105),IF(OR(AND(ISBLANK(D105),ISBLANK(E105)),AND(D105="No",ISBLANK(E105))),"",IF(AND(ISBLANK(D105),ISNUMBER(E105)),Lookup!$C$11,IF(AND(D105="Yes",ISBLANK(E105)),Lookup!$C$12,IF(AND(D105="Yes",E105>=C105),Lookup!$C$7,IF(AND(D105="No",E105>=C105),Lookup!$C$8,IF(AND(D105="Yes",E105<C105),Lookup!$C$9,IF(AND(D105="No",E105<C105),Lookup!$C$10,"UnknownCase"))))))),Lookup!$C$13) | G105: 99.71 | J105: =IF(ISNUMBER(G105),IF(OR(AND(ISBLANK(H105),ISBLANK(I105)),AND(H105="No",ISBLANK(I105))),"",IF(AND(ISBLANK(H105),ISNUMBER(I105)),Lookup!$C$11,IF(AND(H105="Yes",ISBLANK(I105)),Lookup!$C$12,IF(AND(H105="Yes",I105>=G105),Lookup!$C$7,IF(AND(H105="No",I105>=G105),Lookup!$C$8,IF(AND(H105="Yes",I105<G105),Lookup!$C$9,IF(AND(H105="No",I105<G105),Lookup!$C$10,"UnknownCase"))))))),Lookup!$C$13) | L105: 93.67 | N105: =IF(ISNUMBER(L105),IF(ISBLANK(M105),"",IF(M105>=L105,Lookup!$C$14,Lookup!$C$15)),Lookup!$C$13) | O105: 93.67 | Q105: =IF(ISNUMBER(O105),IF(ISBLANK(P105),"",IF(P105>=O105,Lookup!$C$14,Lookup!$C$15)),Lookup!$C$13)
A106: 20520 | B106: Removal Of Foreign Body Simple | C106: 217.94 | F106: =IF(ISNUMBER(C106),IF(OR(AND(ISBLANK(D106),ISBLANK(E106)),AND(D106="No",ISBLANK(E106))),"",IF(AND(ISBLANK(D106),ISNUMBER(E106)),Lookup!$C$11,IF(AND(D106="Yes",ISBLANK(E106)),Lookup!$C$12,IF(AND(D106="Yes",E106>=C106),Lookup!$C$7,IF(AND(D106="No",E106>=C106),Lookup!$C$8,IF(AND(D106="Yes",E106<C106),Lookup!$C$9,IF(AND(D106="No",E106<C106),Lookup!$C$10,"UnknownCase"))))))),Lookup!$C$13) | G106: 217.94 | J106: =IF(ISNUMBER(G106),IF(OR(AND(ISBLANK(H106),ISBLANK(I106)),AND(H106="No",ISBLANK(I106))),"",IF(AND(ISBLANK(H106),ISNUMBER(I106)),Lookup!$C$11,IF(AND(H106="Yes",ISBLANK(I106)),Lookup!$C$12,IF(AND(H106="Yes",I106>=G106),Lookup!$C$7,IF(AND(H106="No",I106>=G106),Lookup!$C$8,IF(AND(H106="Yes",I106<G106),Lookup!$C$9,IF(AND(H106="No",I106<G106),Lookup!$C$10,"UnknownCase"))))))),Lookup!$C$13) | L106: 211.14 | N106: =IF(ISNUMBER(L106),IF(ISBLANK(M106),"",IF(M106>=L106,Lookup!$C$14,Lookup!$C$15)),Lookup!$C$13) | O106: 211.14 | Q106: =IF(ISNUMBER(O106),IF(ISBLANK(P106),"",IF(P106>=O106,Lookup!$C$14,Lookup!$C$15)),Lookup!$C$13)
A107: 20550 | B107: Inj Tendon Sheath/Ligament | C107: 57.74 | F107: =IF(ISNUMBER(C107),IF(OR(AND(ISBLANK(D107),ISBLANK(E107)),AND(D107="No",ISBLANK(E107))),"",IF(AND(ISBLANK(D107),ISNUMBER(E107)),Lookup!$C$11,IF(AND(D107="Yes",ISBLANK(E107)),Lookup!$C$12,IF(AND(D107="Yes",E107>=C107),Lookup!$C$7,IF(AND(D107="No",E107>=C107),Lookup!$C$8,IF(AND(D107="Yes",E107<C107),Lookup!$C$9,IF(AND(D107="No",E107<C107),Lookup!$C$10,"UnknownCase"))))))),Lookup!$C$13) | G107: 57.74 | J107: =IF(ISNUMBER(G107),IF(OR(AND(ISBLANK(H107),ISBLANK(I107)),AND(H107="No",ISBLANK(I107))),"",IF(AND(ISBLANK(H107),ISNUMBER(I107)),Lookup!$C$11,IF(AND(H107="Yes",ISBLANK(I107)),Lookup!$C$12,IF(AND(H107="Yes",I107>=G107),Lookup!$C$7,IF(AND(H107="No",I107>=G107),Lookup!$C$8,IF(AND(H107="Yes",I107<G107),Lookup!$C$9,IF(AND(H107="No",I107<G107),Lookup!$C$10,"UnknownCase"))))))),Lookup!$C$13) | L107: 56.43 | N107: =IF(ISNUMBER(L107),IF(ISBLANK(M107),"",IF(M107>=L107,Lookup!$C$14,Lookup!$C$15)),Lookup!$C$13) | O107: 56.43 | Q107: =IF(ISNUMBER(O107),IF(ISBLANK(P107),"",IF(P107>=O107,Lookup!$C$14,Lookup!$C$15)),Lookup!$C$13)
A108: 20551 | B108: Inj Tendon Origin/Insertion | C108: 57.42 | F108: =IF(ISNUMBER(C108),IF(OR(AND(ISBLANK(D108),ISBLANK(E108)),AND(D108="No",ISBLANK(E108))),"",IF(AND(ISBLANK(D108),ISNUMBER(E108)),Lookup!$C$11,IF(AND(D108="Yes",ISBLANK(E108)),Lookup!$C$12,IF(AND(D108="Yes",E108>=C108),Lookup!$C$7,IF(AND(D108="No",E108>=C108),Lookup!$C$8,IF(AND(D108="Yes",E108<C108),Lookup!$C$9,IF(AND(D108="No",E108<C108),Lookup!$C$10,"UnknownCase"))))))),Lookup!$C$13) | G108: 57.42 | J108: =IF(ISNUMBER(G108),IF(OR(AND(ISBLANK(H108),ISBLANK(I108)),AND(H108="No",ISBLANK(I108))),"",IF(AND(ISBLANK(H108),ISNUMBER(I108)),Lookup!$C$11,IF(AND(H108="Yes",ISBLANK(I108)),Lookup!$C$12,IF(AND(H108="Yes",I108>=G108),Lookup!$C$7,IF(AND(H108="No",I108>=G108),Lookup!$C$8,IF(AND(H108="Yes",I108<G108),Lookup!$C$9,IF(AND(H108="No",I108<G108),Lookup!$C$10,"UnknownCase"))))))),Lookup!$C$13) | L108: 55.81 | N108: =IF(ISNUMBER(L108),IF(ISBLANK(M108),"",IF(M108>=L108,Lookup!$C$14,Lookup!$C$15)),Lookup!$C$13) | O108: 55.81 | Q108: =IF(ISNUMBER(O108),IF(ISBLANK(P108),"",IF(P108>=O108,Lookup!$C$14,Lookup!$C$15)),Lookup!$C$13)
A109: 20552 | B109: Inj Trigger Point 1/2 Muscl | C109: 52.43 | F109: =IF(ISNUMBER(C109),IF(OR(AND(ISBLANK(D109),ISBLANK(E109)),AND(D109="No",ISBLANK(E109))),"",IF(AND(ISBLANK(D109),ISNUMBER(E109)),Lookup!$C$11,IF(AND(D109="Yes",ISBLANK(E109)),Lookup!$C$12,IF(AND(D109="Yes",E109>=C109),Lookup!$C$7,IF(AND(D109="No",E109>=C109),Lookup!$C$8,IF(AND(D109="Yes",E109<C109),Lookup!$C$9,IF(AND(D109="No",E109<C109),Lookup!$C$10,"UnknownCase"))))))),Lookup!$C$13) | G109: 52.43 | J109: =IF(ISNUMBER(G109),IF(OR(AND(ISBLANK(H109),ISBLANK(I109)),AND(H109="No",ISBLANK(I109))),"",IF(AND(ISBLANK(H109),ISNUMBER(I109)),Lookup!$C$11,IF(AND(H109="Yes",ISBLANK(I109)),Lookup!$C$12,IF(AND(H109="Yes",I109>=G109),Lookup!$C$7,IF(AND(H109="No",I109>=G109),Lookup!$C$8,IF(AND(H109="Yes",I109<G109),Lookup!$C$9,IF(AND(H109="No",I109<G109),Lookup!$C$10,"UnknownCase"))))))),Lookup!$C$13) | L109: 50.64 | N109: =IF(ISNUMBER(L109),IF(ISBLANK(M109),"",IF(M109>=L109,Lookup!$C$14,Lookup!$C$15)),Lookup!$C$13) | O109: 50.64 | Q109: =IF(ISNUMBER(O109),IF(ISBLANK(P109),"",IF(P109>=O109,Lookup!$C$14,Lookup!$C$15)),Lookup!$C$13)
A110: 20553 | B110: Inject Trigger Points 3/> | C110: 60.39 | F110: =IF(ISNUMBER(C110),IF(OR(AND(ISBLANK(D110),ISBLANK(E110)),AND(D110="No",ISBLANK(E110))),"",IF(AND(ISBLANK(D110),ISNUMBER(E110)),Lookup!$C$11,IF(AND(D110="Yes",ISBLANK(E110)),Lookup!$C$12,IF(AND(D110="Yes",E110>=C110),Lookup!$C$7,IF(AND(D110="No",E110>=C110),Lookup!$C$8,IF(AND(D110="Yes",E110<C110),Lookup!$C$9,IF(AND(D110="No",E110<C110),Lookup!$C$10,"UnknownCase"))))))),Lookup!$C$13) | G110: 60.39 | J110: =IF(ISNUMBER(G110),IF(OR(AND(ISBLANK(H110),ISBLANK(I110)),AND(H110="No",ISBLANK(I110))),"",IF(AND(ISBLANK(H110),ISNUMBER(I110)),Lookup!$C$11,IF(AND(H110="Yes",ISBLANK(I110)),Lookup!$C$12,IF(AND(H110="Yes",I110>=G110),Lookup!$C$7,IF(AND(H110="No",I110>=G110),Lookup!$C$8,IF(AND(H110="Yes",I110<G110),Lookup!$C$9,IF(AND(H110="No",I110<G110),Lookup!$C$10,"UnknownCase"))))))),Lookup!$C$13) | L110: 58.38 | N110: =IF(ISNUMBER(L110),IF(ISBLANK(M110),"",IF(M110>=L110,Lookup!$C$14,Lookup!$C$15)),Lookup!$C$13) | O110: 58.38 | Q110: =IF(ISNUMBER(O110),IF(ISBLANK(P110),"",IF(P110>=O110,Lookup!$C$14,Lookup!$C$15)),Lookup!$C$13)
A111: 20600 | B111: Drain/Inj Joint/Bursa W/O Us Small | C111: 53.74 | F111: =IF(ISNUMBER(C111),IF(OR(AND(ISBLANK(D111),ISBLANK(E111)),AND(D111="No",ISBLANK(E111))),"",IF(AND(ISBLANK(D111),ISNUMBER(E111)),Lookup!$C$11,IF(AND(D111="Yes",ISBLANK(E111)),Lookup!$C$12,IF(AND(D111="Yes",E111>=C111),Lookup!$C$7,IF(AND(D111="No",E111>=C111),Lookup!$C$8,IF(AND(D111="Yes",E111<C111),Lookup!$C$9,IF(AND(D111="No",E111<C111),Lookup!$C$10,"UnknownCase"))))))),Lookup!$C$13) | G111: 53.74 | J111: =IF(ISNUMBER(G111),IF(OR(AND(ISBLANK(H111),ISBLANK(I111)),AND(H111="No",ISBLANK(I111))),"",IF(AND(ISBLANK(H111),ISNUMBER(I111)),Lookup!$C$11,IF(AND(H111="Yes",ISBLANK(I111)),Lookup!$C$12,IF(AND(H111="Yes",I111>=G111),Lookup!$C$7,IF(AND(H111="No",I111>=G111),Lookup!$C$8,IF(AND(H111="Yes",I111<G111),Lookup!$C$9,IF(AND(H111="No",I111<G111),Lookup!$C$10,"UnknownCase"))))))),Lookup!$C$13) | L111: 52.23 | N111: =IF(ISNUMBER(L111),IF(ISBLANK(M111),"",IF(M111>=L111,Lookup!$C$14,Lookup!$C$15)),Lookup!$C$13) | O111: 52.23 | Q111: =IF(ISNUMBER(O111),IF(ISBLANK(P111),"",IF(P111>=O111,Lookup!$C$14,Lookup!$C$15)),Lookup!$C$13)
A112: 20604 | B112: Drain/inj joint/bursa w/us | C112: 82.58 | F112: =IF(ISNUMBER(C112),IF(OR(AND(ISBLANK(D112),ISBLANK(E112)),AND(D112="No",ISBLANK(E112))),"",IF(AND(ISBLANK(D112),ISNUMBER(E112)),Lookup!$C$11,IF(AND(D112="Yes",ISBLANK(E112)),Lookup!$C$12,IF(AND(D112="Yes",E112>=C112),Lookup!$C$7,IF(AND(D112="No",E112>=C112),Lookup!$C$8,IF(AND(D112="Yes",E112<C112),Lookup!$C$9,IF(AND(D112="No",E112<C112),Lookup!$C$10,"UnknownCase"))))))),Lookup!$C$13) | G112: 82.58 | J112: =IF(ISNUMBER(G112),IF(OR(AND(ISBLANK(H112),ISBLANK(I112)),AND(H112="No",ISBLANK(I112))),"",IF(AND(ISBLANK(H112),ISNUMBER(I112)),Lookup!$C$11,IF(AND(H112="Yes",ISBLANK(I112)),Lookup!$C$12,IF(AND(H112="Yes",I112>=G112),Lookup!$C$7,IF(AND(H112="No",I112>=G112),Lookup!$C$8,IF(AND(H112="Yes",I112<G112),Lookup!$C$9,IF(AND(H112="No",I112<G112),Lookup!$C$10,"UnknownCase"))))))),Lookup!$C$13) | L112: 80.54 | N112: =IF(ISNUMBER(L112),IF(ISBLANK(M112),"",IF(M112>=L112,Lookup!$C$14,Lookup!$C$15)),Lookup!$C$13) | O112: 80.54 | Q112: =IF(ISNUMBER(O112),IF(ISBLANK(P112),"",IF(P112>=O112,Lookup!$C$14,Lookup!$C$15)),Lookup!$C$13)
... A119: 27096 | B119: Inject sacroiliac joint | C119: 163.43 | F119: =IF(ISNUMBER(C119),IF(OR(AND(ISBLANK(D119),ISBLANK(E119)),AND(D119="No",ISBLANK(E119))),"",IF(AND(ISBLANK(D119),ISNUMBER(E119)),Lookup!$C$11,IF(AND(D119="Yes",ISBLANK(E119)),Lookup!$C$12,IF(AND(D119="Yes",E119>=C119),Lookup!$C$7,IF(AND(D119="No",E119>=C119),Lookup!$C$8,IF(AND(D119="Yes",E119<C119),Lookup!$C$9,IF(AND(D119="No",E119<C119),Lookup!$C$10,"UnknownCase"))))))),Lookup!$C$13) | G119: 163.43 | J119: =IF(ISNUMBER(G119),IF(OR(AND(ISBLANK(H119),ISBLANK(I119)),AND(H119="No",ISBLANK(I119))),"",IF(AND(ISBLANK(H119),ISNUMBER(I119)),Lookup!$C$11,IF(AND(H119="Yes",ISBLANK(I119)),Lookup!$C$12,IF(AND(H119="Yes",I119>=G119),Lookup!$C$7,IF(AND(H119="No",I119>=G119),Lookup!$C$8,IF(AND(H119="Yes",I119<G119),Lookup!$C$9,IF(AND(H119="No",I119<G119),Lookup!$C$10,"UnknownCase"))))))),Lookup!$C$13) | L119: 158.48 | N119: =IF(ISNUMBER(L119),IF(ISBLANK(M119),"",IF(M119>=L119,Lookup!$C$14,Lookup!$C$15)),Lookup!$C$13) | O119: 158.48 | Q119: =IF(ISNUMBER(O119),IF(ISBLANK(P119),"",IF(P119>=O119,Lookup!$C$14,Lookup!$C$15)),Lookup!$C$13)
A120: 29105 | B120: Apply long arm splint | C120: No Medicare Fee Available | F120: =IF(ISNUMBER(C120),IF(OR(AND(ISBLANK(D120),ISBLANK(E120)),AND(D120="No",ISBLANK(E120))),"",IF(AND(ISBLANK(D120),ISNUMBER(E120)),Lookup!$C$11,IF(AND(D120="Yes",ISBLANK(E120)),Lookup!$C$12,IF(AND(D120="Yes",E120>=C120),Lookup!$C$7,IF(AND(D120="No",E120>=C120),Lookup!$C$8,IF(AND(D120="Yes",E120<C120),Lookup!$C$9,IF(AND(D120="No",E120<C120),Lookup!$C$10,"UnknownCase"))))))),Lookup!$C$13) -> No Medicare Fee Available | G120: No Medicare Fee Available | J120: =IF(ISNUMBER(G120),IF(OR(AND(ISBLANK(H120),ISBLANK(I120)),AND(H120="No",ISBLANK(I120))),"",IF(AND(ISBLANK(H120),ISNUMBER(I120)),Lookup!$C$11,IF(AND(H120="Yes",ISBLANK(I120)),Lookup!$C$12,IF(AND(H120="Yes",I120>=G120),Lookup!$C$7,IF(AND(H120="No",I120>=G120),Lookup!$C$8,IF(AND(H120="Yes",I120<G120),Lookup!$C$9,IF(AND(H120="No",I120<G120),Lookup!$C$10,"UnknownCase"))))))),Lookup!$C$13) -> No Medicare Fee Available | L120: 82.68 | N120: =IF(ISNUMBER(L120),IF(ISBLANK(M120),"",IF(M120>=L120,Lookup!$C$14,Lookup!$C$15)),Lookup!$C$13) | O120: 82.68 | Q120: =IF(ISNUMBER(O120),IF(ISBLANK(P120),"",IF(P120>=O120,Lookup!$C$14,Lookup!$C$15)),Lookup!$C$13)
A121: 29125 | B121: Apply forearm splint | C121: 67.85 | F121: =IF(ISNUMBER(C121),IF(OR(AND(ISBLANK(D121),ISBLANK(E121)),AND(D121="No",ISBLANK(E121))),"",IF(AND(ISBLANK(D121),ISNUMBER(E121)),Lookup!$C$11,IF(AND(D121="Yes",ISBLANK(E121)),Lookup!$C$12,IF(AND(D121="Yes",E121>=C121),Lookup!$C$7,IF(AND(D121="No",E121>=C121),Lookup!$C$8,IF(AND(D121="Yes",E121<C121),Lookup!$C$9,IF(AND(D121="No",E121<C121),Lookup!$C$10,"UnknownCase"))))))),Lookup!$C$13) | G121: 67.85 | J121: =IF(ISNUMBER(G121),IF(OR(AND(ISBLANK(H121),ISBLANK(I121)),AND(H121="No",ISBLANK(I121))),"",IF(AND(ISBLANK(H121),ISNUMBER(I121)),Lookup!$C$11,IF(AND(H121="Yes",ISBLANK(I121)),Lookup!$C$12,IF(AND(H121="Yes",I121>=G121),Lookup!$C$7,IF(AND(H121="No",I121>=G121),Lookup!$C$8,IF(AND(H121="Yes",I121<G121),Lookup!$C$9,IF(AND(H121="No",I121<G121),Lookup!$C$10,"UnknownCase"))))))),Lookup!$C$13) | L121: 66.91 | N121: =IF(ISNUMBER(L121),IF(ISBLANK(M121),"",IF(M121>=L121,Lookup!$C$14,Lookup!$C$15)),Lookup!$C$13) | O121: 66.91 | Q121: =IF(ISNUMBER(O121),IF(ISBLANK(P121),"",IF(P121>=O121,Lookup!$C$14,Lookup!$C$15)),Lookup!$C$13)
A122: 29126 | B122: Apply forearm splint | C122: 79.49 | F122: =IF(ISNUMBER(C122),IF(OR(AND(ISBLANK(D122),ISBLANK(E122)),AND(D122="No",ISBLANK(E122))),"",IF(AND(ISBLANK(D122),ISNUMBER(E122)),Lookup!$C$11,IF(AND(D122="Yes",ISBLANK(E122)),Lookup!$C$12,IF(AND(D122="Yes",E122>=C122),Lookup!$C$7,IF(AND(D122="No",E122>=C122),Lookup!$C$8,IF(AND(D122="Yes",E122<C122),Lookup!$C$9,IF(AND(D122="No",E122<C122),Lookup!$C$10,"UnknownCase"))))))),Lookup!$C$13) | G122: 79.49 | J122: =IF(ISNUMBER(G122),IF(OR(AND(ISBLANK(H122),ISBLANK(I122)),AND(H122="No",ISBLANK(I122))),"",IF(AND(ISBLANK(H122),ISNUMBER(I122)),Lookup!$C$11,IF(AND(H122="Yes",ISBLANK(I122)),Lookup!$C$12,IF(AND(H122="Yes",I122>=G122),Lookup!$C$7,IF(AND(H122="No",I122>=G122),Lookup!$C$8,IF(AND(H122="Yes",I122<G122),Lookup!$C$9,IF(AND(H122="No",I122<G122),Lookup!$C$10,"UnknownCase"))))))),Lookup!$C$13) | L122: 78.85 | N122: =IF(ISNUMBER(L122),IF(ISBLANK(M122),"",IF(M122>=L122,Lookup!$C$14,Lookup!$C$15)),Lookup!$C$13) | O122: 78.85 | Q122: =IF(ISNUMBER(O122),IF(ISBLANK(P122),"",IF(P122>=O122,Lookup!$C$14,Lookup!$C$15)),Lookup!$C$13)
A123: 29130 | B123: Application of finger splint | C123: 42.42 | F123: =IF(ISNUMBER(C123),IF(OR(AND(ISBLANK(D123),ISBLANK(E123)),AND(D123="No",ISBLANK(E123))),"",IF(AND(ISBLANK(D123),ISNUMBER(E123)),Lookup!$C$11,IF(AND(D123="Yes",ISBLANK(E123)),Lookup!$C$12,IF(AND(D123="Yes",E123>=C123),Lookup!$C$7,IF(AND(D123="No",E123>=C123),Lookup!$C$8,IF(AND(D123="Yes",E123<C123),Lookup!$C$9,IF(AND(D123="No",E123<C123),Lookup!$C$10,"UnknownCase"))))))),Lookup!$C$13) | G123: 42.42 | J123: =IF(ISNUMBER(G123),IF(OR(AND(ISBLANK(H123),ISBLANK(I123)),AND(H123="No",ISBLANK(I123))),"",IF(AND(ISBLANK(H123),ISNUMBER(I123)),Lookup!$C$11,IF(AND(H123="Yes",ISBLANK(I123)),Lookup!$C$12,IF(AND(H123="Yes",I123>=G123),Lookup!$C$7,IF(AND(H123="No",I123>=G123),Lookup!$C$8,IF(AND(H123="Yes",I123<G123),Lookup!$C$9,IF(AND(H123="No",I123<G123),Lookup!$C$10,"UnknownCase"))))))),Lookup!$C$13) | L123: 41.88 | N123: =IF(ISNUMBER(L123),IF(ISBLANK(M123),"",IF(M123>=L123,Lookup!$C$14,Lookup!$C$15)),Lookup!$C$13) | O123: 41.88 | Q123: =IF(ISNUMBER(O123),IF(ISBLANK(P123),"",IF(P123>=O123,Lookup!$C$14,Lookup!$C$15)),Lookup!$C$13)
A124: 29131 | B124: Application of finger splint | C124: 54.67 | F124: =IF(ISNUMBER(C124),IF(OR(AND(ISBLANK(D124),ISBLANK(E124)),AND(D124="No",ISBLANK(E124))),"",IF(AND(ISBLANK(D124),ISNUMBER(E124)),Lookup!$C$11,IF(AND(D124="Yes",ISBLANK(E124)),Lookup!$C$12,IF(AND(D124="Yes",E124>=C124),Lookup!$C$7,IF(AND(D124="No",E124>=C124),Lookup!$C$8,IF(AND(D124="Yes",E124<C124),Lookup!$C$9,IF(AND(D124="No",E124<C124),Lookup!$C$10,"UnknownCase"))))))),Lookup!$C$13) | G124: 54.67 | J124: =IF(ISNUMBER(G124),IF(OR(AND(ISBLANK(H124),ISBLANK(I124)),AND(H124="No",ISBLANK(I124))),"",IF(AND(ISBLANK(H124),ISNUMBER(I124)),Lookup!$C$11,IF(AND(H124="Yes",ISBLANK(I124)),Lookup!$C$12,IF(AND(H124="Yes",I124>=G124),Lookup!$C$7,IF(AND(H124="No",I124>=G124),Lookup!$C$8,IF(AND(H124="Yes",I124<G124),Lookup!$C$9,IF(AND(H124="No",I124<G124),Lookup!$C$10,"UnknownCase"))))))),Lookup!$C$13) | L124: 54.42 | N124: =IF(ISNUMBER(L124),IF(ISBLANK(M124),"",IF(M124>=L124,Lookup!$C$14,Lookup!$C$15)),Lookup!$C$13) | O124: 54.42 | Q124: =IF(ISNUMBER(O124),IF(ISBLANK(P124),"",IF(P124>=O124,Lookup!$C$14,Lookup!$C$15)),Lookup!$C$13)
A125: 29200 | B125: Strapping of chest | C125: 31.89 | F125: =IF(ISNUMBER(C125),IF(OR(AND(ISBLANK(D125),ISBLANK(E125)),AND(D125="No",ISBLANK(E125))),"",IF(AND(ISBLANK(D125),ISNUMBER(E125)),Lookup!$C$11,IF(AND(D125="Yes",ISBLANK(E125)),Lookup!$C$12,IF(AND(D125="Yes",E125>=C125),Lookup!$C$7,IF(AND(D125="No",E125>=C125),Lookup!$C$8,IF(AND(D125="Yes",E125<C125),Lookup!$C$9,IF(AND(D125="No",E125<C125),Lookup!$C$10,"UnknownCase"))))))),Lookup!$C$13) | G125: 31.89 | J125: =IF(ISNUMBER(G125),IF(OR(AND(ISBLANK(H125),ISBLANK(I125)),AND(H125="No",ISBLANK(I125))),"",IF(AND(ISBLANK(H125),ISNUMBER(I125)),Lookup!$C$11,IF(AND(H125="Yes",ISBLANK(I125)),Lookup!$C$12,IF(AND(H125="Yes",I125>=G125),Lookup!$C$7,IF(AND(H125="No",I125>=G125),Lookup!$C$8,IF(AND(H125="Yes",I125<G125),Lookup!$C$9,IF(AND(H125="No",I125<G125),Lookup!$C$10,"UnknownCase"))))))),Lookup!$C$13) | L125: 30.36 | N125: =IF(ISNUMBER(L125),IF(ISBLANK(M125),"",IF(M125>=L125,Lookup!$C$14,Lookup!$C$15)),Lookup!$C$13) | O125: 30.36 | Q125: =IF(ISNUMBER(O125),IF(ISBLANK(P125),"",IF(P125>=O125,Lookup!$C$14,Lookup!$C$15)),Lookup!$C$13)
A126: 29240 | B126: Strapping of shoulder | C126: 29.58 | F126: =IF(ISNUMBER(C126),IF(OR(AND(ISBLANK(D126),ISBLANK(E126)),AND(D126="No",ISBLANK(E126))),"",IF(AND(ISBLANK(D126),ISNUMBER(E126)),Lookup!$C$11,IF(AND(D126="Yes",ISBLANK(E126)),Lookup!$C$12,IF(AND(D126="Yes",E126>=C126),Lookup!$C$7,IF(AND(D126="No",E126>=C126),Lookup!$C$8,IF(AND(D126="Yes",E126<C126),Lookup!$C$9,IF(AND(D126="No",E126<C126),Lookup!$C$10,"UnknownCase"))))))),Lookup!$C$13) | G126: 29.58 | J126: =IF(ISNUMBER(G126),IF(OR(AND(ISBLANK(H126),ISBLANK(I126)),AND(H126="No",ISBLANK(I126))),"",IF(AND(ISBLANK(H126),ISNUMBER(I126)),Lookup!$C$11,IF(AND(H126="Yes",ISBLANK(I126)),Lookup!$C$12,IF(AND(H126="Yes",I126>=G126),Lookup!$C$7,IF(AND(H126="No",I126>=G126),Lookup!$C$8,IF(AND(H126="Yes",I126<G126),Lookup!$C$9,IF(AND(H126="No",I126<G126),Lookup!$C$10,"UnknownCase"))))))),Lookup!$C$13) | L126: 28.44 | N126: =IF(ISNUMBER(L126),IF(ISBLANK(M126),"",IF(M126>=L126,Lookup!$C$14,Lookup!$C$15)),Lookup!$C$13) | O126: 28.44 | Q126: =IF(ISNUMBER(O126),IF(ISBLANK(P126),"",IF(P126>=O126,Lookup!$C$14,Lookup!$C$15)),Lookup!$C$13)
A127: 29260 | B127: Strapping of elbow or wrist | C127: 28.91 | F127: =IF(ISNUMBER(C127),IF(OR(AND(ISBLANK(D127),ISBLANK(E127)),AND(D127="No",ISBLANK(E127))),"",IF(AND(ISBLANK(D127),ISNUMBER(E127)),Lookup!$C$11,IF(AND(D127="Yes",ISBLANK(E127)),Lookup!$C$12,IF(AND(D127="Yes",E127>=C127),Lookup!$C$7,IF(AND(D127="No",E127>=C127),Lookup!$C$8,IF(AND(D127="Yes",E127<C127),Lookup!$C$9,IF(AND(D127="No",E127<C127),Lookup!$C$10,"UnknownCase"))))))),Lookup!$C$13) | G127: 28.91 | J127: =IF(ISNUMBER(G127),IF(OR(AND(ISBLANK(H127),ISBLANK(I127)),AND(H127="No",ISBLANK(I127))),"",IF(AND(ISBLANK(H127),ISNUMBER(I127)),Lookup!$C$11,IF(AND(H127="Yes",ISBLANK(I127)),Lookup!$C$12,IF(AND(H127="Yes",I127>=G127),Lookup!$C$7,IF(AND(H127="No",I127>=G127),Lookup!$C$8,IF(AND(H127="Yes",I127<G127),Lookup!$C$9,IF(AND(H127="No",I127<G127),Lookup!$C$10,"UnknownCase"))))))),Lookup!$C$13) | L127: 28.09 | N127: =IF(ISNUMBER(L127),IF(ISBLANK(M127),"",IF(M127>=L127,Lookup!$C$14,Lookup!$C$15)),Lookup!$C$13) | O127: 28.09 | Q127: =IF(ISNUMBER(O127),IF(ISBLANK(P127),"",IF(P127>=O127,Lookup!$C$14,Lookup!$C$15)),Lookup!$C$13)
A128: 29280 | B128: Strapping of hand or finger | C128: 29.87 | F128: =IF(ISNUMBER(C128),IF(OR(AND(ISBLANK(D128),ISBLANK(E128)),AND(D128="No",ISBLANK(E128))),"",IF(AND(ISBLANK(D128),ISNUMBER(E128)),Lookup!$C$11,IF(AND(D128="Yes",ISBLANK(E128)),Lookup!$C$12,IF(AND(D128="Yes",E128>=C128),Lookup!$C$7,IF(AND(D128="No",E128>=C128),Lookup!$C$8,IF(AND(D128="Yes",E128<C128),Lookup!$C$9,IF(AND(D128="No",E128<C128),Lookup!$C$10,"UnknownCase"))))))),Lookup!$C$13) | G128: 29.87 | J128: =IF(ISNUMBER(G128),IF(OR(AND(ISBLANK(H128),ISBLANK(I128)),AND(H128="No",ISBLANK(I128))),"",IF(AND(ISBLANK(H128),ISNUMBER(I128)),Lookup!$C$11,IF(AND(H128="Yes",ISBLANK(I128)),Lookup!$C$12,IF(AND(H128="Yes",I128>=G128),Lookup!$C$7,IF(AND(H128="No",I128>=G128),Lookup!$C$8,IF(AND(H128="Yes",I128<G128),Lookup!$C$9,IF(AND(H128="No",I128<G128),Lookup!$C$10,"UnknownCase"))))))),Lookup!$C$13) | L128: 28.72 | N128: =IF(ISNUMBER(L128),IF(ISBLANK(M128),"",IF(M128>=L128,Lookup!$C$14,Lookup!$C$15)),Lookup!$C$13) | O128: 28.72 | Q128: =IF(ISNUMBER(O128),IF(ISBLANK(P128),"",IF(P128>=O128,Lookup!$C$14,Lookup!$C$15)),Lookup!$C$13)
A129: 29505 | B129: Application long leg splint | C129: 91.03 | F129: =IF(ISNUMBER(C129),IF(OR(AND(ISBLANK(D129),ISBLANK(E129)),AND(D129="No",ISBLANK(E129))),"",IF(AND(ISBLANK(D129),ISNUMBER(E129)),Lookup!$C$11,IF(AND(D129="Yes",ISBLANK(E129)),Lookup!$C$12,IF(AND(D129="Yes",E129>=C129),Lookup!$C$7,IF(AND(D129="No",E129>=C129),Lookup!$C$8,IF(AND(D129="Yes",E129<C129),Lookup!$C$9,IF(AND(D129="No",E129<C129),Lookup!$C$10,"UnknownCase"))))))),Lookup!$C$13) | G129: 91.03 | J129: =IF(ISNUMBER(G129),IF(OR(AND(ISBLANK(H129),ISBLANK(I129)),AND(H129="No",ISBLANK(I129))),"",IF(AND(ISBLANK(H129),ISNUMBER(I129)),Lookup!$C$11,IF(AND(H129="Yes",ISBLANK(I129)),Lookup!$C$12,IF(AND(H129="Yes",I129>=G129),Lookup!$C$7,IF(AND(H129="No",I129>=G129),Lookup!$C$8,IF(AND(H129="Yes",I129<G129),Lookup!$C$9,IF(AND(H129="No",I129<G129),Lookup!$C$10,"UnknownCase"))))))),Lookup!$C$13) | L129: 91.01 | N129: =IF(ISNUMBER(L129),IF(ISBLANK(M129),"",IF(M129>=L129,Lookup!$C$14,Lookup!$C$15)),Lookup!$C$13) | O129: 91.01 | Q129: =IF(ISNUMBER(O129),IF(ISBLANK(P129),"",IF(P129>=O129,Lookup!$C$14,Lookup!$C$15)),Lookup!$C$13)
A130: 29515 | B130: Application lower leg splint | C130: 73.23 | F130: =IF(ISNUMBER(C130),IF(OR(AND(ISBLANK(D130),ISBLANK(E130)),AND(D130="No",ISBLANK(E130))),"",IF(AND(ISBLANK(D130),ISNUMBER(E130)),Lookup!$C$11,IF(AND(D130="Yes",ISBLANK(E130)),Lookup!$C$12,IF(AND(D130="Yes",E130>=C130),Lookup!$C$7,IF(AND(D130="No",E130>=C130),Lookup!$C$8,IF(AND(D130="Yes",E130<C130),Lookup!$C$9,IF(AND(D130="No",E130<C130),Lookup!$C$10,"UnknownCase"))))))),Lookup!$C$13) | G130: 73.23 | J130: =IF(ISNUMBER(G130),IF(OR(AND(ISBLANK(H130),ISBLANK(I130)),AND(H130="No",ISBLANK(I130))),"",IF(AND(ISBLANK(H130),ISNUMBER(I130)),Lookup!$C$11,IF(AND(H130="Yes",ISBLANK(I130)),Lookup!$C$12,IF(AND(H130="Yes",I130>=G130),Lookup!$C$7,IF(AND(H130="No",I130>=G130),Lookup!$C$8,IF(AND(H130="Yes",I130<G130),Lookup!$C$9,IF(AND(H130="No",I130<G130),Lookup!$C$10,"UnknownCase"))))))),Lookup!$C$13) | L130: 72.75 | N130: =IF(ISNUMBER(L130),IF(ISBLANK(M130),"",IF(M130>=L130,Lookup!$C$14,Lookup!$C$15)),Lookup!$C$13) | O130: 72.75 | Q130: =IF(ISNUMBER(O130),IF(ISBLANK(P130),"",IF(P130>=O130,Lookup!$C$14,Lookup!$C$15)),Lookup!$C$13)
A131: 29520 | B131: Strapping of hip | C131: 34.53 | F131: =IF(ISNUMBER(C131),IF(OR(AND(ISBLANK(D131),ISBLANK(E131)),AND(D131="No",ISBLANK(E131))),"",IF(AND(ISBLANK(D131),ISNUMBER(E131)),Lookup!$C$11,IF(AND(D131="Yes",ISBLANK(E131)),Lookup!$C$12,IF(AND(D131="Yes",E131>=C131),Lookup!$C$7,IF(AND(D131="No",E131>=C131),Lookup!$C$8,IF(AND(D131="Yes",E131<C131),Lookup!$C$9,IF(AND(D131="No",E131<C131),Lookup!$C$10,"UnknownCase"))))))),Lookup!$C$13) | G131: 34.53 | J131: =IF(ISNUMBER(G131),IF(OR(AND(ISBLANK(H131),ISBLANK(I131)),AND(H131="No",ISBLANK(I131))),"",IF(AND(ISBLANK(H131),ISNUMBER(I131)),Lookup!$C$11,IF(AND(H131="Yes",ISBLANK(I131)),Lookup!$C$12,IF(AND(H131="Yes",I131>=G131),Lookup!$C$7,IF(AND(H131="No",I131>=G131),Lookup!$C$8,IF(AND(H131="Yes",I131<G131),Lookup!$C$9,IF(AND(H131="No",I131<G131),Lookup!$C$10,"UnknownCase"))))))),Lookup!$C$13) | L131: 33.24 | N131: =IF(ISNUMBER(L131),IF(ISBLANK(M131),"",IF(M131>=L131,Lookup!$C$14,Lookup!$C$15)),Lookup!$C$13) | O131: 33.24 | Q131: =IF(ISNUMBER(O131),IF(ISBLANK(P131),"",IF(P131>=O131,Lookup!$C$14,Lookup!$C$15)),Lookup!$C$13)
A132: 29530 | B132: Strapping of knee | C132: 29.25 | F132: =IF(ISNUMBER(C132),IF(OR(AND(ISBLANK(D132),ISBLANK(E132)),AND(D132="No",ISBLANK(E132))),"",IF(AND(ISBLANK(D132),ISNUMBER(E132)),Lookup!$C$11,IF(AND(D132="Yes",ISBLANK(E132)),Lookup!$C$12,IF(AND(D132="Yes",E132>=C132),Lookup!$C$7,IF(AND(D132="No",E132>=C132),Lookup!$C$8,IF(AND(D132="Yes",E132<C132),Lookup!$C$9,IF(AND(D132="No",E132<C132),Lookup!$C$10,"UnknownCase"))))))),Lookup!$C$13) | G132: 29.25 | J132: =IF(ISNUMBER(G132),IF(OR(AND(ISBLANK(H132),ISBLANK(I132)),AND(H132="No",ISBLANK(I132))),"",IF(AND(ISBLANK(H132),ISNUMBER(I132)),Lookup!$C$11,IF(AND(H132="Yes",ISBLANK(I132)),Lookup!$C$12,IF(AND(H132="Yes",I132>=G132),Lookup!$C$7,IF(AND(H132="No",I132>=G132),Lookup!$C$8,IF(AND(H132="Yes",I132<G132),Lookup!$C$9,IF(AND(H132="No",I132<G132),Lookup!$C$10,"UnknownCase"))))))),Lookup!$C$13) | L132: 28.42 | N132: =IF(ISNUMBER(L132),IF(ISBLANK(M132),"",IF(M132>=L132,Lookup!$C$14,Lookup!$C$15)),Lookup!$C$13) | O132: 28.42 | Q132: =IF(ISNUMBER(O132),IF(ISBLANK(P132),"",IF(P132>=O132,Lookup!$C$14,Lookup!$C$15)),Lookup!$C$13)
... A142: 36410 | B142: Non-routine bl draw 3/> yrs | C142: 17.57 | F142: =IF(ISNUMBER(C142),IF(OR(AND(ISBLANK(D142),ISBLANK(E142)),AND(D142="No",ISBLANK(E142))),"",IF(AND(ISBLANK(D142),ISNUMBER(E142)),Lookup!$C$11,IF(AND(D142="Yes",ISBLANK(E142)),Lookup!$C$12,IF(AND(D142="Yes",E142>=C142),Lookup!$C$7,IF(AND(D142="No",E142>=C142),Lookup!$C$8,IF(AND(D142="Yes",E142<C142),Lookup!$C$9,IF(AND(D142="No",E142<C142),Lookup!$C$10,"UnknownCase"))))))),Lookup!$C$13) | G142: 17.57 | J142: =IF(ISNUMBER(G142),IF(OR(AND(ISBLANK(H142),ISBLANK(I142)),AND(H142="No",ISBLANK(I142))),"",IF(AND(ISBLANK(H142),ISNUMBER(I142)),Lookup!$C$11,IF(AND(H142="Yes",ISBLANK(I142)),Lookup!$C$12,IF(AND(H142="Yes",I142>=G142),Lookup!$C$7,IF(AND(H142="No",I142>=G142),Lookup!$C$8,IF(AND(H142="Yes",I142<G142),Lookup!$C$9,IF(AND(H142="No",I142<G142),Lookup!$C$10,"UnknownCase"))))))),Lookup!$C$13) | L142: 17.4 | N142: =IF(ISNUMBER(L142),IF(ISBLANK(M142),"",IF(M142>=L142,Lookup!$C$14,Lookup!$C$15)),Lookup!$C$13) | O142: 17.4 | Q142: =IF(ISNUMBER(O142),IF(ISBLANK(P142),"",IF(P142>=O142,Lookup!$C$14,Lookup!$C$15)),Lookup!$C$13)
A143: 36415 | B143: Routine Venipuncture | C143: No Medicare Fee Available | F143: =IF(ISNUMBER(C143),IF(OR(AND(ISBLANK(D143),ISBLANK(E143)),AND(D143="No",ISBLANK(E143))),"",IF(AND(ISBLANK(D143),ISNUMBER(E143)),Lookup!$C$11,IF(AND(D143="Yes",ISBLANK(E143)),Lookup!$C$12,IF(AND(D143="Yes",E143>=C143),Lookup!$C$7,IF(AND(D143="No",E143>=C143),Lookup!$C$8,IF(AND(D143="Yes",E143<C143),Lookup!$C$9,IF(AND(D143="No",E143<C143),Lookup!$C$10,"UnknownCase"))))))),Lookup!$C$13) -> No Medicare Fee Available | G143: No Medicare Fee Available | J143: =IF(ISNUMBER(G143),IF(OR(AND(ISBLANK(H143),ISBLANK(I143)),AND(H143="No",ISBLANK(I143))),"",IF(AND(ISBLANK(H143),ISNUMBER(I143)),Lookup!$C$11,IF(AND(H143="Yes",ISBLANK(I143)),Lookup!$C$12,IF(AND(H143="Yes",I143>=G143),Lookup!$C$7,IF(AND(H143="No",I143>=G143),Lookup!$C$8,IF(AND(H143="Yes",I143<G143),Lookup!$C$9,IF(AND(H143="No",I143<G143),Lookup!$C$10,"UnknownCase"))))))),Lookup!$C$13) -> No Medicare Fee Available | L143: No Medicare Fee Available | N143: =IF(ISNUMBER(L143),IF(ISBLANK(M143),"",IF(M143>=L143,Lookup!$C$14,Lookup!$C$15)),Lookup!$C$13) -> No Medicare Fee Available | O143: No Medicare Fee Available | Q143: =IF(ISNUMBER(O143),IF(ISBLANK(P143),"",IF(P143>=O143,Lookup!$C$14,Lookup!$C$15)),Lookup!$C$13) -> No Medicare Fee Available
A144: 36416 | B144: Non-routine bl draw 3/> yrs | C144: No Medicare Fee Available | F144: =IF(ISNUMBER(C144),IF(OR(AND(ISBLANK(D144),ISBLANK(E144)),AND(D144="No",ISBLANK(E144))),"",IF(AND(ISBLANK(D144),ISNUMBER(E144)),Lookup!$C$11,IF(AND(D144="Yes",ISBLANK(E144)),Lookup!$C$12,IF(AND(D144="Yes",E144>=C144),Lookup!$C$7,IF(AND(D144="No",E144>=C144),Lookup!$C$8,IF(AND(D144="Yes",E144<C144),Lookup!$C$9,IF(AND(D144="No",E144<C144),Lookup!$C$10,"UnknownCase"))))))),Lookup!$C$13) -> No Medicare Fee Available | G144: No Medicare Fee Available | J144: =IF(ISNUMBER(G144),IF(OR(AND(ISBLANK(H144),ISBLANK(I144)),AND(H144="No",ISBLANK(I144))),"",IF(AND(ISBLANK(H144),ISNUMBER(I144)),Lookup!$C$11,IF(AND(H144="Yes",ISBLANK(I144)),Lookup!$C$12,IF(AND(H144="Yes",I144>=G144),Lookup!$C$7,IF(AND(H144="No",I144>=G144),Lookup!$C$8,IF(AND(H144="Yes",I144<G144),Lookup!$C$9,IF(AND(H144="No",I144<G144),Lookup!$C$10,"UnknownCase"))))))),Lookup!$C$13) -> No Medicare Fee Available | L144: No Medicare Fee Available | N144: =IF(ISNUMBER(L144),IF(ISBLANK(M144),"",IF(M144>=L144,Lookup!$C$14,Lookup!$C$15)),Lookup!$C$13) -> No Medicare Fee Available | O144: No Medicare Fee Available | Q144: =IF(ISNUMBER(O144),IF(ISBLANK(P144),"",IF(P144>=O144,Lookup!$C$14,Lookup!$C$15)),Lookup!$C$13) -> No Medicare Fee Available
A145: 40804 | B145: Removal foreign body mouth | C145: 188.74 | F145: =IF(ISNUMBER(C145),IF(OR(AND(ISBLANK(D145),ISBLANK(E145)),AND(D145="No",ISBLANK(E145))),"",IF(AND(ISBLANK(D145),ISNUMBER(E145)),Lookup!$C$11,IF(AND(D145="Yes",ISBLANK(E145)),Lookup!$C$12,IF(AND(D145="Yes",E145>=C145),Lookup!$C$7,IF(AND(D145="No",E145>=C145),Lookup!$C$8,IF(AND(D145="Yes",E145<C145),Lookup!$C$9,IF(AND(D145="No",E145<C145),Lookup!$C$10,"UnknownCase"))))))),Lookup!$C$13) | G145: 188.74 | J145: =IF(ISNUMBER(G145),IF(OR(AND(ISBLANK(H145),ISBLANK(I145)),AND(H145="No",ISBLANK(I145))),"",IF(AND(ISBLANK(H145),ISNUMBER(I145)),Lookup!$C$11,IF(AND(H145="Yes",ISBLANK(I145)),Lookup!$C$12,IF(AND(H145="Yes",I145>=G145),Lookup!$C$7,IF(AND(H145="No",I145>=G145),Lookup!$C$8,IF(AND(H145="Yes",I145<G145),Lookup!$C$9,IF(AND(H145="No",I145<G145),Lookup!$C$10,"UnknownCase"))))))),Lookup!$C$13) | L145: 190.44 | N145: =IF(ISNUMBER(L145),IF(ISBLANK(M145),"",IF(M145>=L145,Lookup!$C$14,Lookup!$C$15)),Lookup!$C$13) | O145: 190.44 | Q145: =IF(ISNUMBER(O145),IF(ISBLANK(P145),"",IF(P145>=O145,Lookup!$C$14,Lookup!$C$15)),Lookup!$C$13)
A146: 40805 | B146: Removal foreign body mouth | C146: 283.54 | F146: =IF(ISNUMBER(C146),IF(OR(AND(ISBLANK(D146),ISBLANK(E146)),AND(D146="No",ISBLANK(E146))),"",IF(AND(ISBLANK(D146),ISNUMBER(E146)),Lookup!$C$11,IF(AND(D146="Yes",ISBLANK(E146)),Lookup!$C$12,IF(AND(D146="Yes",E146>=C146),Lookup!$C$7,IF(AND(D146="No",E146>=C146),Lookup!$C$8,IF(AND(D146="Yes",E146<C146),Lookup!$C$9,IF(AND(D146="No",E146<C146),Lookup!$C$10,"UnknownCase"))))))),Lookup!$C$13) | G146: 283.54 | J146: =IF(ISNUMBER(G146),IF(OR(AND(ISBLANK(H146),ISBLANK(I146)),AND(H146="No",ISBLANK(I146))),"",IF(AND(ISBLANK(H146),ISNUMBER(I146)),Lookup!$C$11,IF(AND(H146="Yes",ISBLANK(I146)),Lookup!$C$12,IF(AND(H146="Yes",I146>=G146),Lookup!$C$7,IF(AND(H146="No",I146>=G146),Lookup!$C$8,IF(AND(H146="Yes",I146<G146),Lookup!$C$9,IF(AND(H146="No",I146<G146),Lookup!$C$10,"UnknownCase"))))))),Lookup!$C$13) | L146: 278.72 | N146: =IF(ISNUMBER(L146),IF(ISBLANK(M146),"",IF(M146>=L146,Lookup!$C$14,Lookup!$C$15)),Lookup!$C$13) | O146: 278.72 | Q146: =IF(ISNUMBER(O146),IF(ISBLANK(P146),"",IF(P146>=O146,Lookup!$C$14,Lookup!$C$15)),Lookup!$C$13)
A147: 46600 | B147: Diagnostic anoscopy spx | C147: 117.08 | F147: =IF(ISNUMBER(C147),IF(OR(AND(ISBLANK(D147),ISBLANK(E147)),AND(D147="No",ISBLANK(E147))),"",IF(AND(ISBLANK(D147),ISNUMBER(E147)),Lookup!$C$11,IF(AND(D147="Yes",ISBLANK(E147)),Lookup!$C$12,IF(AND(D147="Yes",E147>=C147),Lookup!$C$7,IF(AND(D147="No",E147>=C147),Lookup!$C$8,IF(AND(D147="Yes",E147<C147),Lookup!$C$9,IF(AND(D147="No",E147<C147),Lookup!$C$10,"UnknownCase"))))))),Lookup!$C$13) | G147: 117.08 | J147: =IF(ISNUMBER(G147),IF(OR(AND(ISBLANK(H147),ISBLANK(I147)),AND(H147="No",ISBLANK(I147))),"",IF(AND(ISBLANK(H147),ISNUMBER(I147)),Lookup!$C$11,IF(AND(H147="Yes",ISBLANK(I147)),Lookup!$C$12,IF(AND(H147="Yes",I147>=G147),Lookup!$C$7,IF(AND(H147="No",I147>=G147),Lookup!$C$8,IF(AND(H147="Yes",I147<G147),Lookup!$C$9,IF(AND(H147="No",I147<G147),Lookup!$C$10,"UnknownCase"))))))),Lookup!$C$13) | L147: 110.25 | N147: =IF(ISNUMBER(L147),IF(ISBLANK(M147),"",IF(M147>=L147,Lookup!$C$14,Lookup!$C$15)),Lookup!$C$13) | O147: 110.25 | Q147: =IF(ISNUMBER(O147),IF(ISBLANK(P147),"",IF(P147>=O147,Lookup!$C$14,Lookup!$C$15)),Lookup!$C$13)
A148: 51702 | B148: Insert temp bladder cath | C148: 61.95 | F148: =IF(ISNUMBER(C148),IF(OR(AND(ISBLANK(D148),ISBLANK(E148)),AND(D148="No",ISBLANK(E148))),"",IF(AND(ISBLANK(D148),ISNUMBER(E148)),Lookup!$C$11,IF(AND(D148="Yes",ISBLANK(E148)),Lookup!$C$12,IF(AND(D148="Yes",E148>=C148),Lookup!$C$7,IF(AND(D148="No",E148>=C148),Lookup!$C$8,IF(AND(D148="Yes",E148<C148),Lookup!$C$9,IF(AND(D148="No",E148<C148),Lookup!$C$10,"UnknownCase"))))))),Lookup!$C$13) | G148: 61.95 | J148: =IF(ISNUMBER(G148),IF(OR(AND(ISBLANK(H148),ISBLANK(I148)),AND(H148="No",ISBLANK(I148))),"",IF(AND(ISBLANK(H148),ISNUMBER(I148)),Lookup!$C$11,IF(AND(H148="Yes",ISBLANK(I148)),Lookup!$C$12,IF(AND(H148="Yes",I148>=G148),Lookup!$C$7,IF(AND(H148="No",I148>=G148),Lookup!$C$8,IF(AND(H148="Yes",I148<G148),Lookup!$C$9,IF(AND(H148="No",I148<G148),Lookup!$C$10,"UnknownCase"))))))),Lookup!$C$13) | L148: 59.57 | N148: =IF(ISNUMBER(L148),IF(ISBLANK(M148),"",IF(M148>=L148,Lookup!$C$14,Lookup!$C$15)),Lookup!$C$13) | O148: 59.57 | Q148: =IF(ISNUMBER(O148),IF(ISBLANK(P148),"",IF(P148>=O148,Lookup!$C$14,Lookup!$C$15)),Lookup!$C$13)
A149: 51798 | B149: Us urine capacity measure | C149: 11.21 | F149: =IF(ISNUMBER(C149),IF(OR(AND(ISBLANK(D149),ISBLANK(E149)),AND(D149="No",ISBLANK(E149))),"",IF(AND(ISBLANK(D149),ISNUMBER(E149)),Lookup!$C$11,IF(AND(D149="Yes",ISBLANK(E149)),Lookup!$C$12,IF(AND(D149="Yes",E149>=C149),Lookup!$C$7,IF(AND(D149="No",E149>=C149),Lookup!$C$8,IF(AND(D149="Yes",E149<C149),Lookup!$C$9,IF(AND(D149="No",E149<C149),Lookup!$C$10,"UnknownCase"))))))),Lookup!$C$13) | G149: 11.21 | J149: =IF(ISNUMBER(G149),IF(OR(AND(ISBLANK(H149),ISBLANK(I149)),AND(H149="No",ISBLANK(I149))),"",IF(AND(ISBLANK(H149),ISNUMBER(I149)),Lookup!$C$11,IF(AND(H149="Yes",ISBLANK(I149)),Lookup!$C$12,IF(AND(H149="Yes",I149>=G149),Lookup!$C$7,IF(AND(H149="No",I149>=G149),Lookup!$C$8,IF(AND(H149="Yes",I149<G149),Lookup!$C$9,IF(AND(H149="No",I149<G149),Lookup!$C$10,"UnknownCase"))))))),Lookup!$C$13) | L149: 11.2 | N149: =IF(ISNUMBER(L149),IF(ISBLANK(M149),"",IF(M149>=L149,Lookup!$C$14,Lookup!$C$15)),Lookup!$C$13) | O149: 11.2 | Q149: =IF(ISNUMBER(O149),IF(ISBLANK(P149),"",IF(P149>=O149,Lookup!$C$14,Lookup!$C$15)),Lookup!$C$13)
A150: 69200 | B150: Clear Outer Ear Canal W/Out Anesthesia | C150: 80.19 | F150: =IF(ISNUMBER(C150),IF(OR(AND(ISBLANK(D150),ISBLANK(E150)),AND(D150="No",ISBLANK(E150))),"",IF(AND(ISBLANK(D150),ISNUMBER(E150)),Lookup!$C$11,IF(AND(D150="Yes",ISBLANK(E150)),Lookup!$C$12,IF(AND(D150="Yes",E150>=C150),Lookup!$C$7,IF(AND(D150="No",E150>=C150),Lookup!$C$8,IF(AND(D150="Yes",E150<C150),Lookup!$C$9,IF(AND(D150="No",E150<C150),Lookup!$C$10,"UnknownCase"))))))),Lookup!$C$13) | G150: 80.19 | J150: =IF(ISNUMBER(G150),IF(OR(AND(ISBLANK(H150),ISBLANK(I150)),AND(H150="No",ISBLANK(I150))),"",IF(AND(ISBLANK(H150),ISNUMBER(I150)),Lookup!$C$11,IF(AND(H150="Yes",ISBLANK(I150)),Lookup!$C$12,IF(AND(H150="Yes",I150>=G150),Lookup!$C$7,IF(AND(H150="No",I150>=G150),Lookup!$C$8,IF(AND(H150="Yes",I150<G150),Lookup!$C$9,IF(AND(H150="No",I150<G150),Lookup!$C$10,"UnknownCase"))))))),Lookup!$C$13) | L150: 77.91 | N150: =IF(ISNUMBER(L150),IF(ISBLANK(M150),"",IF(M150>=L150,Lookup!$C$14,Lookup!$C$15)),Lookup!$C$13) | O150: 77.91 | Q150: =IF(ISNUMBER(O150),IF(ISBLANK(P150),"",IF(P150>=O150,Lookup!$C$14,Lookup!$C$15)),Lookup!$C$13)
A151: 69209 | B151: Remove Impacted Ear Wax Irrigation | C151: 15.84 | F151: =IF(ISNUMBER(C151),IF(OR(AND(ISBLANK(D151),ISBLANK(E151)),AND(D151="No",ISBLANK(E151))),"",IF(AND(ISBLANK(D151),ISNUMBER(E151)),Lookup!$C$11,IF(AND(D151="Yes",ISBLANK(E151)),Lookup!$C$12,IF(AND(D151="Yes",E151>=C151),Lookup!$C$7,IF(AND(D151="No",E151>=C151),Lookup!$C$8,IF(AND(D151="Yes",E151<C151),Lookup!$C$9,IF(AND(D151="No",E151<C151),Lookup!$C$10,"UnknownCase"))))))),Lookup!$C$13) | G151: 15.84 | J151: =IF(ISNUMBER(G151),IF(OR(AND(ISBLANK(H151),ISBLANK(I151)),AND(H151="No",ISBLANK(I151))),"",IF(AND(ISBLANK(H151),ISNUMBER(I151)),Lookup!$C$11,IF(AND(H151="Yes",ISBLANK(I151)),Lookup!$C$12,IF(AND(H151="Yes",I151>=G151),Lookup!$C$7,IF(AND(H151="No",I151>=G151),Lookup!$C$8,IF(AND(H151="Yes",I151<G151),Lookup!$C$9,IF(AND(H151="No",I151<G151),Lookup!$C$10,"UnknownCase"))))))),Lookup!$C$13) | L151: 15.07 | N151: =IF(ISNUMBER(L151),IF(ISBLANK(M151),"",IF(M151>=L151,Lookup!$C$14,Lookup!$C$15)),Lookup!$C$13) | O151: 15.07 | Q151: =IF(ISNUMBER(O151),IF(ISBLANK(P151),"",IF(P151>=O151,Lookup!$C$14,Lookup!$C$15)),Lookup!$C$13)
A152: 69210 | B152: Remove Impacted Ear Wax Instruments | C152: 47.78 | F152: =IF(ISNUMBER(C152),IF(OR(AND(ISBLANK(D152),ISBLANK(E152)),AND(D152="No",ISBLANK(E152))),"",IF(AND(ISBLANK(D152),ISNUMBER(E152)),Lookup!$C$11,IF(AND(D152="Yes",ISBLANK(E152)),Lookup!$C$12,IF(AND(D152="Yes",E152>=C152),Lookup!$C$7,IF(AND(D152="No",E152>=C152),Lookup!$C$8,IF(AND(D152="Yes",E152<C152),Lookup!$C$9,IF(AND(D152="No",E152<C152),Lookup!$C$10,"UnknownCase"))))))),Lookup!$C$13) | G152: 47.78 | J152: =IF(ISNUMBER(G152),IF(OR(AND(ISBLANK(H152),ISBLANK(I152)),AND(H152="No",ISBLANK(I152))),"",IF(AND(ISBLANK(H152),ISNUMBER(I152)),Lookup!$C$11,IF(AND(H152="Yes",ISBLANK(I152)),Lookup!$C$12,IF(AND(H152="Yes",I152>=G152),Lookup!$C$7,IF(AND(H152="No",I152>=G152),Lookup!$C$8,IF(AND(H152="Yes",I152<G152),Lookup!$C$9,IF(AND(H152="No",I152<G152),Lookup!$C$10,"UnknownCase"))))))),Lookup!$C$13) | L152: 46.44 | N152: =IF(ISNUMBER(L152),IF(ISBLANK(M152),"",IF(M152>=L152,Lookup!$C$14,Lookup!$C$15)),Lookup!$C$13) | O152: 46.44 | Q152: =IF(ISNUMBER(O152),IF(ISBLANK(P152),"",IF(P152>=O152,Lookup!$C$14,Lookup!$C$15)),Lookup!$C$13)
A153: 81000 | B153: Urinalysis Dip Stick/Tablet Reagnt Non-Auto Micrscpy | C153: No Medicare Fee Available | F153: =IF(ISNUMBER(C153),IF(OR(AND(ISBLANK(D153),ISBLANK(E153)),AND(D153="No",ISBLANK(E153))),"",IF(AND(ISBLANK(D153),ISNUMBER(E153)),Lookup!$C$11,IF(AND(D153="Yes",ISBLANK(E153)),Lookup!$C$12,IF(AND(D153="Yes",E153>=C153),Lookup!$C$7,IF(AND(D153="No",E153>=C153),Lookup!$C$8,IF(AND(D153="Yes",E153<C153),Lookup!$C$9,IF(AND(D153="No",E153<C153),Lookup!$C$10,"UnknownCase"))))))),Lookup!$C$13) -> No Medicare Fee Available | G153: No Medicare Fee Available | J153: =IF(ISNUMBER(G153),IF(OR(AND(ISBLANK(H153),ISBLANK(I153)),AND(H153="No",ISBLANK(I153))),"",IF(AND(ISBLANK(H153),ISNUMBER(I153)),Lookup!$C$11,IF(AND(H153="Yes",ISBLANK(I153)),Lookup!$C$12,IF(AND(H153="Yes",I153>=G153),Lookup!$C$7,IF(AND(H153="No",I153>=G153),Lookup!$C$8,IF(AND(H153="Yes",I153<G153),Lookup!$C$9,IF(AND(H153="No",I153<G153),Lookup!$C$10,"UnknownCase"))))))),Lookup!$C$13) -> No Medicare Fee Available | L153: No Medicare Fee Available | N153: =IF(ISNUMBER(L153),IF(ISBLANK(M153),"",IF(M153>=L153,Lookup!$C$14,Lookup!$C$15)),Lookup!$C$13) -> No Medicare Fee Available | O153: No Medicare Fee Available | Q153: =IF(ISNUMBER(O153),IF(ISBLANK(P153),"",IF(P153>=O153,Lookup!$C$14,Lookup!$C$15)),Lookup!$C$13) -> No Medicare Fee Available
A154: 81001 | B154: Urinalysis Dip Stick/Tablet Reagent Auto Microscopy | C154: No Medicare Fee Available | F154: =IF(ISNUMBER(C154),IF(OR(AND(ISBLANK(D154),ISBLANK(E154)),AND(D154="No",ISBLANK(E154))),"",IF(AND(ISBLANK(D154),ISNUMBER(E154)),Lookup!$C$11,IF(AND(D154="Yes",ISBLANK(E154)),Lookup!$C$12,IF(AND(D154="Yes",E154>=C154),Lookup!$C$7,IF(AND(D154="No",E154>=C154),Lookup!$C$8,IF(AND(D154="Yes",E154<C154),Lookup!$C$9,IF(AND(D154="No",E154<C154),Lookup!$C$10,"UnknownCase"))))))),Lookup!$C$13) -> No Medicare Fee Available | G154: No Medicare Fee Available | J154: =IF(ISNUMBER(G154),IF(OR(AND(ISBLANK(H154),ISBLANK(I154)),AND(H154="No",ISBLANK(I154))),"",IF(AND(ISBLANK(H154),ISNUMBER(I154)),Lookup!$C$11,IF(AND(H154="Yes",ISBLANK(I154)),Lookup!$C$12,IF(AND(H154="Yes",I154>=G154),Lookup!$C$7,IF(AND(H154="No",I154>=G154),Lookup!$C$8,IF(AND(H154="Yes",I154<G154),Lookup!$C$9,IF(AND(H154="No",I154<G154),Lookup!$C$10,"UnknownCase"))))))),Lookup!$C$13) -> No Medicare Fee Available | L154: No Medicare Fee Available | N154: =IF(ISNUMBER(L154),IF(ISBLANK(M154),"",IF(M154>=L154,Lookup!$C$14,Lookup!$C$15)),Lookup!$C$13) -> No Medicare Fee Available | O154: No Medicare Fee Available | Q154: =IF(ISNUMBER(O154),IF(ISBLANK(P154),"",IF(P154>=O154,Lookup!$C$14,Lookup!$C$15)),Lookup!$C$13) -> No Medicare Fee Available
A155: 81025 | B155: Urine Pregnancy Test Visual Color Comparison | C155: No Medicare Fee Available | F155: =IF(ISNUMBER(C155),IF(OR(AND(ISBLANK(D155),ISBLANK(E155)),AND(D155="No",ISBLANK(E155))),"",IF(AND(ISBLANK(D155),ISNUMBER(E155)),Lookup!$C$11,IF(AND(D155="Yes",ISBLANK(E155)),Lookup!$C$12,IF(AND(D155="Yes",E155>=C155),Lookup!$C$7,IF(AND(D155="No",E155>=C155),Lookup!$C$8,IF(AND(D155="Yes",E155<C155),Lookup!$C$9,IF(AND(D155="No",E155<C155),Lookup!$C$10,"UnknownCase"))))))),Lookup!$C$13) -> No Medicare Fee Available | G155: No Medicare Fee Available | J155: =IF(ISNUMBER(G155),IF(OR(AND(ISBLANK(H155),ISBLANK(I155)),AND(H155="No",ISBLANK(I155))),"",IF(AND(ISBLANK(H155),ISNUMBER(I155)),Lookup!$C$11,IF(AND(H155="Yes",ISBLANK(I155)),Lookup!$C$12,IF(AND(H155="Yes",I155>=G155),Lookup!$C$7,IF(AND(H155="No",I155>=G155),Lookup!$C$8,IF(AND(H155="Yes",I155<G155),Lookup!$C$9,IF(AND(H155="No",I155<G155),Lookup!$C$10,"UnknownCase"))))))),Lookup!$C$13) -> No Medicare Fee Available | L155: No Medicare Fee Available | N155: =IF(ISNUMBER(L155),IF(ISBLANK(M155),"",IF(M155>=L155,Lookup!$C$14,Lookup!$C$15)),Lookup!$C$13) -> No Medicare Fee Available | O155: No Medicare Fee Available | Q155: =IF(ISNUMBER(O155),IF(ISBLANK(P155),"",IF(P155>=O155,Lookup!$C$14,Lookup!$C$15)),Lookup!$C$13) -> No Medicare Fee Available
A156: 82044 | B156: Urine Albumin Semiquantitative | C156: No Medicare Fee Available | F156: =IF(ISNUMBER(C156),IF(OR(AND(ISBLANK(D156),ISBLANK(E156)),AND(D156="No",ISBLANK(E156))),"",IF(AND(ISBLANK(D156),ISNUMBER(E156)),Lookup!$C$11,IF(AND(D156="Yes",ISBLANK(E156)),Lookup!$C$12,IF(AND(D156="Yes",E156>=C156),Lookup!$C$7,IF(AND(D156="No",E156>=C156),Lookup!$C$8,IF(AND(D156="Yes",E156<C156),Lookup!$C$9,IF(AND(D156="No",E156<C156),Lookup!$C$10,"UnknownCase"))))))),Lookup!$C$13) -> No Medicare Fee Available | G156: No Medicare Fee Available | J156: =IF(ISNUMBER(G156),IF(OR(AND(ISBLANK(H156),ISBLANK(I156)),AND(H156="No",ISBLANK(I156))),"",IF(AND(ISBLANK(H156),ISNUMBER(I156)),Lookup!$C$11,IF(AND(H156="Yes",ISBLANK(I156)),Lookup!$C$12,IF(AND(H156="Yes",I156>=G156),Lookup!$C$7,IF(AND(H156="No",I156>=G156),Lookup!$C$8,IF(AND(H156="Yes",I156<G156),Lookup!$C$9,IF(AND(H156="No",I156<G156),Lookup!$C$10,"UnknownCase"))))))),Lookup!$C$13) -> No Medicare Fee Available | L156: No Medicare Fee Available | N156: =IF(ISNUMBER(L156),IF(ISBLANK(M156),"",IF(M156>=L156,Lookup!$C$14,Lookup!$C$15)),Lookup!$C$13) -> No Medicare Fee Available | O156: No Medicare Fee Available | Q156: =IF(ISNUMBER(O156),IF(ISBLANK(P156),"",IF(P156>=O156,Lookup!$C$14,Lookup!$C$15)),Lookup!$C$13) -> No Medicare Fee Available
A157: 82270 | B157: Blood Occult Peroxidase Actv Qual Feces 1 Determination | C157: No Medicare Fee Available | F157: =IF(ISNUMBER(C157),IF(OR(AND(ISBLANK(D157),ISBLANK(E157)),AND(D157="No",ISBLANK(E157))),"",IF(AND(ISBLANK(D157),ISNUMBER(E157)),Lookup!$C$11,IF(AND(D157="Yes",ISBLANK(E157)),Lookup!$C$12,IF(AND(D157="Yes",E157>=C157),Lookup!$C$7,IF(AND(D157="No",E157>=C157),Lookup!$C$8,IF(AND(D157="Yes",E157<C157),Lookup!$C$9,IF(AND(D157="No",E157<C157),Lookup!$C$10,"UnknownCase"))))))),Lookup!$C$13) -> No Medicare Fee Available | G157: No Medicare Fee Available | J157: =IF(ISNUMBER(G157),IF(OR(AND(ISBLANK(H157),ISBLANK(I157)),AND(H157="No",ISBLANK(I157))),"",IF(AND(ISBLANK(H157),ISNUMBER(I157)),Lookup!$C$11,IF(AND(H157="Yes",ISBLANK(I157)),Lookup!$C$12,IF(AND(H157="Yes",I157>=G157),Lookup!$C$7,IF(AND(H157="No",I157>=G157),Lookup!$C$8,IF(AND(H157="Yes",I157<G157),Lookup!$C$9,IF(AND(H157="No",I157<G157),Lookup!$C$10,"UnknownCase"))))))),Lookup!$C$13) -> No Medicare Fee Available | L157: No Medicare Fee Available | N157: =IF(ISNUMBER(L157),IF(ISBLANK(M157),"",IF(M157>=L157,Lookup!$C$14,Lookup!$C$15)),Lookup!$C$13) -> No Medicare Fee Available | O157: No Medicare Fee Available | Q157: =IF(ISNUMBER(O157),IF(ISBLANK(P157),"",IF(P157>=O157,Lookup!$C$14,Lookup!$C$15)),Lookup!$C$13) -> No Medicare Fee Available
A158: 82272 | B158: Blood Occult Peroxidase Actv Qual Feces 1-3 Spec Determination | C158: No Medicare Fee Available | F158: =IF(ISNUMBER(C158),IF(OR(AND(ISBLANK(D158),ISBLANK(E158)),AND(D158="No",ISBLANK(E158))),"",IF(AND(ISBLANK(D158),ISNUMBER(E158)),Lookup!$C$11,IF(AND(D158="Yes",ISBLANK(E158)),Lookup!$C$12,IF(AND(D158="Yes",E158>=C158),Lookup!$C$7,IF(AND(D158="No",E158>=C158),Lookup!$C$8,IF(AND(D158="Yes",E158<C158),Lookup!$C$9,IF(AND(D158="No",E158<C158),Lookup!$C$10,"UnknownCase"))))))),Lookup!$C$13) -> No Medicare Fee Available | G158: No Medicare Fee Available | J158: =IF(ISNUMBER(G158),IF(OR(AND(ISBLANK(H158),ISBLANK(I158)),AND(H158="No",ISBLANK(I158))),"",IF(AND(ISBLANK(H158),ISNUMBER(I158)),Lookup!$C$11,IF(AND(H158="Yes",ISBLANK(I158)),Lookup!$C$12,IF(AND(H158="Yes",I158>=G158),Lookup!$C$7,IF(AND(H158="No",I158>=G158),Lookup!$C$8,IF(AND(H158="Yes",I158<G158),Lookup!$C$9,IF(AND(H158="No",I158<G158),Lookup!$C$10,"UnknownCase"))))))),Lookup!$C$13) -> No Medicare Fee Available | L158: No Medicare Fee Available | N158: =IF(ISNUMBER(L158),IF(ISBLANK(M158),"",IF(M158>=L158,Lookup!$C$14,Lookup!$C$15)),Lookup!$C$13) -> No Medicare Fee Available | O158: No Medicare Fee Available | Q158: =IF(ISNUMBER(O158),IF(ISBLANK(P158),"",IF(P158>=O158,Lookup!$C$14,Lookup!$C$15)),Lookup!$C$13) -> No Medicare Fee Available
A159: 82465 | B159: Cholesterol Serum/Whole Blood Total | C159: No Medicare Fee Available | F159: =IF(ISNUMBER(C159),IF(OR(AND(ISBLANK(D159),ISBLANK(E159)),AND(D159="No",ISBLANK(E159))),"",IF(AND(ISBLANK(D159),ISNUMBER(E159)),Lookup!$C$11,IF(AND(D159="Yes",ISBLANK(E159)),Lookup!$C$12,IF(AND(D159="Yes",E159>=C159),Lookup!$C$7,IF(AND(D159="No",E159>=C159),Lookup!$C$8,IF(AND(D159="Yes",E159<C159),Lookup!$C$9,IF(AND(D159="No",E159<C159),Lookup!$C$10,"UnknownCase"))))))),Lookup!$C$13) -> No Medicare Fee Available | G159: No Medicare Fee Available | J159: =IF(ISNUMBER(G159),IF(OR(AND(ISBLANK(H159),ISBLANK(I159)),AND(H159="No",ISBLANK(I159))),"",IF(AND(ISBLANK(H159),ISNUMBER(I159)),Lookup!$C$11,IF(AND(H159="Yes",ISBLANK(I159)),Lookup!$C$12,IF(AND(H159="Yes",I159>=G159),Lookup!$C$7,IF(AND(H159="No",I159>=G159),Lookup!$C$8,IF(AND(H159="Yes",I159<G159),Lookup!$C$9,IF(AND(H159="No",I159<G159),Lookup!$C$10,"UnknownCase"))))))),Lookup!$C$13) -> No Medicare Fee Available | L159: No Medicare Fee Available | N159: =IF(ISNUMBER(L159),IF(ISBLANK(M159),"",IF(M159>=L159,Lookup!$C$14,Lookup!$C$15)),Lookup!$C$13) -> No Medicare Fee Available | O159: No Medicare Fee Available | Q159: =IF(ISNUMBER(O159),IF(ISBLANK(P159),"",IF(P159>=O159,Lookup!$C$14,Lookup!$C$15)),Lookup!$C$13) -> No Medicare Fee Available
A160: 82947 | B160: Glucose Quantitative Blood Xcpt Reagent Strip | C160: No Medicare Fee Available | F160: =IF(ISNUMBER(C160),IF(OR(AND(ISBLANK(D160),ISBLANK(E160)),AND(D160="No",ISBLANK(E160))),"",IF(AND(ISBLANK(D160),ISNUMBER(E160)),Lookup!$C$11,IF(AND(D160="Yes",ISBLANK(E160)),Lookup!$C$12,IF(AND(D160="Yes",E160>=C160),Lookup!$C$7,IF(AND(D160="No",E160>=C160),Lookup!$C$8,IF(AND(D160="Yes",E160<C160),Lookup!$C$9,IF(AND(D160="No",E160<C160),Lookup!$C$10,"UnknownCase"))))))),Lookup!$C$13) -> No Medicare Fee Available | G160: No Medicare Fee Available | J160: =IF(ISNUMBER(G160),IF(OR(AND(ISBLANK(H160),ISBLANK(I160)),AND(H160="No",ISBLANK(I160))),"",IF(AND(ISBLANK(H160),ISNUMBER(I160)),Lookup!$C$11,IF(AND(H160="Yes",ISBLANK(I160)),Lookup!$C$12,IF(AND(H160="Yes",I160>=G160),Lookup!$C$7,IF(AND(H160="No",I160>=G160),Lookup!$C$8,IF(AND(H160="Yes",I160<G160),Lookup!$C$9,IF(AND(H160="No",I160<G160),Lookup!$C$10,"UnknownCase"))))))),Lookup!$C$13) -> No Medicare Fee Available | L160: No Medicare Fee Available | N160: =IF(ISNUMBER(L160),IF(ISBLANK(M160),"",IF(M160>=L160,Lookup!$C$14,Lookup!$C$15)),Lookup!$C$13) -> No Medicare Fee Available | O160: No Medicare Fee Available | Q160: =IF(ISNUMBER(O160),IF(ISBLANK(P160),"",IF(P160>=O160,Lookup!$C$14,Lookup!$C$15)),Lookup!$C$13) -> No Medicare Fee Available
A161: 82948 | B161: Glucose Blood Reagent Strip | C161: No Medicare Fee Available | F161: =IF(ISNUMBER(C161),IF(OR(AND(ISBLANK(D161),ISBLANK(E161)),AND(D161="No",ISBLANK(E161))),"",IF(AND(ISBLANK(D161),ISNUMBER(E161)),Lookup!$C$11,IF(AND(D161="Yes",ISBLANK(E161)),Lookup!$C$12,IF(AND(D161="Yes",E161>=C161),Lookup!$C$7,IF(AND(D161="No",E161>=C161),Lookup!$C$8,IF(AND(D161="Yes",E161<C161),Lookup!$C$9,IF(AND(D161="No",E161<C161),Lookup!$C$10,"UnknownCase"))))))),Lookup!$C$13) -> No Medicare Fee Available | G161: No Medicare Fee Available | J161: =IF(ISNUMBER(G161),IF(OR(AND(ISBLANK(H161),ISBLANK(I161)),AND(H161="No",ISBLANK(I161))),"",IF(AND(ISBLANK(H161),ISNUMBER(I161)),Lookup!$C$11,IF(AND(H161="Yes",ISBLANK(I161)),Lookup!$C$12,IF(AND(H161="Yes",I161>=G161),Lookup!$C$7,IF(AND(H161="No",I161>=G161),Lookup!$C$8,IF(AND(H161="Yes",I161<G161),Lookup!$C$9,IF(AND(H161="No",I161<G161),Lookup!$C$10,"UnknownCase"))))))),Lookup!$C$13) -> No Medicare Fee Available | L161: No Medicare Fee Available | N161: =IF(ISNUMBER(L161),IF(ISBLANK(M161),"",IF(M161>=L161,Lookup!$C$14,Lookup!$C$15)),Lookup!$C$13) -> No Medicare Fee Available | O161: No Medicare Fee Available | Q161: =IF(ISNUMBER(O161),IF(ISBLANK(P161),"",IF(P161>=O161,Lookup!$C$14,Lookup!$C$15)),Lookup!$C$13) -> No Medicare Fee Available
A162: 82950 | B162: Glucose Post Glucose Dose | C162: No Medicare Fee Available | F162: =IF(ISNUMBER(C162),IF(OR(AND(ISBLANK(D162),ISBLANK(E162)),AND(D162="No",ISBLANK(E162))),"",IF(AND(ISBLANK(D162),ISNUMBER(E162)),Lookup!$C$11,IF(AND(D162="Yes",ISBLANK(E162)),Lookup!$C$12,IF(AND(D162="Yes",E162>=C162),Lookup!$C$7,IF(AND(D162="No",E162>=C162),Lookup!$C$8,IF(AND(D162="Yes",E162<C162),Lookup!$C$9,IF(AND(D162="No",E162<C162),Lookup!$C$10,"UnknownCase"))))))),Lookup!$C$13) -> No Medicare Fee Available | G162: No Medicare Fee Available | J162: =IF(ISNUMBER(G162),IF(OR(AND(ISBLANK(H162),ISBLANK(I162)),AND(H162="No",ISBLANK(I162))),"",IF(AND(ISBLANK(H162),ISNUMBER(I162)),Lookup!$C$11,IF(AND(H162="Yes",ISBLANK(I162)),Lookup!$C$12,IF(AND(H162="Yes",I162>=G162),Lookup!$C$7,IF(AND(H162="No",I162>=G162),Lookup!$C$8,IF(AND(H162="Yes",I162<G162),Lookup!$C$9,IF(AND(H162="No",I162<G162),Lookup!$C$10,"UnknownCase"))))))),Lookup!$C$13) -> No Medicare Fee Available | L162: No Medicare Fee Available | N162: =IF(ISNUMBER(L162),IF(ISBLANK(M162),"",IF(M162>=L162,Lookup!$C$14,Lookup!$C$15)),Lookup!$C$13) -> No Medicare Fee Available | O162: No Medicare Fee Available | Q162: =IF(ISNUMBER(O162),IF(ISBLANK(P162),"",IF(P162>=O162,Lookup!$C$14,Lookup!$C$15)),Lookup!$C$13) -> No Medicare Fee Available
A163: 82962 | B163: Gluc Bld Glucouse Device Spec Home Use | C163: No Medicare Fee Available | F163: =IF(ISNUMBER(C163),IF(OR(AND(ISBLANK(D163),ISBLANK(E163)),AND(D163="No",ISBLANK(E163))),"",IF(AND(ISBLANK(D163),ISNUMBER(E163)),Lookup!$C$11,IF(AND(D163="Yes",ISBLANK(E163)),Lookup!$C$12,IF(AND(D163="Yes",E163>=C163),Lookup!$C$7,IF(AND(D163="No",E163>=C163),Lookup!$C$8,IF(AND(D163="Yes",E163<C163),Lookup!$C$9,IF(AND(D163="No",E163<C163),Lookup!$C$10,"UnknownCase"))))))),Lookup!$C$13) -> No Medicare Fee Available | G163: No Medicare Fee Available | J163: =IF(ISNUMBER(G163),IF(OR(AND(ISBLANK(H163),ISBLANK(I163)),AND(H163="No",ISBLANK(I163))),"",IF(AND(ISBLANK(H163),ISNUMBER(I163)),Lookup!$C$11,IF(AND(H163="Yes",ISBLANK(I163)),Lookup!$C$12,IF(AND(H163="Yes",I163>=G163),Lookup!$C$7,IF(AND(H163="No",I163>=G163),Lookup!$C$8,IF(AND(H163="Yes",I163<G163),Lookup!$C$9,IF(AND(H163="No",I163<G163),Lookup!$C$10,"UnknownCase"))))))),Lookup!$C$13) -> No Medicare Fee Available | L163: No Medicare Fee Available | N163: =IF(ISNUMBER(L163),IF(ISBLANK(M163),"",IF(M163>=L163,Lookup!$C$14,Lookup!$C$15)),Lookup!$C$13) -> No Medicare Fee Available | O163: No Medicare Fee Available | Q163: =IF(ISNUMBER(O163),IF(ISBLANK(P163),"",IF(P163>=O163,Lookup!$C$14,Lookup!$C$15)),Lookup!$C$13) -> No Medicare Fee Available
A164: 83655 | B164: Assay Of Lead | C164: No Medicare Fee Available | F164: =IF(ISNUMBER(C164),IF(OR(AND(ISBLANK(D164),ISBLANK(E164)),AND(D164="No",ISBLANK(E164))),"",IF(AND(ISBLANK(D164),ISNUMBER(E164)),Lookup!$C$11,IF(AND(D164="Yes",ISBLANK(E164)),Lookup!$C$12,IF(AND(D164="Yes",E164>=C164),Lookup!$C$7,IF(AND(D164="No",E164>=C164),Lookup!$C$8,IF(AND(D164="Yes",E164<C164),Lookup!$C$9,IF(AND(D164="No",E164<C164),Lookup!$C$10,"UnknownCase"))))))),Lookup!$C$13) -> No Medicare Fee Available | G164: No Medicare Fee Available | J164: =IF(ISNUMBER(G164),IF(OR(AND(ISBLANK(H164),ISBLANK(I164)),AND(H164="No",ISBLANK(I164))),"",IF(AND(ISBLANK(H164),ISNUMBER(I164)),Lookup!$C$11,IF(AND(H164="Yes",ISBLANK(I164)),Lookup!$C$12,IF(AND(H164="Yes",I164>=G164),Lookup!$C$7,IF(AND(H164="No",I164>=G164),Lookup!$C$8,IF(AND(H164="Yes",I164<G164),Lookup!$C$9,IF(AND(H164="No",I164<G164),Lookup!$C$10,"UnknownCase"))))))),Lookup!$C$13) -> No Medicare Fee Available | L164: No Medicare Fee Available | N164: =IF(ISNUMBER(L164),IF(ISBLANK(M164),"",IF(M164>=L164,Lookup!$C$14,Lookup!$C$15)),Lookup!$C$13) -> No Medicare Fee Available | O164: No Medicare Fee Available | Q164: =IF(ISNUMBER(O164),IF(ISBLANK(P164),"",IF(P164>=O164,Lookup!$C$14,Lookup!$C$15)),Lookup!$C$13) -> No Medicare Fee Available
... A168: 85018 | B168: Blood Count Hemoglobin | C168: No Medicare Fee Available | F168: =IF(ISNUMBER(C168),IF(OR(AND(ISBLANK(D168),ISBLANK(E168)),AND(D168="No",ISBLANK(E168))),"",IF(AND(ISBLANK(D168),ISNUMBER(E168)),Lookup!$C$11,IF(AND(D168="Yes",ISBLANK(E168)),Lookup!$C$12,IF(AND(D168="Yes",E168>=C168),Lookup!$C$7,IF(AND(D168="No",E168>=C168),Lookup!$C$8,IF(AND(D168="Yes",E168<C168),Lookup!$C$9,IF(AND(D168="No",E168<C168),Lookup!$C$10,"UnknownCase"))))))),Lookup!$C$13) -> No Medicare Fee Available | G168: No Medicare Fee Available | J168: =IF(ISNUMBER(G168),IF(OR(AND(ISBLANK(H168),ISBLANK(I168)),AND(H168="No",ISBLANK(I168))),"",IF(AND(ISBLANK(H168),ISNUMBER(I168)),Lookup!$C$11,IF(AND(H168="Yes",ISBLANK(I168)),Lookup!$C$12,IF(AND(H168="Yes",I168>=G168),Lookup!$C$7,IF(AND(H168="No",I168>=G168),Lookup!$C$8,IF(AND(H168="Yes",I168<G168),Lookup!$C$9,IF(AND(H168="No",I168<G168),Lookup!$C$10,"UnknownCase"))))))),Lookup!$C$13) -> No Medicare Fee Available | L168: No Medicare Fee Available | N168: =IF(ISNUMBER(L168),IF(ISBLANK(M168),"",IF(M168>=L168,Lookup!$C$14,Lookup!$C$15)),Lookup!$C$13) -> No Medicare Fee Available | O168: No Medicare Fee Available | Q168: =IF(ISNUMBER(O168),IF(ISBLANK(P168),"",IF(P168>=O168,Lookup!$C$14,Lookup!$C$15)),Lookup!$C$13) -> No Medicare Fee Available
A169: 86580 | B169: Skin Test Tuberculosis Intradermal | C169: 10.22 | F169: =IF(ISNUMBER(C169),IF(OR(AND(ISBLANK(D169),ISBLANK(E169)),AND(D169="No",ISBLANK(E169))),"",IF(AND(ISBLANK(D169),ISNUMBER(E169)),Lookup!$C$11,IF(AND(D169="Yes",ISBLANK(E169)),Lookup!$C$12,IF(AND(D169="Yes",E169>=C169),Lookup!$C$7,IF(AND(D169="No",E169>=C169),Lookup!$C$8,IF(AND(D169="Yes",E169<C169),Lookup!$C$9,IF(AND(D169="No",E169<C169),Lookup!$C$10,"UnknownCase"))))))),Lookup!$C$13) | G169: 10.22 | J169: =IF(ISNUMBER(G169),IF(OR(AND(ISBLANK(H169),ISBLANK(I169)),AND(H169="No",ISBLANK(I169))),"",IF(AND(ISBLANK(H169),ISNUMBER(I169)),Lookup!$C$11,IF(AND(H169="Yes",ISBLANK(I169)),Lookup!$C$12,IF(AND(H169="Yes",I169>=G169),Lookup!$C$7,IF(AND(H169="No",I169>=G169),Lookup!$C$8,IF(AND(H169="Yes",I169<G169),Lookup!$C$9,IF(AND(H169="No",I169<G169),Lookup!$C$10,"UnknownCase"))))))),Lookup!$C$13) | L169: 9.61 | N169: =IF(ISNUMBER(L169),IF(ISBLANK(M169),"",IF(M169>=L169,Lookup!$C$14,Lookup!$C$15)),Lookup!$C$13) | O169: 9.61 | Q169: =IF(ISNUMBER(O169),IF(ISBLANK(P169),"",IF(P169>=O169,Lookup!$C$14,Lookup!$C$15)),Lookup!$C$13)
A170: 87205 | B170: Smr Prim Src Gram/Giemsa Stain Bct Fungi/Cel | C170: No Medicare Fee Available | F170: =IF(ISNUMBER(C170),IF(OR(AND(ISBLANK(D170),ISBLANK(E170)),AND(D170="No",ISBLANK(E170))),"",IF(AND(ISBLANK(D170),ISNUMBER(E170)),Lookup!$C$11,IF(AND(D170="Yes",ISBLANK(E170)),Lookup!$C$12,IF(AND(D170="Yes",E170>=C170),Lookup!$C$7,IF(AND(D170="No",E170>=C170),Lookup!$C$8,IF(AND(D170="Yes",E170<C170),Lookup!$C$9,IF(AND(D170="No",E170<C170),Lookup!$C$10,"UnknownCase"))))))),Lookup!$C$13) -> No Medicare Fee Available | G170: No Medicare Fee Available | J170: =IF(ISNUMBER(G170),IF(OR(AND(ISBLANK(H170),ISBLANK(I170)),AND(H170="No",ISBLANK(I170))),"",IF(AND(ISBLANK(H170),ISNUMBER(I170)),Lookup!$C$11,IF(AND(H170="Yes",ISBLANK(I170)),Lookup!$C$12,IF(AND(H170="Yes",I170>=G170),Lookup!$C$7,IF(AND(H170="No",I170>=G170),Lookup!$C$8,IF(AND(H170="Yes",I170<G170),Lookup!$C$9,IF(AND(H170="No",I170<G170),Lookup!$C$10,"UnknownCase"))))))),Lookup!$C$13) -> No Medicare Fee Available | L170: No Medicare Fee Available | N170: =IF(ISNUMBER(L170),IF(ISBLANK(M170),"",IF(M170>=L170,Lookup!$C$14,Lookup!$C$15)),Lookup!$C$13) -> No Medicare Fee Available | O170: No Medicare Fee Available | Q170: =IF(ISNUMBER(O170),IF(ISBLANK(P170),"",IF(P170>=O170,Lookup!$C$14,Lookup!$C$15)),Lookup!$C$13) -> No Medicare Fee Available
A171: 87880 | B171: Immunoassay Streptococcus Group A | C171: No Medicare Fee Available | F171: =IF(ISNUMBER(C171),IF(OR(AND(ISBLANK(D171),ISBLANK(E171)),AND(D171="No",ISBLANK(E171))),"",IF(AND(ISBLANK(D171),ISNUMBER(E171)),Lookup!$C$11,IF(AND(D171="Yes",ISBLANK(E171)),Lookup!$C$12,IF(AND(D171="Yes",E171>=C171),Lookup!$C$7,IF(AND(D171="No",E171>=C171),Lookup!$C$8,IF(AND(D171="Yes",E171<C171),Lookup!$C$9,IF(AND(D171="No",E171<C171),Lookup!$C$10,"UnknownCase"))))))),Lookup!$C$13) -> No Medicare Fee Available | G171: No Medicare Fee Available | J171: =IF(ISNUMBER(G171),IF(OR(AND(ISBLANK(H171),ISBLANK(I171)),AND(H171="No",ISBLANK(I171))),"",IF(AND(ISBLANK(H171),ISNUMBER(I171)),Lookup!$C$11,IF(AND(H171="Yes",ISBLANK(I171)),Lookup!$C$12,IF(AND(H171="Yes",I171>=G171),Lookup!$C$7,IF(AND(H171="No",I171>=G171),Lookup!$C$8,IF(AND(H171="Yes",I171<G171),Lookup!$C$9,IF(AND(H171="No",I171<G171),Lookup!$C$10,"UnknownCase"))))))),Lookup!$C$13) -> No Medicare Fee Available | L171: No Medicare Fee Available | N171: =IF(ISNUMBER(L171),IF(ISBLANK(M171),"",IF(M171>=L171,Lookup!$C$14,Lookup!$C$15)),Lookup!$C$13) -> No Medicare Fee Available | O171: No Medicare Fee Available | Q171: =IF(ISNUMBER(O171),IF(ISBLANK(P171),"",IF(P171>=O171,Lookup!$C$14,Lookup!$C$15)),Lookup!$C$13) -> No Medicare Fee Available
A172: 90283 | B172: Immunizations/Injections | C172: No Medicare Fee Available | F172: =IF(ISNUMBER(C172),IF(OR(AND(ISBLANK(D172),ISBLANK(E172)),AND(D172="No",ISBLANK(E172))),"",IF(AND(ISBLANK(D172),ISNUMBER(E172)),Lookup!$C$11,IF(AND(D172="Yes",ISBLANK(E172)),Lookup!$C$12,IF(AND(D172="Yes",E172>=C172),Lookup!$C$7,IF(AND(D172="No",E172>=C172),Lookup!$C$8,IF(AND(D172="Yes",E172<C172),Lookup!$C$9,IF(AND(D172="No",E172<C172),Lookup!$C$10,"UnknownCase"))))))),Lookup!$C$13) -> No Medicare Fee Available | G172: No Medicare Fee Available | J172: =IF(ISNUMBER(G172),IF(OR(AND(ISBLANK(H172),ISBLANK(I172)),AND(H172="No",ISBLANK(I172))),"",IF(AND(ISBLANK(H172),ISNUMBER(I172)),Lookup!$C$11,IF(AND(H172="Yes",ISBLANK(I172)),Lookup!$C$12,IF(AND(H172="Yes",I172>=G172),Lookup!$C$7,IF(AND(H172="No",I172>=G172),Lookup!$C$8,IF(AND(H172="Yes",I172<G172),Lookup!$C$9,IF(AND(H172="No",I172<G172),Lookup!$C$10,"UnknownCase"))))))),Lookup!$C$13) -> No Medicare Fee Available | L172: No Medicare Fee Available | N172: =IF(ISNUMBER(L172),IF(ISBLANK(M172),"",IF(M172>=L172,Lookup!$C$14,Lookup!$C$15)),Lookup!$C$13) -> No Medicare Fee Available | O172: No Medicare Fee Available | Q172: =IF(ISNUMBER(O172),IF(ISBLANK(P172),"",IF(P172>=O172,Lookup!$C$14,Lookup!$C$15)),Lookup!$C$13) -> No Medicare Fee Available
A173: 90460 | B173: Immunization Admin 1St/Only Component 18 Years< | C173: 22.89 | F173: =IF(ISNUMBER(C173),IF(OR(AND(ISBLANK(D173),ISBLANK(E173)),AND(D173="No",ISBLANK(E173))),"",IF(AND(ISBLANK(D173),ISNUMBER(E173)),Lookup!$C$11,IF(AND(D173="Yes",ISBLANK(E173)),Lookup!$C$12,IF(AND(D173="Yes",E173>=C173),Lookup!$C$7,IF(AND(D173="No",E173>=C173),Lookup!$C$8,IF(AND(D173="Yes",E173<C173),Lookup!$C$9,IF(AND(D173="No",E173<C173),Lookup!$C$10,"UnknownCase"))))))),Lookup!$C$13) | G173: 22.89 | J173: =IF(ISNUMBER(G173),IF(OR(AND(ISBLANK(H173),ISBLANK(I173)),AND(H173="No",ISBLANK(I173))),"",IF(AND(ISBLANK(H173),ISNUMBER(I173)),Lookup!$C$11,IF(AND(H173="Yes",ISBLANK(I173)),Lookup!$C$12,IF(AND(H173="Yes",I173>=G173),Lookup!$C$7,IF(AND(H173="No",I173>=G173),Lookup!$C$8,IF(AND(H173="Yes",I173<G173),Lookup!$C$9,IF(AND(H173="No",I173<G173),Lookup!$C$10,"UnknownCase"))))))),Lookup!$C$13) | L173: 22.24 | N173: =IF(ISNUMBER(L173),IF(ISBLANK(M173),"",IF(M173>=L173,Lookup!$C$14,Lookup!$C$15)),Lookup!$C$13) | O173: 22.24 | Q173: =IF(ISNUMBER(O173),IF(ISBLANK(P173),"",IF(P173>=O173,Lookup!$C$14,Lookup!$C$15)),Lookup!$C$13)
A174: 90461 | B174: Immunization Admin Each Addl Component 18 Years< | C174: 8.67 | F174: =IF(ISNUMBER(C174),IF(OR(AND(ISBLANK(D174),ISBLANK(E174)),AND(D174="No",ISBLANK(E174))),"",IF(AND(ISBLANK(D174),ISNUMBER(E174)),Lookup!$C$11,IF(AND(D174="Yes",ISBLANK(E174)),Lookup!$C$12,IF(AND(D174="Yes",E174>=C174),Lookup!$C$7,IF(AND(D174="No",E174>=C174),Lookup!$C$8,IF(AND(D174="Yes",E174<C174),Lookup!$C$9,IF(AND(D174="No",E174<C174),Lookup!$C$10,"UnknownCase"))))))),Lookup!$C$13) | G174: 8.67 | J174: =IF(ISNUMBER(G174),IF(OR(AND(ISBLANK(H174),ISBLANK(I174)),AND(H174="No",ISBLANK(I174))),"",IF(AND(ISBLANK(H174),ISNUMBER(I174)),Lookup!$C$11,IF(AND(H174="Yes",ISBLANK(I174)),Lookup!$C$12,IF(AND(H174="Yes",I174>=G174),Lookup!$C$7,IF(AND(H174="No",I174>=G174),Lookup!$C$8,IF(AND(H174="Yes",I174<G174),Lookup!$C$9,IF(AND(H174="No",I174<G174),Lookup!$C$10,"UnknownCase"))))))),Lookup!$C$13) | L174: 8.43 | N174: =IF(ISNUMBER(L174),IF(ISBLANK(M174),"",IF(M174>=L174,Lookup!$C$14,Lookup!$C$15)),Lookup!$C$13) | O174: 8.43 | Q174: =IF(ISNUMBER(O174),IF(ISBLANK(P174),"",IF(P174>=O174,Lookup!$C$14,Lookup!$C$15)),Lookup!$C$13)
A175: 90471 | B175: Immunization Admin 1 Vaccine Single/Combo | C175: 20.56 | F175: =IF(ISNUMBER(C175),IF(OR(AND(ISBLANK(D175),ISBLANK(E175)),AND(D175="No",ISBLANK(E175))),"",IF(AND(ISBLANK(D175),ISNUMBER(E175)),Lookup!$C$11,IF(AND(D175="Yes",ISBLANK(E175)),Lookup!$C$12,IF(AND(D175="Yes",E175>=C175),Lookup!$C$7,IF(AND(D175="No",E175>=C175),Lookup!$C$8,IF(AND(D175="Yes",E175<C175),Lookup!$C$9,IF(AND(D175="No",E175<C175),Lookup!$C$10,"UnknownCase"))))))),Lookup!$C$13) | G175: 20.56 | J175: =IF(ISNUMBER(G175),IF(OR(AND(ISBLANK(H175),ISBLANK(I175)),AND(H175="No",ISBLANK(I175))),"",IF(AND(ISBLANK(H175),ISNUMBER(I175)),Lookup!$C$11,IF(AND(H175="Yes",ISBLANK(I175)),Lookup!$C$12,IF(AND(H175="Yes",I175>=G175),Lookup!$C$7,IF(AND(H175="No",I175>=G175),Lookup!$C$8,IF(AND(H175="Yes",I175<G175),Lookup!$C$9,IF(AND(H175="No",I175<G175),Lookup!$C$10,"UnknownCase"))))))),Lookup!$C$13) | L175: 19.97 | N175: =IF(ISNUMBER(L175),IF(ISBLANK(M175),"",IF(M175>=L175,Lookup!$C$14,Lookup!$C$15)),Lookup!$C$13) | O175: 19.97 | Q175: =IF(ISNUMBER(O175),IF(ISBLANK(P175),"",IF(P175>=O175,Lookup!$C$14,Lookup!$C$15)),Lookup!$C$13)
A176: 90472 | B176: Immunization Admin Each Add-On Single/Combo | C176: 14.6 | F176: =IF(ISNUMBER(C176),IF(OR(AND(ISBLANK(D176),ISBLANK(E176)),AND(D176="No",ISBLANK(E176))),"",IF(AND(ISBLANK(D176),ISNUMBER(E176)),Lookup!$C$11,IF(AND(D176="Yes",ISBLANK(E176)),Lookup!$C$12,IF(AND(D176="Yes",E176>=C176),Lookup!$C$7,IF(AND(D176="No",E176>=C176),Lookup!$C$8,IF(AND(D176="Yes",E176<C176),Lookup!$C$9,IF(AND(D176="No",E176<C176),Lookup!$C$10,"UnknownCase"))))))),Lookup!$C$13) | G176: 14.6 | J176: =IF(ISNUMBER(G176),IF(OR(AND(ISBLANK(H176),ISBLANK(I176)),AND(H176="No",ISBLANK(I176))),"",IF(AND(ISBLANK(H176),ISNUMBER(I176)),Lookup!$C$11,IF(AND(H176="Yes",ISBLANK(I176)),Lookup!$C$12,IF(AND(H176="Yes",I176>=G176),Lookup!$C$7,IF(AND(H176="No",I176>=G176),Lookup!$C$8,IF(AND(H176="Yes",I176<G176),Lookup!$C$9,IF(AND(H176="No",I176<G176),Lookup!$C$10,"UnknownCase"))))))),Lookup!$C$13) | L176: 14.19 | N176: =IF(ISNUMBER(L176),IF(ISBLANK(M176),"",IF(M176>=L176,Lookup!$C$14,Lookup!$C$15)),Lookup!$C$13) | O176: 14.19 | Q176: =IF(ISNUMBER(O176),IF(ISBLANK(P176),"",IF(P176>=O176,Lookup!$C$14,Lookup!$C$15)),Lookup!$C$13)
A177: 90473 | B177: Immunization Admin Oral/Nasal Single/Combo | C177: 16.59 | F177: =IF(ISNUMBER(C177),IF(OR(AND(ISBLANK(D177),ISBLANK(E177)),AND(D177="No",ISBLANK(E177))),"",IF(AND(ISBLANK(D177),ISNUMBER(E177)),Lookup!$C$11,IF(AND(D177="Yes",ISBLANK(E177)),Lookup!$C$12,IF(AND(D177="Yes",E177>=C177),Lookup!$C$7,IF(AND(D177="No",E177>=C177),Lookup!$C$8,IF(AND(D177="Yes",E177<C177),Lookup!$C$9,IF(AND(D177="No",E177<C177),Lookup!$C$10,"UnknownCase"))))))),Lookup!$C$13) | G177: 16.59 | J177: =IF(ISNUMBER(G177),IF(OR(AND(ISBLANK(H177),ISBLANK(I177)),AND(H177="No",ISBLANK(I177))),"",IF(AND(ISBLANK(H177),ISNUMBER(I177)),Lookup!$C$11,IF(AND(H177="Yes",ISBLANK(I177)),Lookup!$C$12,IF(AND(H177="Yes",I177>=G177),Lookup!$C$7,IF(AND(H177="No",I177>=G177),Lookup!$C$8,IF(AND(H177="Yes",I177<G177),Lookup!$C$9,IF(AND(H177="No",I177<G177),Lookup!$C$10,"UnknownCase"))))))),Lookup!$C$13) | L177: 16.12 | N177: =IF(ISNUMBER(L177),IF(ISBLANK(M177),"",IF(M177>=L177,Lookup!$C$14,Lookup!$C$15)),Lookup!$C$13) | O177: 16.12 | Q177: =IF(ISNUMBER(O177),IF(ISBLANK(P177),"",IF(P177>=O177,Lookup!$C$14,Lookup!$C$15)),Lookup!$C$13)
A178: 90474 | B178: Immunization Admin Oral/Nasal Addl Single/Combo | C178: 11.96 | F178: =IF(ISNUMBER(C178),IF(OR(AND(ISBLANK(D178),ISBLANK(E178)),AND(D178="No",ISBLANK(E178))),"",IF(AND(ISBLANK(D178),ISNUMBER(E178)),Lookup!$C$11,IF(AND(D178="Yes",ISBLANK(E178)),Lookup!$C$12,IF(AND(D178="Yes",E178>=C178),Lookup!$C$7,IF(AND(D178="No",E178>=C178),Lookup!$C$8,IF(AND(D178="Yes",E178<C178),Lookup!$C$9,IF(AND(D178="No",E178<C178),Lookup!$C$10,"UnknownCase"))))))),Lookup!$C$13) | G178: 11.96 | J178: =IF(ISNUMBER(G178),IF(OR(AND(ISBLANK(H178),ISBLANK(I178)),AND(H178="No",ISBLANK(I178))),"",IF(AND(ISBLANK(H178),ISNUMBER(I178)),Lookup!$C$11,IF(AND(H178="Yes",ISBLANK(I178)),Lookup!$C$12,IF(AND(H178="Yes",I178>=G178),Lookup!$C$7,IF(AND(H178="No",I178>=G178),Lookup!$C$8,IF(AND(H178="Yes",I178<G178),Lookup!$C$9,IF(AND(H178="No",I178<G178),Lookup!$C$10,"UnknownCase"))))))),Lookup!$C$13) | L178: 11.62 | N178: =IF(ISNUMBER(L178),IF(ISBLANK(M178),"",IF(M178>=L178,Lookup!$C$14,Lookup!$C$15)),Lookup!$C$13) | O178: 11.62 | Q178: =IF(ISNUMBER(O178),IF(ISBLANK(P178),"",IF(P178>=O178,Lookup!$C$14,Lookup!$C$15)),Lookup!$C$13)
A179: 90791 | B179: Psych Diagnostic Evaluation | C179: 172.75 | F179: =IF(ISNUMBER(C179),IF(OR(AND(ISBLANK(D179),ISBLANK(E179)),AND(D179="No",ISBLANK(E179))),"",IF(AND(ISBLANK(D179),ISNUMBER(E179)),Lookup!$C$11,IF(AND(D179="Yes",ISBLANK(E179)),Lookup!$C$12,IF(AND(D179="Yes",E179>=C179),Lookup!$C$7,IF(AND(D179="No",E179>=C179),Lookup!$C$8,IF(AND(D179="Yes",E179<C179),Lookup!$C$9,IF(AND(D179="No",E179<C179),Lookup!$C$10,"UnknownCase"))))))),Lookup!$C$13) | G179: 172.75 | J179: =IF(ISNUMBER(G179),IF(OR(AND(ISBLANK(H179),ISBLANK(I179)),AND(H179="No",ISBLANK(I179))),"",IF(AND(ISBLANK(H179),ISNUMBER(I179)),Lookup!$C$11,IF(AND(H179="Yes",ISBLANK(I179)),Lookup!$C$12,IF(AND(H179="Yes",I179>=G179),Lookup!$C$7,IF(AND(H179="No",I179>=G179),Lookup!$C$8,IF(AND(H179="Yes",I179<G179),Lookup!$C$9,IF(AND(H179="No",I179<G179),Lookup!$C$10,"UnknownCase"))))))),Lookup!$C$13) | L179: 167.55 | N179: =IF(ISNUMBER(L179),IF(ISBLANK(M179),"",IF(M179>=L179,Lookup!$C$14,Lookup!$C$15)),Lookup!$C$13) | O179: 167.55 | Q179: =IF(ISNUMBER(O179),IF(ISBLANK(P179),"",IF(P179>=O179,Lookup!$C$14,Lookup!$C$15)),Lookup!$C$13)
A180: 90792 | B180: Psych Diag Eval W/Med Services | C180: 194.29 | F180: =IF(ISNUMBER(C180),IF(OR(AND(ISBLANK(D180),ISBLANK(E180)),AND(D180="No",ISBLANK(E180))),"",IF(AND(ISBLANK(D180),ISNUMBER(E180)),Lookup!$C$11,IF(AND(D180="Yes",ISBLANK(E180)),Lookup!$C$12,IF(AND(D180="Yes",E180>=C180),Lookup!$C$7,IF(AND(D180="No",E180>=C180),Lookup!$C$8,IF(AND(D180="Yes",E180<C180),Lookup!$C$9,IF(AND(D180="No",E180<C180),Lookup!$C$10,"UnknownCase"))))))),Lookup!$C$13) | G180: 194.29 | J180: =IF(ISNUMBER(G180),IF(OR(AND(ISBLANK(H180),ISBLANK(I180)),AND(H180="No",ISBLANK(I180))),"",IF(AND(ISBLANK(H180),ISNUMBER(I180)),Lookup!$C$11,IF(AND(H180="Yes",ISBLANK(I180)),Lookup!$C$12,IF(AND(H180="Yes",I180>=G180),Lookup!$C$7,IF(AND(H180="No",I180>=G180),Lookup!$C$8,IF(AND(H180="Yes",I180<G180),Lookup!$C$9,IF(AND(H180="No",I180<G180),Lookup!$C$10,"UnknownCase"))))))),Lookup!$C$13) | L180: 188.49 | N180: =IF(ISNUMBER(L180),IF(ISBLANK(M180),"",IF(M180>=L180,Lookup!$C$14,Lookup!$C$15)),Lookup!$C$13) | O180: 188.49 | Q180: =IF(ISNUMBER(O180),IF(ISBLANK(P180),"",IF(P180>=O180,Lookup!$C$14,Lookup!$C$15)),Lookup!$C$13)
A181: 90887 | B181: Consultation with family | C181: No Medicare Fee Available | F181: =IF(ISNUMBER(C181),IF(OR(AND(ISBLANK(D181),ISBLANK(E181)),AND(D181="No",ISBLANK(E181))),"",IF(AND(ISBLANK(D181),ISNUMBER(E181)),Lookup!$C$11,IF(AND(D181="Yes",ISBLANK(E181)),Lookup!$C$12,IF(AND(D181="Yes",E181>=C181),Lookup!$C$7,IF(AND(D181="No",E181>=C181),Lookup!$C$8,IF(AND(D181="Yes",E181<C181),Lookup!$C$9,IF(AND(D181="No",E181<C181),Lookup!$C$10,"UnknownCase"))))))),Lookup!$C$13) -> No Medicare Fee Available | G181: No Medicare Fee Available | J181: =IF(ISNUMBER(G181),IF(OR(AND(ISBLANK(H181),ISBLANK(I181)),AND(H181="No",ISBLANK(I181))),"",IF(AND(ISBLANK(H181),ISNUMBER(I181)),Lookup!$C$11,IF(AND(H181="Yes",ISBLANK(I181)),Lookup!$C$12,IF(AND(H181="Yes",I181>=G181),Lookup!$C$7,IF(AND(H181="No",I181>=G181),Lookup!$C$8,IF(AND(H181="Yes",I181<G181),Lookup!$C$9,IF(AND(H181="No",I181<G181),Lookup!$C$10,"UnknownCase"))))))),Lookup!$C$13) -> No Medicare Fee Available | L181: No Medicare Fee Available | N181: =IF(ISNUMBER(L181),IF(ISBLANK(M181),"",IF(M181>=L181,Lookup!$C$14,Lookup!$C$15)),Lookup!$C$13) -> No Medicare Fee Available | O181: No Medicare Fee Available | Q181: =IF(ISNUMBER(O181),IF(ISBLANK(P181),"",IF(P181>=O181,Lookup!$C$14,Lookup!$C$15)),Lookup!$C$13) -> No Medicare Fee Available
A182: 90889 | B182: Provider prepares report on Pt's mental state for other providers of care | C182: No Medicare Fee Available | F182: =IF(ISNUMBER(C182),IF(OR(AND(ISBLANK(D182),ISBLANK(E182)),AND(D182="No",ISBLANK(E182))),"",IF(AND(ISBLANK(D182),ISNUMBER(E182)),Lookup!$C$11,IF(AND(D182="Yes",ISBLANK(E182)),Lookup!$C$12,IF(AND(D182="Yes",E182>=C182),Lookup!$C$7,IF(AND(D182="No",E182>=C182),Lookup!$C$8,IF(AND(D182="Yes",E182<C182),Lookup!$C$9,IF(AND(D182="No",E182<C182),Lookup!$C$10,"UnknownCase"))))))),Lookup!$C$13) -> No Medicare Fee Available | G182: No Medicare Fee Available | J182: =IF(ISNUMBER(G182),IF(OR(AND(ISBLANK(H182),ISBLANK(I182)),AND(H182="No",ISBLANK(I182))),"",IF(AND(ISBLANK(H182),ISNUMBER(I182)),Lookup!$C$11,IF(AND(H182="Yes",ISBLANK(I182)),Lookup!$C$12,IF(AND(H182="Yes",I182>=G182),Lookup!$C$7,IF(AND(H182="No",I182>=G182),Lookup!$C$8,IF(AND(H182="Yes",I182<G182),Lookup!$C$9,IF(AND(H182="No",I182<G182),Lookup!$C$10,"UnknownCase"))))))),Lookup!$C$13) -> No Medicare Fee Available | L182: No Medicare Fee Available | N182: =IF(ISNUMBER(L182),IF(ISBLANK(M182),"",IF(M182>=L182,Lookup!$C$14,Lookup!$C$15)),Lookup!$C$13) -> No Medicare Fee Available | O182: No Medicare Fee Available | Q182: =IF(ISNUMBER(O182),IF(ISBLANK(P182),"",IF(P182>=O182,Lookup!$C$14,Lookup!$C$15)),Lookup!$C$13) -> No Medicare Fee Available
A183: 92551 | B183: Pure Tone Hearing Test Air | C183: No Medicare Fee Available | F183: =IF(ISNUMBER(C183),IF(OR(AND(ISBLANK(D183),ISBLANK(E183)),AND(D183="No",ISBLANK(E183))),"",IF(AND(ISBLANK(D183),ISNUMBER(E183)),Lookup!$C$11,IF(AND(D183="Yes",ISBLANK(E183)),Lookup!$C$12,IF(AND(D183="Yes",E183>=C183),Lookup!$C$7,IF(AND(D183="No",E183>=C183),Lookup!$C$8,IF(AND(D183="Yes",E183<C183),Lookup!$C$9,IF(AND(D183="No",E183<C183),Lookup!$C$10,"UnknownCase"))))))),Lookup!$C$13) -> No Medicare Fee Available | G183: No Medicare Fee Available | J183: =IF(ISNUMBER(G183),IF(OR(AND(ISBLANK(H183),ISBLANK(I183)),AND(H183="No",ISBLANK(I183))),"",IF(AND(ISBLANK(H183),ISNUMBER(I183)),Lookup!$C$11,IF(AND(H183="Yes",ISBLANK(I183)),Lookup!$C$12,IF(AND(H183="Yes",I183>=G183),Lookup!$C$7,IF(AND(H183="No",I183>=G183),Lookup!$C$8,IF(AND(H183="Yes",I183<G183),Lookup!$C$9,IF(AND(H183="No",I183<G183),Lookup!$C$10,"UnknownCase"))))))),Lookup!$C$13) -> No Medicare Fee Available | L183: No Medicare Fee Available | N183: =IF(ISNUMBER(L183),IF(ISBLANK(M183),"",IF(M183>=L183,Lookup!$C$14,Lookup!$C$15)),Lookup!$C$13) -> No Medicare Fee Available | O183: No Medicare Fee Available | Q183: =IF(ISNUMBER(O183),IF(ISBLANK(P183),"",IF(P183>=O183,Lookup!$C$14,Lookup!$C$15)),Lookup!$C$13) -> No Medicare Fee Available
A184: 92552 | B184: Pure Tone Audiometry Air | C184: 37.63 | F184: =IF(ISNUMBER(C184),IF(OR(AND(ISBLANK(D184),ISBLANK(E184)),AND(D184="No",ISBLANK(E184))),"",IF(AND(ISBLANK(D184),ISNUMBER(E184)),Lookup!$C$11,IF(AND(D184="Yes",ISBLANK(E184)),Lookup!$C$12,IF(AND(D184="Yes",E184>=C184),Lookup!$C$7,IF(AND(D184="No",E184>=C184),Lookup!$C$8,IF(AND(D184="Yes",E184<C184),Lookup!$C$9,IF(AND(D184="No",E184<C184),Lookup!$C$10,"UnknownCase"))))))),Lookup!$C$13) | G184: 37.63 | J184: =IF(ISNUMBER(G184),IF(OR(AND(ISBLANK(H184),ISBLANK(I184)),AND(H184="No",ISBLANK(I184))),"",IF(AND(ISBLANK(H184),ISNUMBER(I184)),Lookup!$C$11,IF(AND(H184="Yes",ISBLANK(I184)),Lookup!$C$12,IF(AND(H184="Yes",I184>=G184),Lookup!$C$7,IF(AND(H184="No",I184>=G184),Lookup!$C$8,IF(AND(H184="Yes",I184<G184),Lookup!$C$9,IF(AND(H184="No",I184<G184),Lookup!$C$10,"UnknownCase"))))))),Lookup!$C$13) | L184: 38.49 | N184: =IF(ISNUMBER(L184),IF(ISBLANK(M184),"",IF(M184>=L184,Lookup!$C$14,Lookup!$C$15)),Lookup!$C$13) | O184: 38.49 | Q184: =IF(ISNUMBER(O184),IF(ISBLANK(P184),"",IF(P184>=O184,Lookup!$C$14,Lookup!$C$15)),Lookup!$C$13)
A185: 92558 | B185: Evoked Auditory Test Qual | C185: No Medicare Fee Available | F185: =IF(ISNUMBER(C185),IF(OR(AND(ISBLANK(D185),ISBLANK(E185)),AND(D185="No",ISBLANK(E185))),"",IF(AND(ISBLANK(D185),ISNUMBER(E185)),Lookup!$C$11,IF(AND(D185="Yes",ISBLANK(E185)),Lookup!$C$12,IF(AND(D185="Yes",E185>=C185),Lookup!$C$7,IF(AND(D185="No",E185>=C185),Lookup!$C$8,IF(AND(D185="Yes",E185<C185),Lookup!$C$9,IF(AND(D185="No",E185<C185),Lookup!$C$10,"UnknownCase"))))))),Lookup!$C$13) -> No Medicare Fee Available | G185: No Medicare Fee Available | J185: =IF(ISNUMBER(G185),IF(OR(AND(ISBLANK(H185),ISBLANK(I185)),AND(H185="No",ISBLANK(I185))),"",IF(AND(ISBLANK(H185),ISNUMBER(I185)),Lookup!$C$11,IF(AND(H185="Yes",ISBLANK(I185)),Lookup!$C$12,IF(AND(H185="Yes",I185>=G185),Lookup!$C$7,IF(AND(H185="No",I185>=G185),Lookup!$C$8,IF(AND(H185="Yes",I185<G185),Lookup!$C$9,IF(AND(H185="No",I185<G185),Lookup!$C$10,"UnknownCase"))))))),Lookup!$C$13) -> No Medicare Fee Available | L185: No Medicare Fee Available | N185: =IF(ISNUMBER(L185),IF(ISBLANK(M185),"",IF(M185>=L185,Lookup!$C$14,Lookup!$C$15)),Lookup!$C$13) -> No Medicare Fee Available | O185: No Medicare Fee Available | Q185: =IF(ISNUMBER(O185),IF(ISBLANK(P185),"",IF(P185>=O185,Lookup!$C$14,Lookup!$C$15)),Lookup!$C$13) -> No Medicare Fee Available
A186: 92567 | B186: Tympanometry | C186: 16.28 | F186: =IF(ISNUMBER(C186),IF(OR(AND(ISBLANK(D186),ISBLANK(E186)),AND(D186="No",ISBLANK(E186))),"",IF(AND(ISBLANK(D186),ISNUMBER(E186)),Lookup!$C$11,IF(AND(D186="Yes",ISBLANK(E186)),Lookup!$C$12,IF(AND(D186="Yes",E186>=C186),Lookup!$C$7,IF(AND(D186="No",E186>=C186),Lookup!$C$8,IF(AND(D186="Yes",E186<C186),Lookup!$C$9,IF(AND(D186="No",E186<C186),Lookup!$C$10,"UnknownCase"))))))),Lookup!$C$13) | G186: 16.28 | J186: =IF(ISNUMBER(G186),IF(OR(AND(ISBLANK(H186),ISBLANK(I186)),AND(H186="No",ISBLANK(I186))),"",IF(AND(ISBLANK(H186),ISNUMBER(I186)),Lookup!$C$11,IF(AND(H186="Yes",ISBLANK(I186)),Lookup!$C$12,IF(AND(H186="Yes",I186>=G186),Lookup!$C$7,IF(AND(H186="No",I186>=G186),Lookup!$C$8,IF(AND(H186="Yes",I186<G186),Lookup!$C$9,IF(AND(H186="No",I186<G186),Lookup!$C$10,"UnknownCase"))))))),Lookup!$C$13) | L186: 15.5 | N186: =IF(ISNUMBER(L186),IF(ISBLANK(M186),"",IF(M186>=L186,Lookup!$C$14,Lookup!$C$15)),Lookup!$C$13) | O186: 15.5 | Q186: =IF(ISNUMBER(O186),IF(ISBLANK(P186),"",IF(P186>=O186,Lookup!$C$14,Lookup!$C$15)),Lookup!$C$13)
...

Sheet 2a. Medicare Parity FFS UP
A1: Please Indicate Market Segment:
E2: Total Potential Underpayment (Facility) | F2: =SUM($F$6:$F$1048576) -> 0 | J2: Total Potential Underpayment (Non-Facility) | K2: =SUM($K$6:$K$1048576) -> 0
E3: 2024 | J3: 2024
E4: Facility Price | J4: Non-Facility Price
A5: Code | B5: Description | C5: Medicare Fee for Delaware (Non-Facility) | D5: Allowed Amount | E5: Utilization | F5: Potential Underpayment | G5: Business Rule or Other Explanation Re: Column D lower than Medicare | H5: Medicare Fee for Delaware (Non-Facility) | I5: Allowed Amount | J5: Utilization | K5: Potential Underpayment | L5: Business Rule or Other Explanation Re: Column I lower than Medicare
B6: =IFERROR(VLOOKUP(A6,'2. Medicare Parity FFS'!$A$4:$G$998,2,0),"") | C6: =IFERROR(VLOOKUP(A6,'2. Medicare Parity FFS'!$A$4:$G$998,3,0),"") | F6: =IF(ISNUMBER(C6),IF(AND(ISBLANK(D6),ISBLANK(E6)),"",IF(ISBLANK(D6),Lookup!$C$16,IF(D6>=C6,0,(C6-D6)*E6))),0) -> 0 | H6: =IFERROR(VLOOKUP(A6,'2. Medicare Parity FFS'!$A$4:$G$998,7,0),"") | K6: =IF(ISNUMBER(H6),IF(AND(ISBLANK(I6),ISBLANK(J6)),"",IF(ISBLANK(I6),Lookup!$C$16,IF(I6>=H6,0,(H6-I6)*J6))),0) -> 0
B7: =IFERROR(VLOOKUP(A7,'2. Medicare Parity FFS'!$A$4:$G$998,2,0),"") | C7: =IFERROR(VLOOKUP(A7,'2. Medicare Parity FFS'!$A$4:$G$998,3,0),"") | F7: =IF(ISNUMBER(C7),IF(AND(ISBLANK(D7),ISBLANK(E7)),"",IF(ISBLANK(D7),Lookup!$C$16,IF(D7>=C7,0,(C7-D7)*E7))),0) -> 0 | H7: =IFERROR(VLOOKUP(A7,'2. Medicare Parity FFS'!$A$4:$G$998,7,0),"") | K7: =IF(ISNUMBER(H7),IF(AND(ISBLANK(I7),ISBLANK(J7)),"",IF(ISBLANK(I7),Lookup!$C$16,IF(I7>=H7,0,(H7-I7)*J7))),0) -> 0
B8: =IFERROR(VLOOKUP(A8,'2. Medicare Parity FFS'!$A$4:$G$998,2,0),"") | C8: =IFERROR(VLOOKUP(A8,'2. Medicare Parity FFS'!$A$4:$G$998,3,0),"") | F8: =IF(ISNUMBER(C8),IF(AND(ISBLANK(D8),ISBLANK(E8)),"",IF(ISBLANK(D8),Lookup!$C$16,IF(D8>=C8,0,(C8-D8)*E8))),0) -> 0 | H8: =IFERROR(VLOOKUP(A8,'2. Medicare Parity FFS'!$A$4:$G$998,7,0),"") | K8: =IF(ISNUMBER(H8),IF(AND(ISBLANK(I8),ISBLANK(J8)),"",IF(ISBLANK(I8),Lookup!$C$16,IF(I8>=H8,0,(H8-I8)*J8))),0) -> 0
B9: =IFERROR(VLOOKUP(A9,'2. Medicare Parity FFS'!$A$4:$G$998,2,0),"") | C9: =IFERROR(VLOOKUP(A9,'2. Medicare Parity FFS'!$A$4:$G$998,3,0),"") | F9: =IF(ISNUMBER(C9),IF(AND(ISBLANK(D9),ISBLANK(E9)),"",IF(ISBLANK(D9),Lookup!$C$16,IF(D9>=C9,0,(C9-D9)*E9))),0) -> 0 | H9: =IFERROR(VLOOKUP(A9,'2. Medicare Parity FFS'!$A$4:$G$998,7,0),"") | K9: =IF(ISNUMBER(H9),IF(AND(ISBLANK(I9),ISBLANK(J9)),"",IF(ISBLANK(I9),Lookup!$C$16,IF(I9>=H9,0,(H9-I9)*J9))),0) -> 0
B10: =IFERROR(VLOOKUP(A10,'2. Medicare Parity FFS'!$A$4:$G$998,2,0),"") | C10: =IFERROR(VLOOKUP(A10,'2. Medicare Parity FFS'!$A$4:$G$998,3,0),"") | F10: =IF(ISNUMBER(C10),IF(AND(ISBLANK(D10),ISBLANK(E10)),"",IF(ISBLANK(D10),Lookup!$C$16,IF(D10>=C10,0,(C10-D10)*E10))),0) -> 0 | H10: =IFERROR(VLOOKUP(A10,'2. Medicare Parity FFS'!$A$4:$G$998,7,0),"") | K10: =IF(ISNUMBER(H10),IF(AND(ISBLANK(I10),ISBLANK(J10)),"",IF(ISBLANK(I10),Lookup!$C$16,IF(I10>=H10,0,(H10-I10)*J10))),0) -> 0
B11: =IFERROR(VLOOKUP(A11,'2. Medicare Parity FFS'!$A$4:$G$998,2,0),"") | C11: =IFERROR(VLOOKUP(A11,'2. Medicare Parity FFS'!$A$4:$G$998,3,0),"") | F11: =IF(ISNUMBER(C11),IF(AND(ISBLANK(D11),ISBLANK(E11)),"",IF(ISBLANK(D11),Lookup!$C$16,IF(D11>=C11,0,(C11-D11)*E11))),0) -> 0 | H11: =IFERROR(VLOOKUP(A11,'2. Medicare Parity FFS'!$A$4:$G$998,7,0),"") | K11: =IF(ISNUMBER(H11),IF(AND(ISBLANK(I11),ISBLANK(J11)),"",IF(ISBLANK(I11),Lookup!$C$16,IF(I11>=H11,0,(H11-I11)*J11))),0) -> 0
B12: =IFERROR(VLOOKUP(A12,'2. Medicare Parity FFS'!$A$4:$G$998,2,0),"") | C12: =IFERROR(VLOOKUP(A12,'2. Medicare Parity FFS'!$A$4:$G$998,3,0),"") | F12: =IF(ISNUMBER(C12),IF(AND(ISBLANK(D12),ISBLANK(E12)),"",IF(ISBLANK(D12),Lookup!$C$16,IF(D12>=C12,0,(C12-D12)*E12))),0) -> 0 | H12: =IFERROR(VLOOKUP(A12,'2. Medicare Parity FFS'!$A$4:$G$998,7,0),"") | K12: =IF(ISNUMBER(H12),IF(AND(ISBLANK(I12),ISBLANK(J12)),"",IF(ISBLANK(I12),Lookup!$C$16,IF(I12>=H12,0,(H12-I12)*J12))),0) -> 0
B13: =IFERROR(VLOOKUP(A13,'2. Medicare Parity FFS'!$A$4:$G$998,2,0),"") | C13: =IFERROR(VLOOKUP(A13,'2. Medicare Parity FFS'!$A$4:$G$998,3,0),"") | F13: =IF(ISNUMBER(C13),IF(AND(ISBLANK(D13),ISBLANK(E13)),"",IF(ISBLANK(D13),Lookup!$C$16,IF(D13>=C13,0,(C13-D13)*E13))),0) -> 0 | H13: =IFERROR(VLOOKUP(A13,'2. Medicare Parity FFS'!$A$4:$G$998,7,0),"") | K13: =IF(ISNUMBER(H13),IF(AND(ISBLANK(I13),ISBLANK(J13)),"",IF(ISBLANK(I13),Lookup!$C$16,IF(I13>=H13,0,(H13-I13)*J13))),0) -> 0
B14: =IFERROR(VLOOKUP(A14,'2. Medicare Parity FFS'!$A$4:$G$998,2,0),"") | C14: =IFERROR(VLOOKUP(A14,'2. Medicare Parity FFS'!$A$4:$G$998,3,0),"") | F14: =IF(ISNUMBER(C14),IF(AND(ISBLANK(D14),ISBLANK(E14)),"",IF(ISBLANK(D14),Lookup!$C$16,IF(D14>=C14,0,(C14-D14)*E14))),0) -> 0 | H14: =IFERROR(VLOOKUP(A14,'2. Medicare Parity FFS'!$A$4:$G$998,7,0),"") | K14: =IF(ISNUMBER(H14),IF(AND(ISBLANK(I14),ISBLANK(J14)),"",IF(ISBLANK(I14),Lookup!$C$16,IF(I14>=H14,0,(H14-I14)*J14))),0) -> 0
B15: =IFERROR(VLOOKUP(A15,'2. Medicare Parity FFS'!$A$4:$G$998,2,0),"") | C15: =IFERROR(VLOOKUP(A15,'2. Medicare Parity FFS'!$A$4:$G$998,3,0),"") | F15: =IF(ISNUMBER(C15),IF(AND(ISBLANK(D15),ISBLANK(E15)),"",IF(ISBLANK(D15),Lookup!$C$16,IF(D15>=C15,0,(C15-D15)*E15))),0) -> 0 | H15: =IFERROR(VLOOKUP(A15,'2. Medicare Parity FFS'!$A$4:$G$998,7,0),"") | K15: =IF(ISNUMBER(H15),IF(AND(ISBLANK(I15),ISBLANK(J15)),"",IF(ISBLANK(I15),Lookup!$C$16,IF(I15>=H15,0,(H15-I15)*J15))),0) -> 0
B16: =IFERROR(VLOOKUP(A16,'2. Medicare Parity FFS'!$A$4:$G$998,2,0),"") | C16: =IFERROR(VLOOKUP(A16,'2. Medicare Parity FFS'!$A$4:$G$998,3,0),"") | F16: =IF(ISNUMBER(C16),IF(AND(ISBLANK(D16),ISBLANK(E16)),"",IF(ISBLANK(D16),Lookup!$C$16,IF(D16>=C16,0,(C16-D16)*E16))),0) -> 0 | H16: =IFERROR(VLOOKUP(A16,'2. Medicare Parity FFS'!$A$4:$G$998,7,0),"") | K16: =IF(ISNUMBER(H16),IF(AND(ISBLANK(I16),ISBLANK(J16)),"",IF(ISBLANK(I16),Lookup!$C$16,IF(I16>=H16,0,(H16-I16)*J16))),0) -> 0
B17: =IFERROR(VLOOKUP(A17,'2. Medicare Parity FFS'!$A$4:$G$998,2,0),"") | C17: =IFERROR(VLOOKUP(A17,'2. Medicare Parity FFS'!$A$4:$G$998,3,0),"") | F17: =IF(ISNUMBER(C17),IF(AND(ISBLANK(D17),ISBLANK(E17)),"",IF(ISBLANK(D17),Lookup!$C$16,IF(D17>=C17,0,(C17-D17)*E17))),0) -> 0 | H17: =IFERROR(VLOOKUP(A17,'2. Medicare Parity FFS'!$A$4:$G$998,7,0),"") | K17: =IF(ISNUMBER(H17),IF(AND(ISBLANK(I17),ISBLANK(J17)),"",IF(ISBLANK(I17),Lookup!$C$16,IF(I17>=H17,0,(H17-I17)*J17))),0) -> 0
... B203: =IFERROR(VLOOKUP(A203,'2. Medicare Parity FFS'!$A$4:$G$998,2,0),"") | C203: =IFERROR(VLOOKUP(A203,'2. Medicare Parity FFS'!$A$4:$G$998,3,0),"") | F203: =IF(ISNUMBER(C203),IF(AND(ISBLANK(D203),ISBLANK(E203)),"",IF(ISBLANK(D203),Lookup!$C$16,IF(D203>=C203,0,(C203-D203)*E203))),0) -> 0 | H203: =IFERROR(VLOOKUP(A203,'2. Medicare Parity FFS'!$A$4:$G$998,7,0),"") | K203: =IF(ISNUMBER(H203),IF(AND(ISBLANK(I203),ISBLANK(J203)),"",IF(ISBLANK(I203),Lookup!$C$16,IF(I203>=H203,0,(H203-I203)*J203))),0) -> 0

Sheet 2b. Medicare Parity NonFFS
A1: Please Report all Market Segments Combined
A3: Question Number | B3: Question | C3: Response
A4: 1 | B4: Does your organization's list of providers participating in care transformation include all practices participating in your organization's primary care incentive programs, the National Committee for Quality Assurance Patient-Centered Medical Home certification program, and Primary Care First (PCF)?
A5: 2 | B5: If no to question 1, please explain.
A6: 3 | B6: Do you plan to participate in the Delaware Primary Care Model?

Sheet 3. PC %Spend DE Attributed Memb
A1: Please Indicate Market Segment:
A2: Reminder: Please use OVBHCD Primary Care definition
C3: HISTORICAL
C5: CY 2022 | H5: CY 2023 | M5: CY 2023 / CY 2022 | P5: CY 2024 | U5: CY 2024 / CY 2023 | Z5: CY 2022 | AB5: CY 2023 | AD5: CY 2024
C6: Completed and Incurred ($) | D6: Completed and Incurred PMPM | E6: Allowed ($) | F6: Allowed PMPM | H6: Completed and Incurred ($) | I6: Completed and Incurred PMPM | J6: Allowed ($) | K6: Allowed PMPM | M6: Completed and Incurred PMPM Trend | N6: Allowed PMPM Trend | P6: Completed and Incurred ($) | Q6: Completed and Incurred PMPM | R6: Allowed ($) | S6: Allowed PMPM | U6: Completed and Incurred PMPM Trend | V6: Allowed PMPM Trend | Z6: Aggregate Utilization | AB6: Aggregate Utilization | AD6: Aggregate Utilization
B7: Inpatient Hospital | D7: =IF($E$38=0,0,C7/$E$38) -> 0 | F7: =IF($E$38=0,0,E7/$E$38) -> 0 | I7: =IF($J$38=0,0,H7/$J$38) -> 0 | K7: =IF($J$38=0,0,J7/$J$38) -> 0 | M7: =IF(D7=0,0,I7/D7-1) -> 0 | N7: =IF(F7=0,0,K7/F7-1) -> 0 | Q7: =IF($R$38=0,0,P7/$R$38) -> 0 | S7: =IF($R$38=0,0,R7/$R$38) -> 0 | U7: =IF(I7=0,0,Q7/I7-1) -> 0 | V7: =IF(K7=0,0,S7/K7-1) -> 0 | Y7: Primary Care (Professional)
B8: Outpatient Hospital | D8: =IF($E$38=0,0,C8/$E$38) -> 0 | F8: =IF($E$38=0,0,E8/$E$38) -> 0 | I8: =IF($J$38=0,0,H8/$J$38) -> 0 | K8: =IF($J$38=0,0,J8/$J$38) -> 0 | M8: =IF(D8=0,0,I8/D8-1) -> 0 | N8: =IF(F8=0,0,K8/F8-1) -> 0 | Q8: =IF($R$38=0,0,P8/$R$38) -> 0 | S8: =IF($R$38=0,0,R8/$R$38) -> 0 | U8: =IF(I8=0,0,Q8/I8-1) -> 0 | V8: =IF(K8=0,0,S8/K8-1) -> 0
B9: Professional | D9: =IF($E$38=0,0,C9/$E$38) -> 0 | F9: =IF($E$38=0,0,E9/$E$38) -> 0 | I9: =IF($J$38=0,0,H9/$J$38) -> 0 | K9: =IF($J$38=0,0,J9/$J$38) -> 0 | M9: =IF(D9=0,0,I9/D9-1) -> 0 | N9: =IF(F9=0,0,K9/F9-1) -> 0 | Q9: =IF($R$38=0,0,P9/$R$38) -> 0 | S9: =IF($R$38=0,0,R9/$R$38) -> 0 | U9: =IF(I9=0,0,Q9/I9-1) -> 0 | V9: =IF(K9=0,0,S9/K9-1) -> 0
B10: Other Medical | D10: =IF($E$38=0,0,C10/$E$38) -> 0 | F10: =IF($E$38=0,0,E10/$E$38) -> 0 | I10: =IF($J$38=0,0,H10/$J$38) -> 0 | K10: =IF($J$38=0,0,J10/$J$38) -> 0 | M10: =IF(D10=0,0,I10/D10-1) -> 0 | N10: =IF(F10=0,0,K10/F10-1) -> 0 | Q10: =IF($R$38=0,0,P10/$R$38) -> 0 | S10: =IF($R$38=0,0,R10/$R$38) -> 0 | U10: =IF(I10=0,0,Q10/I10-1) -> 0 | V10: =IF(K10=0,0,S10/K10-1) -> 0
B12: Capitation
B14: Primary Care Incentive Programs | D14: =IF($E$38=0,0,C14/$E$38) -> 0 | F14: =IF($E$38=0,0,E14/$E$38) -> 0 | I14: =IF($J$38=0,0,H14/$J$38) -> 0 | K14: =IF($J$38=0,0,J14/$J$38) -> 0 | M14: =IF(D14=0,0,I14/D14-1) -> 0 | N14: =IF(F14=0,0,K14/F14-1) -> 0 | Q14: =IF($R$38=0,0,P14/$R$38) -> 0 | S14: =IF($R$38=0,0,R14/$R$38) -> 0 | U14: =IF(I14=0,0,Q14/I14-1) -> 0 | V14: =IF(K14=0,0,S14/K14-1) -> 0
B15: Incentive Programs for Services Other than Primary Care | D15: =IF($E$38=0,0,C15/$E$38) -> 0 | F15: =IF($E$38=0,0,E15/$E$38) -> 0 | I15: =IF($J$38=0,0,H15/$J$38) -> 0 | K15: =IF($J$38=0,0,J15/$J$38) -> 0 | M15: =IF(D15=0,0,I15/D15-1) -> 0 | N15: =IF(F15=0,0,K15/F15-1) -> 0 | Q15: =IF($R$38=0,0,P15/$R$38) -> 0 | S15: =IF($R$38=0,0,R15/$R$38) -> 0 | U15: =IF(I15=0,0,Q15/I15-1) -> 0 | V15: =IF(K15=0,0,S15/K15-1) -> 0
B16: Primary Care Capitation | D16: =IF($E$38=0,0,C16/$E$38) -> 0 | F16: =IF($E$38=0,0,E16/$E$38) -> 0 | I16: =IF($J$38=0,0,H16/$J$38) -> 0 | K16: =IF($J$38=0,0,J16/$J$38) -> 0 | M16: =IF(D16=0,0,I16/D16-1) -> 0 | N16: =IF(F16=0,0,K16/F16-1) -> 0 | Q16: =IF($R$38=0,0,P16/$R$38) -> 0 | S16: =IF($R$38=0,0,R16/$R$38) -> 0 | U16: =IF(I16=0,0,Q16/I16-1) -> 0 | V16: =IF(K16=0,0,S16/K16-1) -> 0
B17: Capitation for Services Other than Primary Care | D17: =IF($E$38=0,0,C17/$E$38) -> 0 | F17: =IF($E$38=0,0,E17/$E$38) -> 0 | I17: =IF($J$38=0,0,H17/$J$38) -> 0 | K17: =IF($J$38=0,0,J17/$J$38) -> 0 | M17: =IF(D17=0,0,I17/D17-1) -> 0 | N17: =IF(F17=0,0,K17/F17-1) -> 0 | Q17: =IF($R$38=0,0,P17/$R$38) -> 0 | S17: =IF($R$38=0,0,R17/$R$38) -> 0 | U17: =IF(I17=0,0,Q17/I17-1) -> 0 | V17: =IF(K17=0,0,S17/K17-1) -> 0
B18: Risk Settlements (Net) to Support Primary Care Services | D18: =IF($E$38=0,0,C18/$E$38) -> 0 | F18: =IF($E$38=0,0,E18/$E$38) -> 0 | I18: =IF($J$38=0,0,H18/$J$38) -> 0 | K18: =IF($J$38=0,0,J18/$J$38) -> 0 | M18: =IF(D18=0,0,I18/D18-1) -> 0 | N18: =IF(F18=0,0,K18/F18-1) -> 0 | Q18: =IF($R$38=0,0,P18/$R$38) -> 0 | S18: =IF($R$38=0,0,R18/$R$38) -> 0 | U18: =IF(I18=0,0,Q18/I18-1) -> 0 | V18: =IF(K18=0,0,S18/K18-1) -> 0
B19: Risk Settlements (Net) to Support Services Other than Primary Care | D19: =IF($E$38=0,0,C19/$E$38) -> 0 | F19: =IF($E$38=0,0,E19/$E$38) -> 0 | I19: =IF($J$38=0,0,H19/$J$38) -> 0 | K19: =IF($J$38=0,0,J19/$J$38) -> 0 | M19: =IF(D19=0,0,I19/D19-1) -> 0 | N19: =IF(F19=0,0,K19/F19-1) -> 0 | Q19: =IF($R$38=0,0,P19/$R$38) -> 0 | S19: =IF($R$38=0,0,R19/$R$38) -> 0 | U19: =IF(I19=0,0,Q19/I19-1) -> 0 | V19: =IF(K19=0,0,S19/K19-1) -> 0
B20: Primary Care, Care Management | D20: =IF($E$38=0,0,C20/$E$38) -> 0 | F20: =IF($E$38=0,0,E20/$E$38) -> 0 | I20: =IF($J$38=0,0,H20/$J$38) -> 0 | K20: =IF($J$38=0,0,J20/$J$38) -> 0 | M20: =IF(D20=0,0,I20/D20-1) -> 0 | N20: =IF(F20=0,0,K20/F20-1) -> 0 | Q20: =IF($R$38=0,0,P20/$R$38) -> 0 | S20: =IF($R$38=0,0,R20/$R$38) -> 0 | U20: =IF(I20=0,0,Q20/I20-1) -> 0 | V20: =IF(K20=0,0,S20/K20-1) -> 0
B21: Care Management other than for Primary Care | D21: =IF($E$38=0,0,C21/$E$38) -> 0 | F21: =IF($E$38=0,0,E21/$E$38) -> 0 | I21: =IF($J$38=0,0,H21/$J$38) -> 0 | K21: =IF($J$38=0,0,J21/$J$38) -> 0 | M21: =IF(D21=0,0,I21/D21-1) -> 0 | N21: =IF(F21=0,0,K21/F21-1) -> 0 | Q21: =IF($R$38=0,0,P21/$R$38) -> 0 | S21: =IF($R$38=0,0,R21/$R$38) -> 0 | U21: =IF(I21=0,0,Q21/I21-1) -> 0 | V21: =IF(K21=0,0,S21/K21-1) -> 0
B22: Other, Primary Care | D22: =IF($E$38=0,0,C22/$E$38) -> 0 | F22: =IF($E$38=0,0,E22/$E$38) -> 0 | I22: =IF($J$38=0,0,H22/$J$38) -> 0 | K22: =IF($J$38=0,0,J22/$J$38) -> 0 | M22: =IF(D22=0,0,I22/D22-1) -> 0 | N22: =IF(F22=0,0,K22/F22-1) -> 0 | P22: 0 | Q22: =IF($R$38=0,0,P22/$R$38) -> 0 | S22: =IF($R$38=0,0,R22/$R$38) -> 0 | U22: =IF(I22=0,0,Q22/I22-1) -> 0 | V22: =IF(K22=0,0,S22/K22-1) -> 0
B23: Other, Non-Primary Care | D23: =IF($E$38=0,0,C23/$E$38) -> 0 | F23: =IF($E$38=0,0,E23/$E$38) -> 0 | I23: =IF($J$38=0,0,H23/$J$38) -> 0 | K23: =IF($J$38=0,0,J23/$J$38) -> 0 | M23: =IF(D23=0,0,I23/D23-1) -> 0 | N23: =IF(F23=0,0,K23/F23-1) -> 0 | Q23: =IF($R$38=0,0,P23/$R$38) -> 0 | S23: =IF($R$38=0,0,R23/$R$38) -> 0 | U23: =IF(I23=0,0,Q23/I23-1) -> 0 | V23: =IF(K23=0,0,S23/K23-1) -> 0
B24: Total Capitation | C24: =SUM(C14:C23) -> 0 | D24: =IF($E$38=0,0,C24/$E$38) -> 0 | E24: =SUM(E14:E23) -> 0 | F24: =IF($E$38=0,0,E24/$E$38) -> 0 | H24: =SUM(H14:H23) -> 0 | I24: =IF($J$38=0,0,H24/$J$38) -> 0 | J24: =SUM(J14:J23) -> 0 | K24: =IF($J$38=0,0,J24/$J$38) -> 0 | M24: =IF(D24=0,0,I24/D24-1) -> 0 | N24: =IF(F24=0,0,K24/F24-1) -> 0 | P24: =SUM(P14:P23) -> 0 | Q24: =IF($R$38=0,0,P24/$R$38) -> 0 | R24: =SUM(R14:R23) -> 0 | S24: =IF($R$38=0,0,R24/$R$38) -> 0 | U24: =IF(I24=0,0,Q24/I24-1) -> 0 | V24: =IF(K24=0,0,S24/K24-1) -> 0
B26: Prescription Drug | D26: =IF($E$38=0,0,C26/$E$38) -> 0 | F26: =IF($E$38=0,0,E26/$E$38) -> 0 | I26: =IF($J$38=0,0,H26/$J$38) -> 0 | K26: =IF($J$38=0,0,J26/$J$38) -> 0 | M26: =IF(D26=0,0,I26/D26-1) -> 0 | N26: =IF(F26=0,0,K26/F26-1) -> 0 | Q26: =IF($R$38=0,0,P26/$R$38) -> 0 | S26: =IF($R$38=0,0,R26/$R$38) -> 0 | U26: =IF(I26=0,0,Q26/I26-1) -> 0 | V26: =IF(K26=0,0,S26/K26-1) -> 0
B28: Total | C28: =C26+C24+SUM(C7:C10) -> 0 | D28: =IF($E$38=0,0,C28/$E$38) -> 0 | E28: =E26+E24+SUM(E7:E10) -> 0 | F28: =IF($E$38=0,0,E28/$E$38) -> 0 | H28: =H26+H24+SUM(H7:H10) -> 0 | I28: =IF($J$38=0,0,H28/$J$38) -> 0 | J28: =J26+J24+SUM(J7:J10) -> 0 | K28: =IF($J$38=0,0,J28/$J$38) -> 0 | M28: =IF(D28=0,0,I28/D28-1) -> 0 | N28: =IF(F28=0,0,K28/F28-1) -> 0 | P28: =P26+P24+SUM(P7:P10) -> 0 | Q28: =IF($R$38=0,0,P28/$R$38) -> 0 | R28: =R26+R24+SUM(R7:R10) -> 0 | S28: =IF($R$38=0,0,R28/$R$38) -> 0 | U28: =IF(I28=0,0,Q28/I28-1) -> 0 | V28: =IF(K28=0,0,S28/K28-1) -> 0
B30: Primary Care
B31: Primary Care (Professional, Claims) | D31: =IF($E$38=0,0,C31/$E$38) -> 0 | F31: =IF($E$38=0,0,E31/$E$38) -> 0 | G31: =IF(E31>E9,Lookup!$B$33,"") | I31: =IF($J$38=0,0,H31/$J$38) -> 0 | K31: =IF($J$38=0,0,J31/$J$38) -> 0 | L31: =IF(J31>J9,Lookup!$B$33,"") | M31: =IF(D31=0,0,I31/D31-1) -> 0 | N31: =IF(F31=0,0,K31/F31-1) -> 0 | Q31: =IF($R$38=0,0,P31/$R$38) -> 0 | S31: =IF($R$38=0,0,R31/$R$38) -> 0 | T31: =IF(R31>R9,Lookup!$B$33,"") | U31: =IF(I31=0,0,Q31/I31-1) -> 0 | V31: =IF(K31=0,0,S31/K31-1) -> 0
B32: Primary Care (Facility, Claims) | D32: =IF($E$38=0,0,C32/$E$38) -> 0 | F32: =IF($E$38=0,0,E32/$E$38) -> 0 | I32: =IF($J$38=0,0,H32/$J$38) -> 0 | K32: =IF($J$38=0,0,J32/$J$38) -> 0 | M32: =IF(D32=0,0,I32/D32-1) -> 0 | N32: =IF(F32=0,0,K32/F32-1) -> 0 | Q32: =IF($R$38=0,0,P32/$R$38) -> 0 | S32: =IF($R$38=0,0,R32/$R$38) -> 0 | U32: =IF(I32=0,0,Q32/I32-1) -> 0 | V32: =IF(K32=0,0,S32/K32-1) -> 0
B33: Primary Care (Non-Claims) | C33: =C14+C16+C18+C20+C22 -> 0 | D33: =IF($E$38=0,0,C33/$E$38) -> 0 | E33: =E14+E16+E18+E20+E22 -> 0 | F33: =IF($E$38=0,0,E33/$E$38) -> 0 | H33: =H14+H16+H18+H20+H22 -> 0 | I33: =IF($J$38=0,0,H33/$J$38) -> 0 | J33: =J14+J16+J18+J20+J22 -> 0 | K33: =IF($J$38=0,0,J33/$J$38) -> 0 | M33: =IF(D33=0,0,I33/D33-1) -> 0 | N33: =IF(F33=0,0,K33/F33-1) -> 0 | P33: =P14+P16+P18+P20+P22 -> 0 | Q33: =IF($R$38=0,0,P33/$R$38) -> 0 | R33: =R14+R16+R18+R20+R22 -> 0 | S33: =IF($R$38=0,0,R33/$R$38) -> 0 | U33: =IF(I33=0,0,Q33/I33-1) -> 0 | V33: =IF(K33=0,0,S33/K33-1) -> 0
B34: Primary Care (Total) | C34: =SUM(C31:C33) -> 0 | D34: =IF($E$38=0,0,C34/$E$38) -> 0 | E34: =SUM(E31:E33) -> 0 | F34: =IF($E$38=0,0,E34/$E$38) -> 0 | H34: =SUM(H31:H33) -> 0 | I34: =IF($J$38=0,0,H34/$J$38) -> 0 | J34: =SUM(J31:J33) -> 0 | K34: =IF($J$38=0,0,J34/$J$38) -> 0 | M34: =IF(D34=0,0,I34/D34-1) -> 0 | N34: =IF(F34=0,0,K34/F34-1) -> 0 | P34: =SUM(P31:P33) -> 0 | Q34: =IF($R$38=0,0,P34/$R$38) -> 0 | R34: =SUM(R31:R33) -> 0 | S34: =IF($R$38=0,0,R34/$R$38) -> 0 | U34: =IF(I34=0,0,Q34/I34-1) -> 0 | V34: =IF(K34=0,0,S34/K34-1) -> 0
B36: Primary Care % of Medical | F36: =IFERROR((F34/(F28-F26)),0) -> 0 | K36: =IFERROR((K34/(K28-K26)),0) -> 0 | S36: =IFERROR((S34/(S28-S26)),0) -> 0
B38: Member Months
C40: PROJECTED
C42: CY 2025 | H42: CY 2026
C43: Allowed ($) | D43: Allowed PMPM | E43: Allowed PMPM Trend (CY 2024 / CY 2023) | H43: Allowed ($) | I43: Allowed PMPM | J43: Allowed PMPM Trend (CY 2025 / CY 2024)
B44: Inpatient Hospital | C44: =D44*$C$75 -> 0 | E44: =IF(S7=0,0,+D44/S7-1) -> 0 | H44: =I44*$H$75 -> 0 | J44: =IF(D44=0,0,I44/D44-1) -> 0
B45: Outpatient Hospital | C45: =D45*$C$75 -> 0 | E45: =IF(S8=0,0,+D45/S8-1) -> 0 | H45: =I45*$H$75 -> 0 | J45: =IF(D45=0,0,I45/D45-1) -> 0
B46: Professional | C46: =D46*$C$75 -> 0 | E46: =IF(S9=0,0,+D46/S9-1) -> 0 | H46: =I46*$H$75 -> 0 | J46: =IF(D46=0,0,I46/D46-1) -> 0
B47: Other Medical | C47: =D47*$C$75 -> 0 | E47: =IF(S10=0,0,+D47/S10-1) -> 0 | H47: =I47*$H$75 -> 0 | J47: =IF(D47=0,0,I47/D47-1) -> 0
B49: Capitation
B51: Primary Care Incentive Programs | C51: =D51*$C$75 -> 0 | E51: =IF(S14=0,0,+D51/S14-1) -> 0 | H51: =I51*$H$75 -> 0 | J51: =IF(D51=0,0,I51/D51-1) -> 0
B52: Incentive Programs for Services Other than Primary Care | C52: =D52*$C$75 -> 0 | E52: =IF(S15=0,0,+D52/S15-1) -> 0 | H52: =I52*$H$75 -> 0 | J52: =IF(D52=0,0,I52/D52-1) -> 0
B53: Primary Care Capitation | C53: =D53*$C$75 -> 0 | E53: =IF(S16=0,0,+D53/S16-1) -> 0 | H53: =I53*$H$75 -> 0 | J53: =IF(D53=0,0,I53/D53-1) -> 0
B54: Capitation for Services Other than Primary Care | C54: =D54*$C$75 -> 0 | E54: =IF(S17=0,0,+D54/S17-1) -> 0 | H54: =I54*$H$75 -> 0 | J54: =IF(D54=0,0,I54/D54-1) -> 0
B55: Risk Settlements (Net) to Support Primary Care Services | C55: =D55*$C$75 -> 0 | E55: =IF(S18=0,0,+D55/S18-1) -> 0 | H55: =I55*$H$75 -> 0 | J55: =IF(D55=0,0,I55/D55-1) -> 0
B56: Risk Settlements (Net) to Support Services Other than Primary Care | C56: =D56*$C$75 -> 0 | E56: =IF(S19=0,0,+D56/S19-1) -> 0 | H56: =I56*$H$75 -> 0 | J56: =IF(D56=0,0,I56/D56-1) -> 0
B57: Primary Care, Care Management | C57: =D57*$C$75 -> 0 | E57: =IF(S20=0,0,+D57/S20-1) -> 0 | H57: =I57*$H$75 -> 0 | J57: =IF(D57=0,0,I57/D57-1) -> 0
B58: Care Management other than for Primary Care | C58: =D58*$C$75 -> 0 | E58: =IF(S21=0,0,+D58/S21-1) -> 0 | H58: =I58*$H$75 -> 0 | J58: =IF(D58=0,0,I58/D58-1) -> 0
B59: Other, Primary Care | C59: =D59*$C$75 -> 0 | E59: =IF(S22=0,0,+D59/S22-1) -> 0 | H59: =I59*$H$75 -> 0 | J59: =IF(D59=0,0,I59/D59-1) -> 0
B60: Other, Non-Primary Care | C60: =D60*$C$75 -> 0 | E60: =IF(S23=0,0,+D60/S23-1) -> 0 | H60: =I60*$H$75 -> 0 | J60: =IF(D60=0,0,I60/D60-1) -> 0
B61: Total Capitation | C61: =SUM(C51:C54,C55:C60) -> 0 | D61: =SUM(D51:D60) -> 0 | E61: =IF(S24=0,0,+D61/S24-1) -> 0 | H61: =SUM(H51:H54,H55:H60) -> 0 | I61: =SUM(I51:I60) -> 0 | J61: =IF(D61=0,0,I61/D61-1) -> 0
B63: Prescription Drug | C63: =D63*$C$75 -> 0 | E63: =IF(S26=0,0,+D63/S26-1) -> 0 | H63: =I63*$H$75 -> 0 | J63: =IF(D63=0,0,I63/D63-1) -> 0
B65: Total | C65: =SUM(C44:C47,C61,C63) -> 0 | D65: =D63+D61+SUM(D44:D47) -> 0 | E65: =IF(S28=0,0,+D65/S28-1) -> 0 | H65: =SUM(H44:H47,H61,H63) -> 0 | I65: =I63+I61+SUM(I44:I47) -> 0 | J65: =IF(D65=0,0,I65/D65-1) -> 0
B67: Primary Care
B68: Primary Care (Professional, Claims) | C68: =D68*$C$75 -> 0 | E68: =IF(S31=0,0,+D68/S31-1) -> 0 | F68: =IF(D68>D46,Lookup!$B$33,"") | H68: =I68*$H$75 -> 0 | J68: =IF(D68=0,0,I68/D68-1) -> 0 | K68: =IF(I68>I46,Lookup!$B$33,"")
B69: Primary Care (Facility, Claims) | C69: =D69*$C$75 -> 0 | E69: =IF(S32=0,0,+D69/S32-1) -> 0 | H69: =I69*$H$75 -> 0 | J69: =IF(D69=0,0,I69/D69-1) -> 0
B70: Primary Care (Non-Claims) | C70: =D70*$C$75 -> 0 | D70: =D51+D53+D55+D57+D59 -> 0 | E70: =IF(S33=0,0,+D70/S33-1) -> 0 | H70: =I70*$H$75 -> 0 | I70: =I51+I53+I55+I57+I59 -> 0 | J70: =IF(D70=0,0,I70/D70-1) -> 0
B71: Primary Care (Total) | C71: =SUM(C68:C70) -> 0 | D71: =SUM(D68:D70) -> 0 | E71: =IF(S34=0,0,+D71/S34-1) -> 0 | H71: =SUM(H68:H70) -> 0 | I71: =SUM(I68:I70) -> 0 | J71: =IF(D71=0,0,I71/D71-1) -> 0
B73: Primary Care % of Medical | D73: =IFERROR((D71/(D65-D63)),0) -> 0 | I73: =IFERROR((I71/(I65-I63)),0) -> 0
B75: Member Months

Sheet 3a. PC % Spend All Members
B1: Please Indicate Market Segment:
B2: Reminder: Please use OVBHCD Primary Care definition
C3: HISTORICAL
C5: CY 2022 | H5: CY 2022 Allowed | K5: CY 2023 | P5: CY 2023 Allowed | R5: CY 2023 / CY 2022 | U5: CY 2024 | Z5: CY 2024 Allowed | AB5: CY 2024 / CY 2023 | AG5: CY 2022 | AI5: CY 2023 | AK5: CY 2024
C6: Completed and Incurred ($) | D6: Completed and Incurred PMPM | E6: Allowed ($) | F6: Allowed PMPM | H6: Total less than Attributed Check | K6: Completed and Incurred ($) | L6: Completed and Incurred PMPM | M6: Allowed ($) | N6: Allowed PMPM | P6: Total less than Attributed Check | R6: Completed and Incurred PMPM Trend | S6: Allowed PMPM Trend | U6: Completed and Incurred ($) | V6: Completed and Incurred PMPM | W6: Allowed ($) | X6: Allowed PMPM | Z6: Total less than Attributed Check | AB6: Completed and Incurred PMPM Trend | AC6: Allowed PMPM Trend | AG6: Aggregate Utilization | AI6: Aggregate Utilization | AK6: Aggregate Utilization
B7: Inpatient Hospital | D7: =IF($E$38=0,0,C7/$E$38) -> 0 | F7: =IF($E$38=0,0,E7/$E$38) -> 0 | H7: =IF(E7>='3. PC %Spend DE Attributed Memb'!E7,"",Lookup!$B$32) | L7: =IF($M$38=0,0,K7/$M$38) -> 0 | N7: =IF($M$38=0,0,M7/$M$38) -> 0 | P7: =IF(M7>='3. PC %Spend DE Attributed Memb'!J7,"",Lookup!$B$32) | R7: =IF(D7=0,0,L7/D7-1) -> 0 | S7: =IF(F7=0,0,N7/F7-1) -> 0 | V7: =IF($W$38=0,0,U7/$W$38) -> 0 | X7: =IF($W$38=0,0,W7/$W$38) -> 0 | Z7: =IF(W7>='3. PC %Spend DE Attributed Memb'!R7,"",Lookup!$B$32) | AB7: =IF(L7=0,0,V7/L7-1) -> 0 | AC7: =IF(N7=0,0,X7/N7-1) -> 0 | AF7: Primary Care (Professional)
B8: Outpatient Hospital | D8: =IF($E$38=0,0,C8/$E$38) -> 0 | F8: =IF($E$38=0,0,E8/$E$38) -> 0 | H8: =IF(E8>='3. PC %Spend DE Attributed Memb'!E8,"",Lookup!$B$32) | L8: =IF($M$38=0,0,K8/$M$38) -> 0 | N8: =IF($M$38=0,0,M8/$M$38) -> 0 | P8: =IF(M8>='3. PC %Spend DE Attributed Memb'!J8,"",Lookup!$B$32) | R8: =IF(D8=0,0,L8/D8-1) -> 0 | S8: =IF(F8=0,0,N8/F8-1) -> 0 | V8: =IF($W$38=0,0,U8/$W$38) -> 0 | X8: =IF($W$38=0,0,W8/$W$38) -> 0 | Z8: =IF(W8>='3. PC %Spend DE Attributed Memb'!R8,"",Lookup!$B$32) | AB8: =IF(L8=0,0,V8/L8-1) -> 0 | AC8: =IF(N8=0,0,X8/N8-1) -> 0
B9: Professional | D9: =IF($E$38=0,0,C9/$E$38) -> 0 | F9: =IF($E$38=0,0,E9/$E$38) -> 0 | H9: =IF(E9>='3. PC %Spend DE Attributed Memb'!E9,"",Lookup!$B$32) | L9: =IF($M$38=0,0,K9/$M$38) -> 0 | N9: =IF($M$38=0,0,M9/$M$38) -> 0 | P9: =IF(M9>='3. PC %Spend DE Attributed Memb'!J9,"",Lookup!$B$32) | R9: =IF(D9=0,0,L9/D9-1) -> 0 | S9: =IF(F9=0,0,N9/F9-1) -> 0 | V9: =IF($W$38=0,0,U9/$W$38) -> 0 | X9: =IF($W$38=0,0,W9/$W$38) -> 0 | Z9: =IF(W9>='3. PC %Spend DE Attributed Memb'!R9,"",Lookup!$B$32) | AB9: =IF(L9=0,0,V9/L9-1) -> 0 | AC9: =IF(N9=0,0,X9/N9-1) -> 0
B10: Other Medical | D10: =IF($E$38=0,0,C10/$E$38) -> 0 | F10: =IF($E$38=0,0,E10/$E$38) -> 0 | H10: =IF(E10>='3. PC %Spend DE Attributed Memb'!E10,"",Lookup!$B$32) | L10: =IF($M$38=0,0,K10/$M$38) -> 0 | N10: =IF($M$38=0,0,M10/$M$38) -> 0 | P10: =IF(M10>='3. PC %Spend DE Attributed Memb'!J10,"",Lookup!$B$32) | R10: =IF(D10=0,0,L10/D10-1) -> 0 | S10: =IF(F10=0,0,N10/F10-1) -> 0 | V10: =IF($W$38=0,0,U10/$W$38) -> 0 | X10: =IF($W$38=0,0,W10/$W$38) -> 0 | Z10: =IF(W10>='3. PC %Spend DE Attributed Memb'!R10,"",Lookup!$B$32) | AB10: =IF(L10=0,0,V10/L10-1) -> 0 | AC10: =IF(N10=0,0,X10/N10-1) -> 0
B12: Capitation
B14: Primary Care Incentive Programs | D14: =IF($E$38=0,0,C14/$E$38) -> 0 | F14: =IF($E$38=0,0,E14/$E$38) -> 0 | H14: =IF(E14>='3. PC %Spend DE Attributed Memb'!E14,"",Lookup!$B$32) | L14: =IF($M$38=0,0,K14/$M$38) -> 0 | N14: =IF($M$38=0,0,M14/$M$38) -> 0 | P14: =IF(M14>='3. PC %Spend DE Attributed Memb'!J14,"",Lookup!$B$32) | R14: =IF(D14=0,0,L14/D14-1) -> 0 | S14: =IF(F14=0,0,N14/F14-1) -> 0 | V14: =IF($W$38=0,0,U14/$W$38) -> 0 | X14: =IF($W$38=0,0,W14/$W$38) -> 0 | Z14: =IF(W14>='3. PC %Spend DE Attributed Memb'!R14,"",Lookup!$B$32) | AB14: =IF(L14=0,0,V14/L14-1) -> 0 | AC14: =IF(N14=0,0,X14/N14-1) -> 0
B15: Incentive Programs for Services Other than Primary Care | D15: =IF($E$38=0,0,C15/$E$38) -> 0 | F15: =IF($E$38=0,0,E15/$E$38) -> 0 | H15: =IF(E15>='3. PC %Spend DE Attributed Memb'!E15,"",Lookup!$B$32) | L15: =IF($M$38=0,0,K15/$M$38) -> 0 | N15: =IF($M$38=0,0,M15/$M$38) -> 0 | P15: =IF(M15>='3. PC %Spend DE Attributed Memb'!J15,"",Lookup!$B$32) | R15: =IF(D15=0,0,L15/D15-1) -> 0 | S15: =IF(F15=0,0,N15/F15-1) -> 0 | V15: =IF($W$38=0,0,U15/$W$38) -> 0 | X15: =IF($W$38=0,0,W15/$W$38) -> 0 | Z15: =IF(W15>='3. PC %Spend DE Attributed Memb'!R15,"",Lookup!$B$32) | AB15: =IF(L15=0,0,V15/L15-1) -> 0 | AC15: =IF(N15=0,0,X15/N15-1) -> 0
B16: Primary Care Capitation | D16: =IF($E$38=0,0,C16/$E$38) -> 0 | F16: =IF($E$38=0,0,E16/$E$38) -> 0 | H16: =IF(E16>='3. PC %Spend DE Attributed Memb'!E16,"",Lookup!$B$32) | L16: =IF($M$38=0,0,K16/$M$38) -> 0 | N16: =IF($M$38=0,0,M16/$M$38) -> 0 | P16: =IF(M16>='3. PC %Spend DE Attributed Memb'!J16,"",Lookup!$B$32) | R16: =IF(D16=0,0,L16/D16-1) -> 0 | S16: =IF(F16=0,0,N16/F16-1) -> 0 | V16: =IF($W$38=0,0,U16/$W$38) -> 0 | X16: =IF($W$38=0,0,W16/$W$38) -> 0 | Z16: =IF(W16>='3. PC %Spend DE Attributed Memb'!R16,"",Lookup!$B$32) | AB16: =IF(L16=0,0,V16/L16-1) -> 0 | AC16: =IF(N16=0,0,X16/N16-1) -> 0
B17: Capitation for Services Other than Primary Care | D17: =IF($E$38=0,0,C17/$E$38) -> 0 | F17: =IF($E$38=0,0,E17/$E$38) -> 0 | H17: =IF(E17>='3. PC %Spend DE Attributed Memb'!E17,"",Lookup!$B$32) | L17: =IF($M$38=0,0,K17/$M$38) -> 0 | N17: =IF($M$38=0,0,M17/$M$38) -> 0 | P17: =IF(M17>='3. PC %Spend DE Attributed Memb'!J17,"",Lookup!$B$32) | R17: =IF(D17=0,0,L17/D17-1) -> 0 | S17: =IF(F17=0,0,N17/F17-1) -> 0 | V17: =IF($W$38=0,0,U17/$W$38) -> 0 | X17: =IF($W$38=0,0,W17/$W$38) -> 0 | Z17: =IF(W17>='3. PC %Spend DE Attributed Memb'!R17,"",Lookup!$B$32) | AB17: =IF(L17=0,0,V17/L17-1) -> 0 | AC17: =IF(N17=0,0,X17/N17-1) -> 0
B18: Risk Settlements (Net) to Support Primary Care Services | D18: =IF($E$38=0,0,C18/$E$38) -> 0 | F18: =IF($E$38=0,0,E18/$E$38) -> 0 | H18: =IF(E18>='3. PC %Spend DE Attributed Memb'!E18,"",Lookup!$B$32) | L18: =IF($M$38=0,0,K18/$M$38) -> 0 | N18: =IF($M$38=0,0,M18/$M$38) -> 0 | P18: =IF(M18>='3. PC %Spend DE Attributed Memb'!J18,"",Lookup!$B$32) | R18: =IF(D18=0,0,L18/D18-1) -> 0 | S18: =IF(F18=0,0,N18/F18-1) -> 0 | V18: =IF($W$38=0,0,U18/$W$38) -> 0 | X18: =IF($W$38=0,0,W18/$W$38) -> 0 | Z18: =IF(W18>='3. PC %Spend DE Attributed Memb'!R18,"",Lookup!$B$32) | AB18: =IF(L18=0,0,V18/L18-1) -> 0 | AC18: =IF(N18=0,0,X18/N18-1) -> 0
B19: Risk Settlements (Net) to Support Services Other than Primary Care | D19: =IF($E$38=0,0,C19/$E$38) -> 0 | F19: =IF($E$38=0,0,E19/$E$38) -> 0 | H19: =IF(E19>='3. PC %Spend DE Attributed Memb'!E19,"",Lookup!$B$32) | L19: =IF($M$38=0,0,K19/$M$38) -> 0 | N19: =IF($M$38=0,0,M19/$M$38) -> 0 | P19: =IF(M19>='3. PC %Spend DE Attributed Memb'!J19,"",Lookup!$B$32) | R19: =IF(D19=0,0,L19/D19-1) -> 0 | S19: =IF(F19=0,0,N19/F19-1) -> 0 | V19: =IF($W$38=0,0,U19/$W$38) -> 0 | X19: =IF($W$38=0,0,W19/$W$38) -> 0 | Z19: =IF(W19>='3. PC %Spend DE Attributed Memb'!R19,"",Lookup!$B$32) | AB19: =IF(L19=0,0,V19/L19-1) -> 0 | AC19: =IF(N19=0,0,X19/N19-1) -> 0
B20: Primary Care, Care Management | D20: =IF($E$38=0,0,C20/$E$38) -> 0 | F20: =IF($E$38=0,0,E20/$E$38) -> 0 | H20: =IF(E20>='3. PC %Spend DE Attributed Memb'!E20,"",Lookup!$B$32) | L20: =IF($M$38=0,0,K20/$M$38) -> 0 | N20: =IF($M$38=0,0,M20/$M$38) -> 0 | P20: =IF(M20>='3. PC %Spend DE Attributed Memb'!J20,"",Lookup!$B$32) | R20: =IF(D20=0,0,L20/D20-1) -> 0 | S20: =IF(F20=0,0,N20/F20-1) -> 0 | V20: =IF($W$38=0,0,U20/$W$38) -> 0 | X20: =IF($W$38=0,0,W20/$W$38) -> 0 | Z20: =IF(W20>='3. PC %Spend DE Attributed Memb'!R20,"",Lookup!$B$32) | AB20: =IF(L20=0,0,V20/L20-1) -> 0 | AC20: =IF(N20=0,0,X20/N20-1) -> 0
B21: Care Management other than for Primary Care | D21: =IF($E$38=0,0,C21/$E$38) -> 0 | F21: =IF($E$38=0,0,E21/$E$38) -> 0 | H21: =IF(E21>='3. PC %Spend DE Attributed Memb'!E21,"",Lookup!$B$32) | L21: =IF($M$38=0,0,K21/$M$38) -> 0 | N21: =IF($M$38=0,0,M21/$M$38) -> 0 | P21: =IF(M21>='3. PC %Spend DE Attributed Memb'!J21,"",Lookup!$B$32) | R21: =IF(D21=0,0,L21/D21-1) -> 0 | S21: =IF(F21=0,0,N21/F21-1) -> 0 | V21: =IF($W$38=0,0,U21/$W$38) -> 0 | X21: =IF($W$38=0,0,W21/$W$38) -> 0 | Z21: =IF(W21>='3. PC %Spend DE Attributed Memb'!R21,"",Lookup!$B$32) | AB21: =IF(L21=0,0,V21/L21-1) -> 0 | AC21: =IF(N21=0,0,X21/N21-1) -> 0
B22: Other, Primary Care | D22: =IF($E$38=0,0,C22/$E$38) -> 0 | F22: =IF($E$38=0,0,E22/$E$38) -> 0 | H22: =IF(E22>='3. PC %Spend DE Attributed Memb'!E22,"",Lookup!$B$32) | L22: =IF($M$38=0,0,K22/$M$38) -> 0 | N22: =IF($M$38=0,0,M22/$M$38) -> 0 | P22: =IF(M22>='3. PC %Spend DE Attributed Memb'!J22,"",Lookup!$B$32) | R22: =IF(D22=0,0,L22/D22-1) -> 0 | S22: =IF(F22=0,0,N22/F22-1) -> 0 | V22: =IF($W$38=0,0,U22/$W$38) -> 0 | X22: =IF($W$38=0,0,W22/$W$38) -> 0 | Z22: =IF(W22>='3. PC %Spend DE Attributed Memb'!R22,"",Lookup!$B$32) | AB22: =IF(L22=0,0,V22/L22-1) -> 0 | AC22: =IF(N22=0,0,X22/N22-1) -> 0
B23: Other, Non-Primary Care | D23: =IF($E$38=0,0,C23/$E$38) -> 0 | F23: =IF($E$38=0,0,E23/$E$38) -> 0 | H23: =IF(E23>='3. PC %Spend DE Attributed Memb'!E23,"",Lookup!$B$32) | L23: =IF($M$38=0,0,K23/$M$38) -> 0 | N23: =IF($M$38=0,0,M23/$M$38) -> 0 | P23: =IF(M23>='3. PC %Spend DE Attributed Memb'!J23,"",Lookup!$B$32) | R23: =IF(D23=0,0,L23/D23-1) -> 0 | S23: =IF(F23=0,0,N23/F23-1) -> 0 | V23: =IF($W$38=0,0,U23/$W$38) -> 0 | X23: =IF($W$38=0,0,W23/$W$38) -> 0 | Z23: =IF(W23>='3. PC %Spend DE Attributed Memb'!R23,"",Lookup!$B$32) | AB23: =IF(L23=0,0,V23/L23-1) -> 0 | AC23: =IF(N23=0,0,X23/N23-1) -> 0
B24: Total Capitation | C24: =SUM(C14:C23) -> 0 | D24: =IF($E$38=0,0,C24/$E$38) -> 0 | E24: =SUM(E14:E23) -> 0 | F24: =IF($E$38=0,0,E24/$E$38) -> 0 | H24: =IF(E24>='3. PC %Spend DE Attributed Memb'!E24,"",Lookup!$B$32) | K24: =SUM(K14:K23) -> 0 | L24: =IF($M$38=0,0,K24/$M$38) -> 0 | M24: =SUM(M14:M23) -> 0 | N24: =SUM(N14:N17,N18:N23) -> 0 | P24: =IF(M24>='3. PC %Spend DE Attributed Memb'!J24,"",Lookup!$B$32) | R24: =IF(D24=0,0,L24/D24-1) -> 0 | S24: =IF(F24=0,0,N24/F24-1) -> 0 | U24: =SUM(U14:U23) -> 0 | V24: =IF($W$38=0,0,U24/$W$38) -> 0 | W24: =SUM(W14:W23) -> 0 | X24: =SUM(X14:X17,X18:X23) -> 0 | Z24: =IF(W24>='3. PC %Spend DE Attributed Memb'!R24,"",Lookup!$B$32) | AB24: =IF(L24=0,0,V24/L24-1) -> 0 | AC24: =IF(N24=0,0,X24/N24-1) -> 0
B26: Prescription Drug | D26: =IF($E$38=0,0,C26/$E$38) -> 0 | F26: =IF($E$38=0,0,E26/$E$38) -> 0 | H26: =IF(E26>='3. PC %Spend DE Attributed Memb'!E26,"",Lookup!$B$32) | L26: =IF($M$38=0,0,K26/$M$38) -> 0 | N26: =IF($M$38=0,0,M26/$M$38) -> 0 | P26: =IF(M26>='3. PC %Spend DE Attributed Memb'!J26,"",Lookup!$B$32) | R26: =IF(D26=0,0,L26/D26-1) -> 0 | S26: =IF(F26=0,0,N26/F26-1) -> 0 | V26: =IF($W$38=0,0,U26/$W$38) -> 0 | X26: =IF($W$38=0,0,W26/$W$38) -> 0 | Z26: =IF(W26>='3. PC %Spend DE Attributed Memb'!R26,"",Lookup!$B$32) | AB26: =IF(L26=0,0,V26/L26-1) -> 0 | AC26: =IF(N26=0,0,X26/N26-1) -> 0
B28: Total | C28: =C26+C24+SUM(C7:C10) -> 0 | D28: =IF($E$38=0,0,C28/$E$38) -> 0 | E28: =E26+E24+SUM(E7:E10) -> 0 | F28: =IF($E$38=0,0,E28/$E$38) -> 0 | H28: =IF(E28>='3. PC %Spend DE Attributed Memb'!E28,"",Lookup!$B$32) | K28: =K26+K24+SUM(K7:K10) -> 0 | L28: =IF($M$38=0,0,K28/$M$38) -> 0 | M28: =M26+M24+SUM(M7:M10) -> 0 | N28: =IF($M$38=0,0,M28/$M$38) -> 0 | P28: =IF(M28>='3. PC %Spend DE Attributed Memb'!J28,"",Lookup!$B$32) | R28: =IF(D28=0,0,L28/D28-1) -> 0 | S28: =IF(F28=0,0,N28/F28-1) -> 0 | U28: =U26+U24+SUM(U7:U10) -> 0 | V28: =IF($W$38=0,0,U28/$W$38) -> 0 | W28: =W26+W24+SUM(W7:W10) -> 0 | X28: =IF($W$38=0,0,W28/$W$38) -> 0 | Z28: =IF(W28>='3. PC %Spend DE Attributed Memb'!R28,"",Lookup!$B$32) | AB28: =IF(L28=0,0,V28/L28-1) -> 0 | AC28: =IF(N28=0,0,X28/N28-1) -> 0
B30: Primary Care | H30: =IF(E30>='3. PC %Spend DE Attributed Memb'!E30,"",Lookup!$B$32) | P30: =IF(M30>='3. PC %Spend DE Attributed Memb'!J30,"",Lookup!$B$32) | Z30: =IF(W30>='3. PC %Spend DE Attributed Memb'!R30,"",Lookup!$B$32)
B31: Primary Care (Professional, Claims) | D31: =IF($E$38=0,0,C31/$E$38) -> 0 | F31: =IF($E$38=0,0,E31/$E$38) -> 0 | G31: =IF(E31>E9,Lookup!$B$33,"") | H31: =IF(E31>='3. PC %Spend DE Attributed Memb'!E31,"",Lookup!$B$32) | L31: =IF($M$38=0,0,K31/$M$38) -> 0 | N31: =IF($M$38=0,0,M31/$M$38) -> 0 | O31: =IF(M31>M9,Lookup!$B$33,"") | P31: =IF(M31>='3. PC %Spend DE Attributed Memb'!J31,"",Lookup!$B$32) | R31: =IF(D31=0,0,L31/D31-1) -> 0 | S31: =IF(F31=0,0,N31/F31-1) -> 0 | V31: =IF($W$38=0,0,U31/$W$38) -> 0 | X31: =IF($W$38=0,0,W31/$W$38) -> 0 | Y31: =IF(W31>W9,Lookup!$B$33,"") | Z31: =IF(W31>='3. PC %Spend DE Attributed Memb'!R31,"",Lookup!$B$32) | AB31: =IF(L31=0,0,V31/L31-1) -> 0 | AC31: =IF(N31=0,0,X31/N31-1) -> 0
B32: Primary Care (Facility, Claims) | D32: =IF($E$38=0,0,C32/$E$38) -> 0 | F32: =IF($E$38=0,0,E32/$E$38) -> 0 | H32: =IF(E32>='3. PC %Spend DE Attributed Memb'!E32,"",Lookup!$B$32) | L32: =IF($M$38=0,0,K32/$M$38) -> 0 | N32: =IF($M$38=0,0,M32/$M$38) -> 0 | P32: =IF(M32>='3. PC %Spend DE Attributed Memb'!J32,"",Lookup!$B$32) | R32: =IF(D32=0,0,L32/D32-1) -> 0 | S32: =IF(F32=0,0,N32/F32-1) -> 0 | V32: =IF($W$38=0,0,U32/$W$38) -> 0 | X32: =IF($W$38=0,0,W32/$W$38) -> 0 | Z32: =IF(W32>='3. PC %Spend DE Attributed Memb'!R32,"",Lookup!$B$32) | AB32: =IF(L32=0,0,V32/L32-1) -> 0 | AC32: =IF(N32=0,0,X32/N32-1) -> 0
B33: Primary Care (Non-Claims) | C33: =C14+C16+C18+C20+C22 -> 0 | D33: =IF($E$38=0,0,C33/$E$38) -> 0 | E33: =E14+E16+E18+E20+E22 -> 0 | F33: =IF($E$38=0,0,E33/$E$38) -> 0 | H33: =IF(E33>='3. PC %Spend DE Attributed Memb'!E33,"",Lookup!$B$32) | K33: =K14+K16+K18+K20+K22 -> 0 | L33: =IF($M$38=0,0,K33/$M$38) -> 0 | M33: =M14+M16+M18+M20+M22 -> 0 | N33: =IF($M$38=0,0,M33/$M$38) -> 0 | P33: =IF(M33>='3. PC %Spend DE Attributed Memb'!J33,"",Lookup!$B$32) | R33: =IF(D33=0,0,L33/D33-1) -> 0 | S33: =IF(F33=0,0,N33/F33-1) -> 0 | U33: =U14+U16+U18+U20+U22 -> 0 | V33: =IF($W$38=0,0,U33/$W$38) -> 0 | W33: =W14+W16+W18+W20+W22 -> 0 | X33: =IF($W$38=0,0,W33/$W$38) -> 0 | Z33: =IF(W33>='3. PC %Spend DE Attributed Memb'!R33,"",Lookup!$B$32) | AB33: =IF(L33=0,0,V33/L33-1) -> 0 | AC33: =IF(N33=0,0,X33/N33-1) -> 0
B34: Primary Care (Total) | C34: =SUM(C31:C33) -> 0 | D34: =IF($E$38=0,0,C34/$E$38) -> 0 | E34: =SUM(E31:E33) -> 0 | F34: =IF($E$38=0,0,E34/$E$38) -> 0 | H34: =IF(E34>='3. PC %Spend DE Attributed Memb'!E34,"",Lookup!$B$32) | K34: =SUM(K31:K33) -> 0 | L34: =IF($M$38=0,0,K34/$M$38) -> 0 | M34: =SUM(M31:M33) -> 0 | N34: =IF($M$38=0,0,M34/$M$38) -> 0 | P34: =IF(M34>='3. PC %Spend DE Attributed Memb'!J34,"",Lookup!$B$32) | R34: =IF(D34=0,0,L34/D34-1) -> 0 | S34: =IF(F34=0,0,N34/F34-1) -> 0 | U34: =SUM(U31:U33) -> 0 | V34: =IF($W$38=0,0,U34/$W$38) -> 0 | W34: =SUM(W31:W33) -> 0 | X34: =IF($W$38=0,0,W34/$W$38) -> 0 | Z34: =IF(W34>='3. PC %Spend DE Attributed Memb'!R34,"",Lookup!$B$32) | AB34: =IF(L34=0,0,V34/L34-1) -> 0 | AC34: =IF(N34=0,0,X34/N34-1) -> 0
B36: Primary Care % of Medical | F36: =IFERROR((F34/(F28-F26)),0) -> 0 | N36: =IFERROR((N34/(N28-N26)),0) -> 0 | X36: =IFERROR((X34/(X28-X26)),0) -> 0
B38: Member Months
C40: PROJECTED
C42: CY 2025 | H42: CY 2025 Allowed | K42: CY 2026 | P42: CY 2026 Allowed
C43: Allowed ($) | D43: Allowed PMPM | E43: Allowed PMPM Trend (CY 2024 / CY 2023) | H43: Total Allowed Dollars is less than Attributed Allowed Dollars (Check) | K43: Allowed ($) | L43: Allowed PMPM | M43: Allowed PMPM Trend (CY 2025 / CY 2024) | P43: Total Allowed Dollars is less than Attributed Allowed Dollars (Check)
B44: Inpatient Hospital | C44: =IF($C$75=0,0,D44*$C$75) -> 0 | E44: =IF(X7=0,0,+D44/X7-1) -> 0 | H44: =IF(C44>='3. PC %Spend DE Attributed Memb'!C44,"",Lookup!$B$32) | K44: =IF($K$75=0,0,L44*$K$75) -> 0 | M44: =IF(D44=0,0,+L44/D44-1) -> 0 | P44: =IF(K44>='3. PC %Spend DE Attributed Memb'!H44,"",Lookup!$B$32)
B45: Outpatient Hospital | C45: =IF($C$75=0,0,D45*$C$75) -> 0 | E45: =IF(X8=0,0,+D45/X8-1) -> 0 | H45: =IF(C45>='3. PC %Spend DE Attributed Memb'!C45,"",Lookup!$B$32) | K45: =IF($K$75=0,0,L45*$K$75) -> 0 | M45: =IF(D45=0,0,+L45/D45-1) -> 0 | P45: =IF(K45>='3. PC %Spend DE Attributed Memb'!H45,"",Lookup!$B$32)
B46: Professional | C46: =IF($C$75=0,0,D46*$C$75) -> 0 | E46: =IF(X9=0,0,+D46/X9-1) -> 0 | H46: =IF(C46>='3. PC %Spend DE Attributed Memb'!C46,"",Lookup!$B$32) | K46: =IF($K$75=0,0,L46*$K$75) -> 0 | M46: =IF(D46=0,0,+L46/D46-1) -> 0 | P46: =IF(K46>='3. PC %Spend DE Attributed Memb'!H46,"",Lookup!$B$32)
B47: Other Medical | C47: =IF($C$75=0,0,D47*$C$75) -> 0 | E47: =IF(X10=0,0,+D47/X10-1) -> 0 | H47: =IF(C47>='3. PC %Spend DE Attributed Memb'!C47,"",Lookup!$B$32) | K47: =IF($K$75=0,0,L47*$K$75) -> 0 | M47: =IF(D47=0,0,+L47/D47-1) -> 0 | P47: =IF(K47>='3. PC %Spend DE Attributed Memb'!H47,"",Lookup!$B$32)
B49: Capitation
B51: Primary Care Incentive Programs | C51: =IF($C$75=0,0,D51*$C$75) -> 0 | E51: =IF(X14=0,0,+D51/X14-1) -> 0 | H51: =IF(C51>='3. PC %Spend DE Attributed Memb'!C51,"",Lookup!$B$32) | K51: =IF($K$75=0,0,L51*$K$75) -> 0 | M51: =IF(D51=0,0,+L51/D51-1) -> 0 | P51: =IF(K51>='3. PC %Spend DE Attributed Memb'!H51,"",Lookup!$B$32)
B52: Incentive Programs for Services Other than Primary Care | C52: =IF($C$75=0,0,D52*$C$75) -> 0 | E52: =IF(X15=0,0,+D52/X15-1) -> 0 | H52: =IF(C52>='3. PC %Spend DE Attributed Memb'!C52,"",Lookup!$B$32) | K52: =IF($K$75=0,0,L52*$K$75) -> 0 | M52: =IF(D52=0,0,+L52/D52-1) -> 0 | P52: =IF(K52>='3. PC %Spend DE Attributed Memb'!H52,"",Lookup!$B$32)
B53: Primary Care Capitation | C53: =IF($C$75=0,0,D53*$C$75) -> 0 | E53: =IF(X16=0,0,+D53/X16-1) -> 0 | H53: =IF(C53>='3. PC %Spend DE Attributed Memb'!C53,"",Lookup!$B$32) | K53: =IF($K$75=0,0,L53*$K$75) -> 0 | M53: =IF(D53=0,0,+L53/D53-1) -> 0 | P53: =IF(K53>='3. PC %Spend DE Attributed Memb'!H53,"",Lookup!$B$32)
B54: Capitation for Services Other than Primary Care | C54: =IF($C$75=0,0,D54*$C$75) -> 0 | E54: =IF(X17=0,0,+D54/X17-1) -> 0 | H54: =IF(C54>='3. PC %Spend DE Attributed Memb'!C54,"",Lookup!$B$32) | K54: =IF($K$75=0,0,L54*$K$75) -> 0 | M54: =IF(D54=0,0,+L54/D54-1) -> 0 | P54: =IF(K54>='3. PC %Spend DE Attributed Memb'!H54,"",Lookup!$B$32)
B55: Risk Settlements (Net) to Support Primary Care Services | C55: =IF($C$75=0,0,D55*$C$75) -> 0 | E55: =IF(X18=0,0,+D55/X18-1) -> 0 | H55: =IF(C55>='3. PC %Spend DE Attributed Memb'!C55,"",Lookup!$B$32) | K55: =IF($K$75=0,0,L55*$K$75) -> 0 | M55: =IF(D55=0,0,+L55/D55-1) -> 0 | P55: =IF(K55>='3. PC %Spend DE Attributed Memb'!H55,"",Lookup!$B$32)
B56: Risk Settlements (Net) to Support Services Other than Primary Care | C56: =IF($C$75=0,0,D56*$C$75) -> 0 | E56: =IF(X19=0,0,+D56/X19-1) -> 0 | H56: =IF(C56>='3. PC %Spend DE Attributed Memb'!C56,"",Lookup!$B$32) | K56: =IF($K$75=0,0,L56*$K$75) -> 0 | M56: =IF(D56=0,0,+L56/D56-1) -> 0 | P56: =IF(K56>='3. PC %Spend DE Attributed Memb'!H56,"",Lookup!$B$32)
B57: Primary Care, Care Management | C57: =IF($C$75=0,0,D57*$C$75) -> 0 | E57: =IF(X20=0,0,+D57/X20-1) -> 0 | H57: =IF(C57>='3. PC %Spend DE Attributed Memb'!C57,"",Lookup!$B$32) | K57: =IF($K$75=0,0,L57*$K$75) -> 0 | M57: =IF(D57=0,0,+L57/D57-1) -> 0 | P57: =IF(K57>='3. PC %Spend DE Attributed Memb'!H57,"",Lookup!$B$32)
B58: Care Management other than for Primary Care | C58: =IF($C$75=0,0,D58*$C$75) -> 0 | E58: =IF(X21=0,0,+D58/X21-1) -> 0 | H58: =IF(C58>='3. PC %Spend DE Attributed Memb'!C58,"",Lookup!$B$32) | K58: =IF($K$75=0,0,L58*$K$75) -> 0 | M58: =IF(D58=0,0,+L58/D58-1) -> 0 | P58: =IF(K58>='3. PC %Spend DE Attributed Memb'!H58,"",Lookup!$B$32)
B59: Other, Primary Care | C59: =IF($C$75=0,0,D59*$C$75) -> 0 | E59: =IF(X22=0,0,+D59/X22-1) -> 0 | H59: =IF(C59>='3. PC %Spend DE Attributed Memb'!C59,"",Lookup!$B$32) | K59: =IF($K$75=0,0,L59*$K$75) -> 0 | M59: =IF(D59=0,0,+L59/D59-1) -> 0 | P59: =IF(K59>='3. PC %Spend DE Attributed Memb'!H59,"",Lookup!$B$32)
B60: Other, Non-Primary Care | C60: =IF($C$75=0,0,D60*$C$75) -> 0 | E60: =IF(X23=0,0,+D60/X23-1) -> 0 | H60: =IF(C60>='3. PC %Spend DE Attributed Memb'!C60,"",Lookup!$B$32) | K60: =IF($K$75=0,0,L60*$K$75) -> 0 | M60: =IF(D60=0,0,+L60/D60-1) -> 0 | P60: =IF(K60>='3. PC %Spend DE Attributed Memb'!H60,"",Lookup!$B$32)
B61: Total Capitation | C61: =IF($C$75=0,0,D61*$C$75) -> 0 | D61: =SUM(D51:D60) -> 0 | E61: =IF(X24=0,0,+D61/X24-1) -> 0 | H61: =IF(C61>='3. PC %Spend DE Attributed Memb'!C61,"",Lookup!$B$32) | K61: =IF($K$75=0,0,L61*$K$75) -> 0 | L61: =SUM(L51:L60) -> 0 | M61: =IF(D61=0,0,+L61/D61-1) -> 0 | P61: =IF(K61>='3. PC %Spend DE Attributed Memb'!H61,"",Lookup!$B$32)
B63: Prescription Drug | C63: =IF($C$75=0,0,D63*$C$75) -> 0 | E63: =IF(X26=0,0,+D63/X26-1) -> 0 | H63: =IF(C63>='3. PC %Spend DE Attributed Memb'!C63,"",Lookup!$B$32) | K63: =IF($K$75=0,0,L63*$K$75) -> 0 | M63: =IF(D63=0,0,+L63/D63-1) -> 0 | P63: =IF(K63>='3. PC %Spend DE Attributed Memb'!H63,"",Lookup!$B$32)
B65: Total | C65: =IF($C$75=0,0,D65*$C$75) -> 0 | D65: =D63+D61+SUM(D44:D47) -> 0 | E65: =IF(X28=0,0,+D65/X28-1) -> 0 | H65: =IF(C65>='3. PC %Spend DE Attributed Memb'!C65,"",Lookup!$B$32) | K65: =IF($K$75=0,0,L65*$K$75) -> 0 | L65: =SUM(L44:L47,L61,L63) -> 0 | M65: =IF(D65=0,0,+L65/D65-1) -> 0 | P65: =IF(K65>='3. PC %Spend DE Attributed Memb'!H65,"",Lookup!$B$32)
B67: Primary Care | H67: =IF(C67>='3. PC %Spend DE Attributed Memb'!C67,"",Lookup!$B$32) | P67: =IF(K67>='3. PC %Spend DE Attributed Memb'!H67,"",Lookup!$B$32)
B68: Primary Care (Professional, Claims) | C68: =IF($C$75=0,0,D68*$C$75) -> 0 | E68: =IF(X31=0,0,+D68/X31-1) -> 0 | G68: =IF(D68>D46,Lookup!$B$33,"") | H68: =IF(C68>='3. PC %Spend DE Attributed Memb'!C68,"",Lookup!$B$32) | K68: =IF($K$75=0,0,L68*$K$75) -> 0 | M68: =IF(D68=0,0,+L68/D68-1) -> 0 | O68: =IF(L68>L46,Lookup!$B$33,"") | P68: =IF(K68>='3. PC %Spend DE Attributed Memb'!H68,"",Lookup!$B$32)
B69: Primary Care (Facility, Claims) | C69: =IF($C$75=0,0,D69*$C$75) -> 0 | E69: =IF(X32=0,0,+D69/X32-1) -> 0 | H69: =IF(C69>='3. PC %Spend DE Attributed Memb'!C69,"",Lookup!$B$32) | K69: =IF($K$75=0,0,L69*$K$75) -> 0 | M69: =IF(D69=0,0,+L69/D69-1) -> 0 | P69: =IF(K69>='3. PC %Spend DE Attributed Memb'!H69,"",Lookup!$B$32)
B70: Primary Care (Non-Claims) | C70: =IF($C$75=0,0,D70*$C$75) -> 0 | D70: =SUM(D51+D53+D55+D57+D59) -> 0 | E70: =IF(X33=0,0,+D70/X33-1) -> 0 | H70: =IF(C70>='3. PC %Spend DE Attributed Memb'!C70,"",Lookup!$B$32) | K70: =IF($K$75=0,0,L70*$K$75) -> 0 | L70: =SUM(L51+L53+L55+L57+L59) -> 0 | M70: =IF(D70=0,0,+L70/D70-1) -> 0 | P70: =IF(K70>='3. PC %Spend DE Attributed Memb'!H70,"",Lookup!$B$32)
B71: Primary Care (Total) | C71: =IF($C$75=0,0,D71*$C$75) -> 0 | D71: =SUM(D68:D70) -> 0 | E71: =IF(X34=0,0,+D71/X34-1) -> 0 | H71: =IF(C71>='3. PC %Spend DE Attributed Memb'!C71,"",Lookup!$B$32) | K71: =IF($K$75=0,0,L71*$K$75) -> 0 | L71: =SUM(L68:L70) -> 0 | M71: =IF(D71=0,0,+L71/D71-1) -> 0 | P71: =IF(K71>='3. PC %Spend DE Attributed Memb'!H71,"",Lookup!$B$32)
B73: Primary Care % of Medical | D73: =IFERROR((D71/(D65-D63)),0) -> 0 | L73: =IFERROR((L71/(L65-L63)),0) -> 0
B75: Member Months

Sheet 3b. Care Transformation
A1: Please Indicate Market Segment:
A2: Reminder: Please use OVBHCD Primary Care definition
A5: Section A. Delaware Primary Care Provider Overview | I5: Section B. Delaware Primary Care Providers Deemed NOT Participating in Care Transformation Activities | Q5: Section C. Delaware Primary Care Providers Deemed Participating in Care Transformation Activities
A6: PROVIDER INFORMATION | I6: PROVIDER INFORMATION | Q6: PROVIDER INFORMATION | Z6: NON-CLAIMS PAYMENTS TO SUPPORT PRIMARY CARE | AG6: CONTRACTUALLY-REQUIRED CARE TRANSFORMATION ACTIVITIES (Please respond Yes or No)
A7: Year | B7: Total Number of Contracted Delaware Primary Care NPIs | C7: Number of Contracted Delaware Primary Care NPIs"Participating in Care Transformation Activities" | D7: Member Months of Delaware Residents Enrolled in Situs-Based Plan Attributed to Primary Care Providers in Column C | E7: Number of Contracted Delaware Primary Care NPIs Not "Participating in Care Transformation Activities" | F7: Member Months of Delaware Residents Enrolled in Situs-Based Plan Not Attributed to a Primary Care Provider in Column C | G7: Total Member Months of Delaware Residents Enrolled in Situs-Based Plan | I7: Year | J7: Provider Contracting Entity | K7: TIN of Provider Contracting Entity | L7: Number of Contracted Delaware Primary Care NPIs Affiliated with Provider Contracting Entity | M7: Participating Program(s) (e.g. Carrier, NCQA PCMH, Primary Care First, None, Other) | N7: Error Message | O7: Explanations for Error Messagfes in Column P | Q7: Year | R7: Provider Contracting Entity | S7: TIN of Provider Contracting Entity | T7: Number of Contracted Delaware Primary Care NPIs Affiliated with Provider Contracting Entity | U7: Member Months of Delaware Residents Enrolled in Situs-Based Plans Attributed to Primary Care Providers in Column T | V7: Participating Program(s) (e.g. Carrier, NCQA PCMH, Primary Care First, None, Other) | W7: Program Names (Carrier Programs Only) | X7: Practice Names (NCQA PCMH only) | Z7: Primary Care Incentive Payments | AA7: Primary Care Capitation | AB7: Total Risk Settlements (Net) to Support Primary Care Services | AC7: Primary Care, Care Management | AD7: Other Primary Care | AE7: Total Non-Claims Payments to Support Primary Care | AG7: Team-Based Care and Care Management | AH7: Planned Care at Every Visit | AI7: Active Use of Data | AJ7: Effective Management of Tests and Specialist Referrals | AK7: Integration of Primary Care and Behavioral Health | AL7: Integration of Primary Care with Social Services | AM7: Carrier Method for Documenting Compliance
A8: CY 2024 | B8: =SUM(C8,E8) -> 0 | G8: =SUM(D8,F8) -> 0 | N8: =IF(ISBLANK(M8),"",IF(M8=Lookup!$B$74,"",Lookup!$C$74)) | AE8: =SUM(Z8:AD8) -> 0
A9: Q1 2025 | B9: =SUM(C9,E9) -> 0 | G9: =SUM(D9,F9) -> 0 | N9: =IF(ISBLANK(M9),"",IF(M9=Lookup!$B$74,"",Lookup!$C$74)) | AE9: =SUM(Z9:AD9) -> 0
N10: =IF(ISBLANK(M10),"",IF(M10=Lookup!$B$74,"",Lookup!$C$74)) | AE10: =SUM(Z10:AD10) -> 0
N11: =IF(ISBLANK(M11),"",IF(M11=Lookup!$B$74,"",Lookup!$C$74)) | AE11: =SUM(Z11:AD11) -> 0
N12: =IF(ISBLANK(M12),"",IF(M12=Lookup!$B$74,"",Lookup!$C$74)) | AE12: =SUM(Z12:AD12) -> 0
N13: =IF(ISBLANK(M13),"",IF(M13=Lookup!$B$74,"",Lookup!$C$74)) | AE13: =SUM(Z13:AD13) -> 0
N14: =IF(ISBLANK(M14),"",IF(M14=Lookup!$B$74,"",Lookup!$C$74)) | AE14: =SUM(Z14:AD14) -> 0
N15: =IF(ISBLANK(M15),"",IF(M15=Lookup!$B$74,"",Lookup!$C$74)) | AE15: =SUM(Z15:AD15) -> 0
N16: =IF(ISBLANK(M16),"",IF(M16=Lookup!$B$74,"",Lookup!$C$74)) | AE16: =SUM(Z16:AD16) -> 0
N17: =IF(ISBLANK(M17),"",IF(M17=Lookup!$B$74,"",Lookup!$C$74)) | AE17: =SUM(Z17:AD17) -> 0
N18: =IF(ISBLANK(M18),"",IF(M18=Lookup!$B$74,"",Lookup!$C$74)) | AE18: =SUM(Z18:AD18) -> 0
N19: =IF(ISBLANK(M19),"",IF(M19=Lookup!$B$74,"",Lookup!$C$74)) | AE19: =SUM(Z19:AD19) -> 0
N20: =IF(ISBLANK(M20),"",IF(M20=Lookup!$B$74,"",Lookup!$C$74)) | AE20: =SUM(Z20:AD20) -> 0
N21: =IF(ISBLANK(M21),"",IF(M21=Lookup!$B$74,"",Lookup!$C$74)) | AE21: =SUM(Z21:AD21) -> 0
... N1007: =IF(ISBLANK(M1007),"",IF(M1007=Lookup!$B$74,"",Lookup!$C$74)) | AE1007: =SUM(Z1007:AD1007) -> 0

Sheet 4. NonProfessional Price Growth
A1: Please Indicate Market Segment:
A4: A. | B4: Historical Actual Trend Reporting
C5: CY 2022 (CY 2022 / CY2021) | I5: CY 2023 (CY 2023 / CY2022) | M5: CY 2023 PMPM | O5: CY 2024 (CY 2024 / CY2023) | S5: CY 2024 PMPM
C6: Price Trend | D6: Utilization & Mix Trend | E6: PMPM Trend | I6: Price Trend | J6: Utilization & Mix Trend | K6: PMPM Trend | M6: Trend Consistency Check | O6: Price Trend | P6: Utilization & Mix Trend | Q6: PMPM Trend | S6: Trend Consistency Check
B7: Inpatient Hospital | E7: =(1+C7)*(1+D7)-1 -> 0 | K7: =(1+I7)*(1+J7)-1 -> 0 | M7: =IF(ABS(K7-'3a. PC % Spend All Members'!S7)<Lookup!$C$40,"",Lookup!$B$34) | Q7: =(1+O7)*(1+P7)-1 -> 0 | S7: =IF(ABS(Q7-'3a. PC % Spend All Members'!AC7)<Lookup!$C$40,"",Lookup!$B$35)
B8: Outpatient Hospital | E8: =(1+C8)*(1+D8)-1 -> 0 | K8: =(1+I8)*(1+J8)-1 -> 0 | M8: =IF(ABS(K8-'3a. PC % Spend All Members'!S8)<Lookup!$C$40,"",Lookup!$B$34) | Q8: =(1+O8)*(1+P8)-1 -> 0 | S8: =IF(ABS(Q8-'3a. PC % Spend All Members'!AC8)<Lookup!$C$40,"",Lookup!$B$35)
B9: Professional | E9: =(1+C9)*(1+D9)-1 -> 0 | K9: =(1+I9)*(1+J9)-1 -> 0 | M9: =IF(ABS(K9-'3a. PC % Spend All Members'!S9)<Lookup!$C$40,"",Lookup!$B$34) | Q9: =(1+O9)*(1+P9)-1 -> 0 | S9: =IF(ABS(Q9-'3a. PC % Spend All Members'!AC9)<Lookup!$C$40,"",Lookup!$B$35)
B10: Other Medical | E10: =(1+C10)*(1+D10)-1 -> 0 | K10: =(1+I10)*(1+J10)-1 -> 0 | M10: =IF(ABS(K10-'3a. PC % Spend All Members'!S10)<Lookup!$C$40,"",Lookup!$B$34) | Q10: =(1+O10)*(1+P10)-1 -> 0 | S10: =IF(ABS(Q10-'3a. PC % Spend All Members'!AC10)<Lookup!$C$40,"",Lookup!$B$35)
B12: Capitation
B14: Primary Care Incentive Programs | E14: =(1+C14)*(1+D14)-1 -> 0 | K14: =(1+I14)*(1+J14)-1 -> 0 | M14: =IF(ABS(K14-'3a. PC % Spend All Members'!S14)<Lookup!$C$40,"",Lookup!$B$34) | Q14: =(1+O14)*(1+P14)-1 -> 0 | S14: =IF(ABS(Q14-'3a. PC % Spend All Members'!AC14)<Lookup!$C$40,"",Lookup!$B$35)
B15: Incentive Programs for Services Other than Primary Care | E15: =(1+C15)*(1+D15)-1 -> 0 | K15: =(1+I15)*(1+J15)-1 -> 0 | M15: =IF(ABS(K15-'3a. PC % Spend All Members'!S15)<Lookup!$C$40,"",Lookup!$B$34) | Q15: =(1+O15)*(1+P15)-1 -> 0 | S15: =IF(ABS(Q15-'3a. PC % Spend All Members'!AC15)<Lookup!$C$40,"",Lookup!$B$35)
B16: Primary Care Capitatation | E16: =(1+C16)*(1+D16)-1 -> 0 | K16: =(1+I16)*(1+J16)-1 -> 0 | M16: =IF(ABS(K16-'3a. PC % Spend All Members'!S16)<Lookup!$C$40,"",Lookup!$B$34) | Q16: =(1+O16)*(1+P16)-1 -> 0 | S16: =IF(ABS(Q16-'3a. PC % Spend All Members'!AC16)<Lookup!$C$40,"",Lookup!$B$35)
B17: Capitation for Services Other than Primary Care | E17: =(1+C17)*(1+D17)-1 -> 0 | K17: =(1+I17)*(1+J17)-1 -> 0 | M17: =IF(ABS(K17-'3a. PC % Spend All Members'!S17)<Lookup!$C$40,"",Lookup!$B$34) | Q17: =(1+O17)*(1+P17)-1 -> 0 | S17: =IF(ABS(Q17-'3a. PC % Spend All Members'!AC17)<Lookup!$C$40,"",Lookup!$B$35)
B18: Risk Settlements (Net) to Support Primary Care Services | E18: =(1+C18)*(1+D18)-1 -> 0 | K18: =(1+I18)*(1+J18)-1 -> 0 | M18: =IF(ABS(K18-'3a. PC % Spend All Members'!S18)<Lookup!$C$40,"",Lookup!$B$34) | Q18: =(1+O18)*(1+P18)-1 -> 0 | S18: =IF(ABS(Q18-'3a. PC % Spend All Members'!AC18)<Lookup!$C$40,"",Lookup!$B$35)
B19: Risk Settlements (Net) to Support Services Other than Primary Care | E19: =(1+C19)*(1+D19)-1 -> 0 | K19: =(1+I19)*(1+J19)-1 -> 0 | M19: =IF(ABS(K19-'3a. PC % Spend All Members'!S19)<Lookup!$C$40,"",Lookup!$B$34) | Q19: =(1+O19)*(1+P19)-1 -> 0 | S19: =IF(ABS(Q19-'3a. PC % Spend All Members'!AC19)<Lookup!$C$40,"",Lookup!$B$35)
B20: Primary Care, Care Management | E20: =(1+C20)*(1+D20)-1 -> 0 | K20: =(1+I20)*(1+J20)-1 -> 0 | M20: =IF(ABS(K20-'3a. PC % Spend All Members'!S20)<Lookup!$C$40,"",Lookup!$B$34) | Q20: =(1+O20)*(1+P20)-1 -> 0 | S20: =IF(ABS(Q20-'3a. PC % Spend All Members'!AC20)<Lookup!$C$40,"",Lookup!$B$35)
B21: Care Management other than for Primary Care | E21: =(1+C21)*(1+D21)-1 -> 0 | K21: =(1+I21)*(1+J21)-1 -> 0 | M21: =IF(ABS(K21-'3a. PC % Spend All Members'!S21)<Lookup!$C$40,"",Lookup!$B$34) | Q21: =(1+O21)*(1+P21)-1 -> 0 | S21: =IF(ABS(Q21-'3a. PC % Spend All Members'!AC21)<Lookup!$C$40,"",Lookup!$B$35)
B22: Other, Primary Care | E22: =(1+C22)*(1+D22)-1 -> 0 | K22: =(1+I22)*(1+J22)-1 -> 0 | M22: =IF(ABS(K22-'3a. PC % Spend All Members'!S22)<Lookup!$C$40,"",Lookup!$B$34) | Q22: =(1+O22)*(1+P22)-1 -> 0 | S22: =IF(ABS(Q22-'3a. PC % Spend All Members'!AC22)<Lookup!$C$40,"",Lookup!$B$35)
B23: Other, Non-Primary Care | E23: =(1+C23)*(1+D23)-1 -> 0 | K23: =(1+I23)*(1+J23)-1 -> 0 | M23: =IF(ABS(K23-'3a. PC % Spend All Members'!S23)<Lookup!$C$40,"",Lookup!$B$34) | Q23: =(1+O23)*(1+P23)-1 -> 0 | S23: =IF(ABS(Q23-'3a. PC % Spend All Members'!AC23)<Lookup!$C$40,"",Lookup!$B$35)
B24: Total Capitation | E24: =(1+C24)*(1+D24)-1 -> 0 | K24: =(1+I24)*(1+J24)-1 -> 0 | M24: =IF(ABS(K24-'3a. PC % Spend All Members'!S24)<Lookup!$C$40,"",Lookup!$B$34) | Q24: =(1+O24)*(1+P24)-1 -> 0 | S24: =IF(ABS(Q24-'3a. PC % Spend All Members'!AC24)<Lookup!$C$40,"",Lookup!$B$35)
B26: Prescription Drug | E26: =(1+C26)*(1+D26)-1 -> 0 | K26: =(1+I26)*(1+J26)-1 -> 0 | M26: =IF(ABS(K26-'3a. PC % Spend All Members'!S26)<Lookup!$C$40,"",Lookup!$B$34) | Q26: =(1+O26)*(1+P26)-1 -> 0 | S26: =IF(ABS(Q26-'3a. PC % Spend All Members'!AC26)<Lookup!$C$40,"",Lookup!$B$35)
B28: Total | M28: =IF(ABS(K28-'3a. PC % Spend All Members'!S28)<Lookup!$C$40,"",Lookup!$B$34) | S28: =IF(ABS(Q28-'3a. PC % Spend All Members'!AC28)<Lookup!$C$40,"",Lookup!$B$35)
B30: Primary Care (Total) | E30: =(1+C30)*(1+D30)-1 -> 0 | K30: =(1+I30)*(1+J30)-1 -> 0 | M30: =IF(ABS(K30-'3a. PC % Spend All Members'!S34)<Lookup!$C$40,"",Lookup!$B$34) | Q30: =(1+O30)*(1+P30)-1 -> 0 | S30: =IF(ABS(Q30-'3a. PC % Spend All Members'!AC34)<Lookup!$C$40,"",Lookup!$B$35)
B31: Note: Total to include all primary care spend (professional, facility, non-claims)
A35: B. | B35: Prospective Trend Assumptions | C35: CY 2025 (CY 2025 / CY2024) | G35: CY 2025 PMPM | I35: CY 2026 (CY 2026 / CY2025) | M35: CY 2026 PMPM
C36: Price Trend | D36: Utilization & Mix Trend | E36: PMPM Trend | G36: Trend Consistency Check | I36: Price Trend | J36: Utilization & Mix Trend | K36: PMPM Trend | M36: Trend Consistency Check
B37: Inpatient Hospital | E37: =(1+C37)*(1+D37)-1 -> 0 | G37: =IF(ABS(E37-'3a. PC % Spend All Members'!E44)<Lookup!$C$40,"",Lookup!$B$36) | K37: =(1+I37)*(1+J37)-1 -> 0 | M37: =IF(ABS(K37-'3a. PC % Spend All Members'!M44)<Lookup!$C$40,"",Lookup!$B$37)
B38: Outpatient Hospital | E38: =(1+C38)*(1+D38)-1 -> 0 | G38: =IF(ABS(E38-'3a. PC % Spend All Members'!E45)<Lookup!$C$40,"",Lookup!$B$36) | K38: =(1+I38)*(1+J38)-1 -> 0 | M38: =IF(ABS(K38-'3a. PC % Spend All Members'!M45)<Lookup!$C$40,"",Lookup!$B$37)
B39: Professional | E39: =(1+C39)*(1+D39)-1 -> 0 | G39: =IF(ABS(E39-'3a. PC % Spend All Members'!E46)<Lookup!$C$40,"",Lookup!$B$36) | K39: =(1+I39)*(1+J39)-1 -> 0 | M39: =IF(ABS(K39-'3a. PC % Spend All Members'!M46)<Lookup!$C$40,"",Lookup!$B$37)
B40: Other Medical | E40: =(1+C40)*(1+D40)-1 -> 0 | G40: =IF(ABS(E40-'3a. PC % Spend All Members'!E47)<Lookup!$C$40,"",Lookup!$B$36) | K40: =(1+I40)*(1+J40)-1 -> 0 | M40: =IF(ABS(K40-'3a. PC % Spend All Members'!M47)<Lookup!$C$40,"",Lookup!$B$37)
B42: Capitation
B44: Primary Care Incentive Programs | E44: =(1+C44)*(1+D44)-1 -> 0 | G44: =IF(ABS(E44-'3a. PC % Spend All Members'!E51)<Lookup!$C$40,"",Lookup!$B$36) | K44: =(1+I44)*(1+J44)-1 -> 0 | M44: =IF(ABS(K44-'3a. PC % Spend All Members'!M51)<Lookup!$C$40,"",Lookup!$B$37)
B45: Incentive Programs for Services Other than Primary Care | E45: =(1+C45)*(1+D45)-1 -> 0 | G45: =IF(ABS(E45-'3a. PC % Spend All Members'!E52)<Lookup!$C$40,"",Lookup!$B$36) | K45: =(1+I45)*(1+J45)-1 -> 0 | M45: =IF(ABS(K45-'3a. PC % Spend All Members'!M52)<Lookup!$C$40,"",Lookup!$B$37)
B46: Primary Care Capitatation | E46: =(1+C46)*(1+D46)-1 -> 0 | G46: =IF(ABS(E46-'3a. PC % Spend All Members'!E53)<Lookup!$C$40,"",Lookup!$B$36) | K46: =(1+I46)*(1+J46)-1 -> 0 | M46: =IF(ABS(K46-'3a. PC % Spend All Members'!M53)<Lookup!$C$40,"",Lookup!$B$37)
B47: Capitation for Services Other than Primary Care | E47: =(1+C47)*(1+D47)-1 -> 0 | G47: =IF(ABS(E47-'3a. PC % Spend All Members'!E54)<Lookup!$C$40,"",Lookup!$B$36) | K47: =(1+I47)*(1+J47)-1 -> 0 | M47: =IF(ABS(K47-'3a. PC % Spend All Members'!M54)<Lookup!$C$40,"",Lookup!$B$37)
B48: Risk Settlements (Net) to Support Primary Care Services | E48: =(1+C48)*(1+D48)-1 -> 0 | G48: =IF(ABS(E48-'3a. PC % Spend All Members'!E55)<Lookup!$C$40,"",Lookup!$B$36) | K48: =(1+I48)*(1+J48)-1 -> 0 | M48: =IF(ABS(K48-'3a. PC % Spend All Members'!M55)<Lookup!$C$40,"",Lookup!$B$37)
B49: Risk Settlements (Net) to Support Services Other than Primary Care | E49: =(1+C49)*(1+D49)-1 -> 0 | G49: =IF(ABS(E49-'3a. PC % Spend All Members'!E56)<Lookup!$C$40,"",Lookup!$B$36) | K49: =(1+I49)*(1+J49)-1 -> 0 | M49: =IF(ABS(K49-'3a. PC % Spend All Members'!M56)<Lookup!$C$40,"",Lookup!$B$37)
B50: Primary Care, Care Management | E50: =(1+C50)*(1+D50)-1 -> 0 | G50: =IF(ABS(E50-'3a. PC % Spend All Members'!E57)<Lookup!$C$40,"",Lookup!$B$36) | K50: =(1+I50)*(1+J50)-1 -> 0 | M50: =IF(ABS(K50-'3a. PC % Spend All Members'!M57)<Lookup!$C$40,"",Lookup!$B$37)
B51: Care Management other than for Primary Care | E51: =(1+C51)*(1+D51)-1 -> 0 | G51: =IF(ABS(E51-'3a. PC % Spend All Members'!E58)<Lookup!$C$40,"",Lookup!$B$36) | K51: =(1+I51)*(1+J51)-1 -> 0 | M51: =IF(ABS(K51-'3a. PC % Spend All Members'!M58)<Lookup!$C$40,"",Lookup!$B$37)
B52: Other | E52: =(1+C52)*(1+D52)-1 -> 0 | G52: =IF(ABS(E52-'3a. PC % Spend All Members'!E59)<Lookup!$C$40,"",Lookup!$B$36) | K52: =(1+I52)*(1+J52)-1 -> 0 | M52: =IF(ABS(K52-'3a. PC % Spend All Members'!M59)<Lookup!$C$40,"",Lookup!$B$37)
B53: Other, Non-Primary Care | E53: =(1+C53)*(1+D53)-1 -> 0 | G53: =IF(ABS(E53-'3a. PC % Spend All Members'!E60)<Lookup!$C$40,"",Lookup!$B$36) | K53: =(1+I53)*(1+J53)-1 -> 0 | M53: =IF(ABS(K53-'3a. PC % Spend All Members'!M60)<Lookup!$C$40,"",Lookup!$B$37)
B54: Total Capitation | E54: =(1+C54)*(1+D54)-1 -> 0 | G54: =IF(ABS(E54-'3a. PC % Spend All Members'!E61)<Lookup!$C$40,"",Lookup!$B$36) | K54: =(1+I54)*(1+J54)-1 -> 0 | M54: =IF(ABS(K54-'3a. PC % Spend All Members'!M61)<Lookup!$C$40,"",Lookup!$B$37)
B56: Prescription Drug | E56: =(1+C56)*(1+D56)-1 -> 0 | G56: =IF(ABS(E56-'3a. PC % Spend All Members'!E63)<Lookup!$C$40,"",Lookup!$B$36) | K56: =(1+I56)*(1+J56)-1 -> 0 | M56: =IF(ABS(K56-'3a. PC % Spend All Members'!M63)<Lookup!$C$40,"",Lookup!$B$37)
B58: Total | G58: =IF(ABS(E58-'3a. PC % Spend All Members'!E65)<Lookup!$C$40,"",Lookup!$B$36) | M58: =IF(ABS(K58-'3a. PC % Spend All Members'!M65)<Lookup!$C$40,"",Lookup!$B$37)
B60: Primary Care (Total) | E60: =(1+C60)*(1+D60)-1 -> 0 | G60: =IF(ABS(E60-'3a. PC % Spend All Members'!E71)<Lookup!$C$40,"",Lookup!$B$36) | K60: =(1+I60)*(1+J60)-1 -> 0 | M60: =IF(ABS(K60-'3a. PC % Spend All Members'!M71)<Lookup!$C$40,"",Lookup!$B$37)
B61: Note: Total to include all primary care spend (professional, facility, non-claims)

Sheet 5. APMA Fixed Payment Methods
B8: Inpatient | C8: Outpatient
A9: Bayhealth Medical Center
A10: Beebe Healthcare
A11: Christiana Care
A12: Nemours
A13: TidalHealth
A14: Trinity Health (Saint Francis)

Sheet 5a. APMA HCP-LAN
A1: Please Indicate Fully Insured or Fully Insured and Self Insured
A2: Please Report all Market Segments Combined | C2: HISTORICAL | I2: PROJECTED
C4: 2022 | E4: 2023 | G4: 2024 | I4: 2025 | K4: 2026
B6: Member Months (Required)
B7: Total Allowed Medical Expense All Services (Required)
B8: TME PMPM | C8: =IF(C6=0,0,C7/C6) -> 0 | E8: =IF(E6=0,0,E7/E6) -> 0 | G8: =IF(G6=0,0,G7/G6) -> 0 | I8: =IF(I6=0,0,I7/I6) -> 0 | K8: =IF(K6=0,0,K7/K6) -> 0
C9: =IF(OR(C7-'3a. PC % Spend All Members'!E28>0,C7-'3a. PC % Spend All Members'!E28<0),"ERROR","CHECK") -> CHECK | E9: =IF(OR(E7-'3a. PC % Spend All Members'!M28>0,E7-'3a. PC % Spend All Members'!M28<0),"ERROR","CHECK") -> CHECK | G9: =IF(OR(G7-'3a. PC % Spend All Members'!W28>0,G7-'3a. PC % Spend All Members'!W28<0),"ERROR","CHECK") -> CHECK | I9: =IF(OR(I7-'3a. PC % Spend All Members'!C65>0,I7-'3a. PC % Spend All Members'!C65<0),"ERROR","CHECK") -> CHECK | K9: =IF(OR(K7-'3a. PC % Spend All Members'!K65>0,K7-'3a. PC % Spend All Members'!K65<0),"ERROR","CHECK") -> CHECK
C11: 2022 | E11: 2023 | G11: 2024 | I11: 2025 | K11: 2026
C12: Total Medical Expense All Services | E12: Total Medical Expense All Services | G12: Total Medical Expense All Services | I12: Total Medical Expense All Services | K12: Total Medical Expense All Services
B13: LAN Cat 1: Fee For Service - No Link to Quality & Value | C13: 0 | E13: 0 | G13: 0 | I13: 0 | K13: 0
B14: LAN Cat 2-A: Payments for Infrastructure & Operations | C14: 0 | E14: 0 | G14: 0 | I14: 0 | K14: 0
B15: LAN Cat 2-B: Pay for Reporting | C15: 0 | E15: 0 | G15: 0 | I15: 0 | K15: 0
B16: LAN Cat 2-C: Pay for Performance | C16: 0 | E16: 0 | G16: 0 | I16: 0 | K16: 0
B17: LAN Cat 3-A: APMs with Shared Savings | C17: 0 | E17: 0 | G17: 0 | I17: 0 | K17: 0
B18: LAN Cat 3-B: APMs with Shared Savings and Downside Risk | C18: 0 | E18: 0 | G18: 0 | I18: 0 | K18: 0
B19: LAN Cat 4-A: Condition-Specific Population-Based Payment | C19: 0 | E19: 0 | G19: 0 | I19: 0 | K19: 0
B20: LAN Cat 4-B: Comprehensive Population-Based Payment | C20: 0 | E20: 0 | G20: 0 | I20: 0 | K20: 0
B21: LAN Cat 4-C: Integrated Finance & Delivery System | C21: 0 | E21: 0 | G21: 0 | I21: 0 | K21: 0
B22: Total Medical Expense All Services | C22: =SUM(C13:C21) -> 0 | E22: =SUM(E13:E21) -> 0 | G22: =SUM(G13:G21) -> 0 | I22: =SUM(I13:I21) -> 0 | K22: =SUM(K13:K21) -> 0
C23: =IF(OR(C7-C22>0,C7-C22<0),"ERROR","CHECK") -> CHECK | E23: =IF(OR(E7-E22>0,E7-E22<0),"ERROR","CHECK") -> CHECK | G23: =IF(OR(G7-G22>0,G7-G22<0),"ERROR","CHECK") -> CHECK | I23: =IF(OR(I7-I22>0,I7-I22<0),"ERROR","CHECK") -> CHECK | K23: =IF(OR(K7-K22>0,K7-K22<0),"ERROR","CHECK") -> CHECK
C25: 2022 | E25: 2023 | G25: 2024 | I25: 2025 | K25: 2026
C26: % of Total Medical Expense | E26: % of Total Medical Expense | G26: % of Total Medical Expense | I26: % of Total Medical Expense | K26: % of Total Medical Expense
B27: LAN Cat 1: Fee For Service - No Link to Quality & Value | C27: =IF(C22=0,0,C13/C22) -> 0 | E27: =IF(E22=0,0,E13/E22) -> 0 | G27: =IF(G22=0,0,G13/G22) -> 0 | I27: =IF(I22=0,0,I13/I22) -> 0 | K27: =IF(K22=0,0,K13/K22) -> 0
B28: LAN Cat 2-A: Payments for Infrastructure & Operations | C28: =IF(C22=0,0,C14/C22) -> 0 | E28: =IF(E22=0,0,E14/E22) -> 0 | G28: =IF(G22=0,0,G14/G22) -> 0 | I28: =IF(I22=0,0,I14/I22) -> 0 | K28: =IF(K22=0,0,K14/K22) -> 0
B29: LAN Cat 2-B: Pay for Reporting | C29: =IF(C22=0,0,C15/C22) -> 0 | E29: =IF(E22=0,0,E15/E22) -> 0 | G29: =IF(G22=0,0,G15/G22) -> 0 | I29: =IF(I22=0,0,I15/I22) -> 0 | K29: =IF(K22=0,0,K15/K22) -> 0
B30: LAN Cat 2-C: Pay for Performance | C30: =IF(C22=0,0,C16/C22) -> 0 | E30: =IF(E22=0,0,E16/E22) -> 0 | G30: =IF(G22=0,0,G16/G22) -> 0 | I30: =IF(I22=0,0,I16/I22) -> 0 | K30: =IF(K22=0,0,K16/K22) -> 0
B31: LAN Cat 3-A: APMs with Shared Savings | C31: =IF(C22=0,0,C17/C22) -> 0 | E31: =IF(E22=0,0,E17/E22) -> 0 | G31: =IF(G22=0,0,G17/G22) -> 0 | I31: =IF(I22=0,0,I17/I22) -> 0 | K31: =IF(K22=0,0,K17/K22) -> 0 | M31: =IF((K31+K32)<50%,"NOT COMPLIANT","VALID") -> NOT COMPLIANT
B32: LAN Cat 3-B: APMs with Shared Savings and Downside Risk | C32: =IF(C22=0,0,C18/C22) -> 0 | E32: =IF(E22=0,0,E18/E22) -> 0 | G32: =IF(G22=0,0,G18/G22) -> 0 | I32: =IF(I22=0,0,I18/I22) -> 0 | K32: =IF(K22=0,0,K18/K22) -> 0 | M32: =IF(K32<25%,"NOT COMPLIANT","VALID") -> NOT COMPLIANT
B33: LAN Cat 4-A: Condition-Specific Population-Based Payment | C33: =IF(C22=0,0,C19/C22) -> 0 | E33: =IF(E22=0,0,E19/E22) -> 0 | G33: =IF(G22=0,0,G19/G22) -> 0 | I33: =IF(I22=0,0,I19/I22) -> 0 | K33: =IF(K22=0,0,K19/K22) -> 0
B34: LAN Cat 4-B: Comprehensive Population-Based Payment | C34: =IF(C22=0,0,C20/C22) -> 0 | E34: =IF(E22=0,0,E20/E22) -> 0 | G34: =IF(G22=0,0,G20/G22) -> 0 | I34: =IF(I22=0,0,I20/I22) -> 0 | K34: =IF(K22=0,0,K20/K22) -> 0
B35: LAN Cat 4-C: Integrated Finance & Delivery System | C35: =IF(C22=0,0,C21/C22) -> 0 | E35: =IF(E22=0,0,E21/E22) -> 0 | G35: =IF(G22=0,0,G21/G22) -> 0 | I35: =IF(I22=0,0,I21/I22) -> 0 | K35: =IF(K22=0,0,K21/K22) -> 0
B36: Total Medical Expense All Services | C36: =SUM(C27:C35) -> 0 | E36: =SUM(E27:E35) -> 0 | G36: =SUM(G27:G35) -> 0 | I36: =SUM(I27:I35) -> 0 | K36: =SUM(K27:K35) -> 0
B41: Please complete the table below for each shared savings contract included as part of rows 16 and 17 and rows 30 and 31 | C41: 2022 | E41: 2023 | G41: 2024 | I41: 2025 | K41: 2026
B43: Shared Savings % Allocated to Provider | C43: 0 | E43: 0 | G43: 0 | I43: 0 | K43: 0
B44: Shared Savings % Allocated to Carrier | C44: 0 | E44: 0 | G44: 0 | I44: 0 | K44: 0
B45: Shared Losses % Allocated to Provider | C45: 0 | E45: 0 | G45: 0 | I45: 0 | K45: 0
B46: Shared Losses % Allocated to Carrier | C46: 0 | E46: 0 | G46: 0 | I46: 0 | K46: 0
B47: Savings Cap for Provider | C47: 0 | E47: 0 | G47: 0 | I47: 0 | K47: 0
B48: Losses Cap for Provider | C48: 0 | E48: 0 | G48: 0 | I48: 0 | K48: 0

Sheet 6. Demographic Information
B1: Please Indicate Market Segment:
D3: Section A. All Members in Delaware-Situs Plans | J3: Section B. Delaware Residents in Delaware-Situs Plans
D4: Member Months for All Members Enrolled in Fully-Insured Delaware-Situs Plans 3/31/2024 - 3/31/2025 | J4: Member Months for Delaware Residents Enrolled in Fully-Insured Delaware-Situs Plans 3/31/2024 - 3/31/2025
D5: Age Cohort (Years) | E5: Male | F5: Female | G5: Other/Unknown | H5: Total | J5: Age Cohort (Years) | K5: Male | L5: Female | M5: Other/Unknown | N5: Total
D6: 0-9 | H6: =SUM(E6:G6) -> 0 | J6: 0-9 | N6: =SUM(K6:M6) -> 0 | O6: =IF(OR(K6>E6,L6>F6,M6>G6),Lookup!$B$19,"")
D7: 10-19 | H7: =SUM(E7:G7) -> 0 | J7: 10-19 | N7: =SUM(K7:M7) -> 0 | O7: =IF(OR(K7>E7,L7>F7,M7>G7),Lookup!$B$19,"")
D8: 20-29 | H8: =SUM(E8:G8) -> 0 | J8: 20-29 | N8: =SUM(K8:M8) -> 0 | O8: =IF(OR(K8>E8,L8>F8,M8>G8),Lookup!$B$19,"")
D9: 30-39 | H9: =SUM(E9:G9) -> 0 | J9: 30-39 | N9: =SUM(K9:M9) -> 0 | O9: =IF(OR(K9>E9,L9>F9,M9>G9),Lookup!$B$19,"")
D10: 40-49 | H10: =SUM(E10:G10) -> 0 | J10: 40-49 | N10: =SUM(K10:M10) -> 0 | O10: =IF(OR(K10>E10,L10>F10,M10>G10),Lookup!$B$19,"")
D11: 50-59 | H11: =SUM(E11:G11) -> 0 | J11: 50-59 | N11: =SUM(K11:M11) -> 0 | O11: =IF(OR(K11>E11,L11>F11,M11>G11),Lookup!$B$19,"")
D12: 60-69 | H12: =SUM(E12:G12) -> 0 | J12: 60-69 | N12: =SUM(K12:M12) -> 0 | O12: =IF(OR(K12>E12,L12>F12,M12>G12),Lookup!$B$19,"")
D13: 70+ | H13: =SUM(E13:G13) -> 0 | J13: 70+ | N13: =SUM(K13:M13) -> 0 | O13: =IF(OR(K13>E13,L13>F13,M13>G13),Lookup!$B$19,"")
D14: Total (all Ages) | E14: =SUM(E6:E13) -> 0 | F14: =SUM(F6:F13) -> 0 | G14: =SUM(G6:G13) -> 0 | H14: =SUM(E14:G14) -> 0 | J14: Total (all Ages) | K14: =SUM(K6:K13) -> 0 | L14: =SUM(L6:L13) -> 0 | M14: =SUM(M6:M13) -> 0 | N14: =SUM(K14:M14) -> 0 | O14: =IF(OR(K14>E14,L14>F14,M14>G14),Lookup!$B$19,"")

Sheet 7. Notes
A1: Delaware Affordability Standards Notes
A2: Notes
A5: 3 & 3a. Primary Care % Spend Attributed and All Members; 4. Non-Professional Price Growth | B5: Please provide information on why payments reported here may not match payments submitted for the same categories in the URRT.
B8: Please provide information on whether your organization pays facility fees in addition to professional fees for professional services delivered in a care setting owned by a health system.
A11: 4. Non-Professional Price Growth | B11: Please confirm if the reported price trend is the anticipated change in negotiated rate. If the price trend is different please describe how it is different.
B22: Please confirm whether this is what is typically reported in the URRT's "Cost Trend" column. If the URRT's "Cost Trend" is different please specify how it is different.
B33: Please explain how these price trends are reflected in your premium rates.
A38: IV. Additional Notes

Sheet 8. App A - PC CPTs
A1: Code | B1: Description
A2: 10040 | B2: Acne surgery
A3: 10060 | B3: Drainage Of Skin Abscess Simple
A4: 10061 | B4: Drainage Of Skin Abscess Complicated
A5: 10080 | B5: Drainage Of Pilonidal Cyst Simple
A6: 10081 | B6: Drainage of pilonidal cyst, complicated
A7: 10120 | B7: Remove Foreign Body Simple
A8: 10121 | B8: Remove Foreign Body Complicated
A9: 10140 | B9: Drainage of hematoma/fluid
A10: 10160 | B10: Puncture Drainage Of Lesion
A11: 10180 | B11: Complex drainage wound
A12: 11000 | B12: Debride Infected Skin
A13: 11055 | B13: Trim Skin Lesion Single
... A383: 99506 | B383: Home Visit For Intramuscular Injections
A384: 1000F | B384: Tobacco Use Assessed
A385: 1220F | B385: Pt Screened For Depression
A386: 3016F | B386: Pt Screened For Unhlthy Alcohol Use
A387: 3085F | B387: Suicide Risk Assessed
A388: 4004F | B388: Pt Tobacco Screen And Cessation Intervention
A389: 4290F | B389: Pt Screened For Injection Drug Use (Hiv)
A390: 4293F | B390: Pt Screened For High Risk Sexual Behavior (Hiv)
A391: G0008 | B391: Admin Influenza Virus Vaccine
A392: G0009 | B392: Admin Pneumococcal Vaccine
A393: G0010 | B393: Admin Hepatitis B Vaccine
A394: G0019 | B394: Comm hlth intg svs sdoh 60mn
A395: G0022 | B395: Comm hlth intg svs add 30 m
... A488: T1015 | B488: Clinic Service All-Inclusive

Sheet 9. App B - PC Taxonomy
A1: Taxonomy Code Description | B1: Taxonomy Code
A2: Licensed Clinical Social Worker | B2: 1041C0700X
A3: Nurse, non-practitioner | B3: 163W00000X
A4: Community Health Worker | B4: 172V00000X
A5: Pharmacist | B5: 183500000X
A6: Pharmacist Clinician (PhC)/ Clinical Pharmacy Specialist | B6: 1835P0018X
A7: Family Medicine | B7: 207Q00000X
A8: Family Medicine, Adult Medicine | B8: 207QA0505X
A9: Family Medicine, Geriatric Medicine | B9: 207QG0300X
A10: Internal Medicine | B10: 207R00000X
A11: Internal Medicine, Geriatric Medicine | B11: 207RG0300X
A12: Pediatrics | B12: 208000000X
... A32: Clinical Nurse Specialist -Pediatrics | B32: 364SP0200X

Sheet 10. App C - PC POS
A1: Place of Service Code Description | B1: Place of Service Code
A2: Telehealth Provided Other than in Patient’s Home | B2: 2
A3: School | B3: 3
A4: Homeless Shelter | B4: 4
A5: Telehealth Provided in Patient’s Home | B5: 10
A6: Office | B6: 11
A7: Home | B7: 12
A8: Assisted Living Facility | B8: 13
A9: Group Home | B9: 14
A10: Mobile Unit | B10: 15
A11: Walk-In Retail Clinic | B11: 17
A12: Place of Employment – Worksite | B12: 18
A13: Urgent Care Facility | B13: 20
... A20: Rural Health Clinic | B20: 72
